Workbook

Sheet PROCEDIMIENTOS
A1: Procedimientos
A2: Datos PROVEEDOR
A3: 1 | B3: Proveedor | C3: Detallar Proveedor mas en parentesis codigo proveedor. Ejemplo Apolo Import (29)
A4: Datos SKUS (Registrar los datos correctos del SKUs)
A5: =+A3+1 -> 2 | B5: Código Interno | C5: Detallar Código Interno
A6: =+A5+1 -> 3 | B6: Código Barras | C6: Detallar Código de Barras
A7: =+A6+1 -> 4 | B7: Descripción Producto | C7: Detallar el Producto según CATASTRO
A8: Datos STOCK
A9: =+A7+1 -> 5 | B9: ABASTO | C9: Detallar STOCK de la Sucursal ABASTO
A10: 6 | B10: MARIANO | C10: Detallar STOCK de la Sucursal MARIANO
A11: 7 | B11: CAPIATA
A12: 8 | B12: LUQUE
A13: Datos del Costo-Precio actual.
A14: 9 | B14: Costo | C14: Detallar Costo actual
A15: =+A14+1 -> 10 | B15: PVP MIN | C15: Detallar Precio Minorista
A16: =+A15+1 -> 11 | B16: Mg MIN | C16: Margen Minorista - COLUMNA FORMULADA
A18: =+A16+1 -> 12 | B18: PVP MAY | C18: Detallar Precio Mayorista
A19: =+A18+1 -> 13 | B19: Mg May | C19: Margen Mayorista - COLUMNA FORMULADA
A20: =+A19+1 -> 14 | B20: Cant May | C20: Detallar Cantidad para el descuento en el Mayorista
A22: =+A20+1 -> 15 | B22: PVP DIST | C22: Detallar Precio DISTRIBUIDOR
A23: =+A22+1 -> 16 | B23: Mg May | C23: Margen DISTRIBUIDOR - COLUMNA FORMULADA
A24: =+A23+1 -> 17 | B24: Cant DIST | C24: Detallar Cantidad para el descuento en el DISTRIBUIDOR
A25: OFERTA a ser APLICADA
A26: 18 | B26: PVP MIN | C26: Detallar Precio MINORISTA
A27: 19 | B27: Mg MIN | C27: Margen Minorista - COLUMNA FORMULADA
A29: 20 | B29: PVP MAY | C29: Detallar Precio MAYORISTA - Segundo Precio
A30: 21 | B30: Mg May | C30: Margen Mayorista - COLUMNA FORMULADA
A31: 22 | B31: Cant May | C31: Detallar Cantidad para el descuento en el Mayorista
A33: 23 | B33: PVP DIST | C33: Detallar Precio DISTRIBUIDOR - Tercer Precio
A34: 24 | B34: Mg DIST | C34: Margen Distribuidor - COLUMNA FORMULADA
A35: 25 | B35: Cant DIST | C35: Detallar Cantidad para el descuento en el Distribuidor
A38: RECONOCIMIENTO
A39: 26 | B39: COSTO o VENTA | C39: Detallar si el descuento a reconocer sera por COSTO o VENTA.
A40: 27 | B40: % | C40: En caso que el Proveedor menciona % de descuento detallar, calcular en la siguiente columna valor a reconocer.
A41: 28 | B41: VALOR A RECONOCER | C41: Detallar el valor a reconocer por cada SKUs.
A43: IMPLANTACION
A44: 29 | B44: PUBLICADA | C44: Detallar publicación con un SI o NO.
A45: 30 | B45: ESPACIO | C45: Detallar GONDOLA / ISLA
A46: 31 | B46: CARTELERIA | C46: Determinar la implantación CARTELERIA o SEÑALIZACIONES
C47: Organizar los espacios en cartelería, no ser mayor a dos carteles por módulo.
C48: Priorizar los SKUs por vencimiento corto, y en caso de fin de semana los SKUs destacados en redes
A50: SUCURSAL A SER APLICADA
A51: 32 | B51: MARIANO | C51: Detalla con SI o NO - En cada sucursal No dejar las columnas en blanco
A52: 33 | B52: ABASTO
A53: 34 | B53: CR1
A54: 35 | B54: LUQUE
A56: VIGENCIA DE LA OFERTA
A57: 36 | B57: INICIA | C57: Detallar día inicio de la Oferta
A58: 37 | B58: FINALIZA | C58: Detallar día final de la Oferta
A60: MOTIVO DE LA OFERTA
A61: 38 | B61: MOTIVO OFERTA | C61: EN LA COLUMNA DESCRIBIR EL MOTIVO DE LA OFERTA
C62: Ejemplos: POR BAJA ROTACIÓN, POR ACCION DEL PROVEEDOR, POR VENCIMIENTO CORTO
C63: Cuando es por VENCIMIENTO CORTO realizaremos el cierre por el TOTAL del STOCK,
C64: aunque no se halla vendido todo.
A66: Numero de OFERTA
A67: 39 | B67: Numero Oferta | C67: Detallar numero de oferta.

Sheet ACCION MKT
A1: Seleccionar de BASE | D1: FORMULADO | Q1: PROPUESTA | Z1: Completar | AA1: Completar | AB1: Formulado | AC1: Formulado | AD1: Formulado | AH1: Completar | AL1: Completar | AZ1: Formulado
A2: TIPO ACCION | C2: AHORRO FINDE | D2: COSTO / PVP ACTUAL | Q2: OFERTA | AA2: RECONOCIMIENTO | AD2: PROYECCION / INVERSION | AH2: OBSERVACIONES | AL2: COMPETENCIA | AZ2: STOCK ACTUAL
A3: COD INT | B3: CODIGO BARRAS | C3: DESCRIPCIÓN PRODUCTO | D3: COSTO MATRIZ | E3: COSTO PROM | F3: PVP MIN | G3: M.U% | H3: M.D% | I3: PVP MAY | J3: UDES MAY | K3: M.U% | L3: M.D% | M3: PVP DIST. | N3: UDES DIST | O3: M.U% | P3: M.D% | Q3: PVP MIN | R3: M.U% | S3: MD% | T3: PVP MAY | U3: UDES MAY | V3: M.U% | W3: PVP DIST. | X3: UDES DIST | Y3: M.U% | AA3: PROV INV PROV | AB3: IA INV ADIC | AC3: IP INV PROPIA | AD3: UND MES | AE3: PROY UNID | AF3: VENTA | AG3: INVERSION | AH3: ACTIVADO NO ACTIVO | AI3: MOD PVP | AJ3: #TALON | AK3: Vigencia | AL3: SUPERMAS | AO3: SAN CAYETANO | AR3: FORTIS | AU3: MODERNO | AW3: FARMACIA | AZ3: AB | BA3: MRA | BB3: CR1 | BC3: LUQ | BD3: ARA | BE3: MOG
A4: BEBIDAS | AA4: 1 | AB4: 2 | AC4: 3 | AD4: Dias INV | AE4: 3 | AG4: =SUM(AG5:AG34) -> 276825 | AL4: PVP MIN | AM4: PVP MAY | AN4: OFERTA | AO4: PVP MIN | AP4: PVP MAY | AQ4: OFERTA | AR4: PVP MIN | AS4: PVP MAY | AT4: OFERTA | AU4: PVP | AV4: OFERTA
A5: 37599 | B5: 7840138001196 | C5: RON BLANCO 475ml FORTIN | D5: =IFERROR(VLOOKUP($A5,LP!$B:$AV,47,FALSE)," ") -> 11627 | E5: =IFERROR(VLOOKUP($A5,LP!$B:$AW,48,FALSE)," ") -> 11627 | F5: =IFERROR(VLOOKUP($A5,LP!$B:$AX,49,FALSE)," ") -> 13900 | G5: =+IFERROR((F5/D5-1)," ") -> 0.19549325 | H5: =IFERROR(((F5-D5)/F5)," ") -> 0.16352518 | I5: =IFERROR(VLOOKUP($A5,LP!$B:$BA,52,FALSE)," ") -> 13500 | J5: =IFERROR(VLOOKUP($A5,LP!$B:$BB,53,FALSE)," ") -> 6 | K5: =+IFERROR((I5/D5-1)," ") -> 0.16109057 | L5: =IFERROR((I5-D5)/I5," ") -> 0.13874074 | M5: =IFERROR(VLOOKUP($A5,LP!$B:$BE,56,FALSE)," ") -> 13250 | N5: =IFERROR(VLOOKUP($A5,LP!$B:$BF,57,FALSE)," ") -> 12 | O5: =IFERROR(+M5/D5-1," ") -> 0.13958889 | P5: =IFERROR((M5-D5)/M5," ") -> 0.12249057 | Q5: 12900 | R5: =IFERROR((+(Q5+AA5)/D5-1)," ") -> 0.15248989 | S5: =+IFERROR(((Q5+AA5)/E5-1)," ") -> 0.15248989 | V5: =+(T5+AA5)/D5-1 -> -0.95699665 | Y5: =+(W5+AA5)/D5-1 -> -0.95699665 | Z5: 2 | AA5: 500 | AB5: =IF(Z5=2,(F5-Q5-AA5),IF(Z5=1,0,IF(Z5=3,0,IF(Z5=0," ")))) -> 500 | AC5: =IF(Z5=3,F5-Q5,IF(Z5=1,0,IF(Z5=2,0,IF(Z5=0," ")))) -> 0 | AD5: =IFERROR(VLOOKUP(A5,LP!$B:$BI,60,FALSE)," ") -> 22 | AE5: =+IFERROR(((AD5/30)*1.5)*AE$4," ") -> 3.3 | AF5: =+IFERROR((AE5*Q5)," ") -> 42570 | AG5: =+IFERROR((AC5+AB5)*AE5," ") -> 1650 | AH5: NO ACTIVO | AI5: NO | AZ5: =IFERROR(VLOOKUP($A5,STOCK!$A:$C,3,FALSE)," ") -> 6 | BA5: =IFERROR(VLOOKUP($A5,STOCK!$A:$D,4,FALSE)," ") -> 10 | BB5: =IFERROR(VLOOKUP($A5,STOCK!$A:$E,5,FALSE)," ") -> 5 | BC5: =IFERROR(VLOOKUP(A5,STOCK!$A:$F,6,FALSE)," ") -> 4 | BD5: =IFERROR(VLOOKUP(A5,STOCK!$A:$G,7,FALSE)," ") -> 9 | BE5: =IFERROR(VLOOKUP(A5,STOCK!$A:$H,8,FALSE)," ") -> 12
A6: 37601 | B6: 7840138001202 | C6: RON CANELA 475ml FORTIN | D6: =IFERROR(VLOOKUP($A6,LP!$B:$AV,47,FALSE)," ") -> 11627 | E6: =IFERROR(VLOOKUP($A6,LP!$B:$AW,48,FALSE)," ") -> 11627 | F6: =IFERROR(VLOOKUP($A6,LP!$B:$AX,49,FALSE)," ") -> 13900 | G6: =+IFERROR((F6/D6-1)," ") -> 0.19549325 | H6: =IFERROR(((F6-D6)/F6)," ") -> 0.16352518 | I6: =IFERROR(VLOOKUP($A6,LP!$B:$BA,52,FALSE)," ") -> 13500 | J6: =IFERROR(VLOOKUP($A6,LP!$B:$BB,53,FALSE)," ") -> 6 | K6: =+IFERROR((I6/D6-1)," ") -> 0.16109057 | L6: =IFERROR((I6-D6)/I6," ") -> 0.13874074 | M6: =IFERROR(VLOOKUP($A6,LP!$B:$BE,56,FALSE)," ") -> 13250 | N6: =IFERROR(VLOOKUP($A6,LP!$B:$BF,57,FALSE)," ") -> 12 | O6: =IFERROR(+M6/D6-1," ") -> 0.13958889 | P6: =IFERROR((M6-D6)/M6," ") -> 0.12249057 | Q6: 12900 | R6: =IFERROR((+(Q6+AA6)/D6-1)," ") -> 0.15248989 | S6: =+IFERROR(((Q6+AA6)/E6-1)," ") -> 0.15248989 | V6: =+(T6+AA6)/D6-1 -> -0.95699665 | Y6: =+(W6+AA6)/D6-1 -> -0.95699665 | Z6: 2 | AA6: 500 | AB6: =IF(Z6=2,(F6-Q6-AA6),IF(Z6=1,0,IF(Z6=3,0,IF(Z6=0," ")))) -> 500 | AC6: =IF(Z6=3,F6-Q6,IF(Z6=1,0,IF(Z6=2,0,IF(Z6=0," ")))) -> 0 | AD6: =IFERROR(VLOOKUP(A6,LP!$B:$BI,60,FALSE)," ") -> 13 | AE6: =+IFERROR(((AD6/30)*1.5)*AE$4," ") -> 1.95 | AF6: =+IFERROR((AE6*Q6)," ") -> 25155 | AG6: =+IFERROR((AC6+AB6)*AE6," ") -> 975 | AH6: ACTIVADO | AI6: NO | AJ6: 12521 | AK6: 45437 | AZ6: =IFERROR(VLOOKUP($A6,STOCK!$A:$C,3,FALSE)," ") -> 58 | BA6: =IFERROR(VLOOKUP($A6,STOCK!$A:$D,4,FALSE)," ") -> 10 | BB6: =IFERROR(VLOOKUP($A6,STOCK!$A:$E,5,FALSE)," ") -> 6 | BC6: =IFERROR(VLOOKUP(A6,STOCK!$A:$F,6,FALSE)," ") -> 32 | BD6: =IFERROR(VLOOKUP(A6,STOCK!$A:$G,7,FALSE)," ") -> 21 | BE6: =IFERROR(VLOOKUP(A6,STOCK!$A:$H,8,FALSE)," ") -> 12
A7: 37597 | B7: 7840138001189 | C7: RON COCO 475ml FORTIN | D7: =IFERROR(VLOOKUP($A7,LP!$B:$AV,47,FALSE)," ") -> 11627 | E7: =IFERROR(VLOOKUP($A7,LP!$B:$AW,48,FALSE)," ") -> 11627 | F7: =IFERROR(VLOOKUP($A7,LP!$B:$AX,49,FALSE)," ") -> 13900 | G7: =+IFERROR((F7/D7-1)," ") -> 0.19549325 | H7: =IFERROR(((F7-D7)/F7)," ") -> 0.16352518 | I7: =IFERROR(VLOOKUP($A7,LP!$B:$BA,52,FALSE)," ") -> 13500 | J7: =IFERROR(VLOOKUP($A7,LP!$B:$BB,53,FALSE)," ") -> 6 | K7: =+IFERROR((I7/D7-1)," ") -> 0.16109057 | L7: =IFERROR((I7-D7)/I7," ") -> 0.13874074 | M7: =IFERROR(VLOOKUP($A7,LP!$B:$BE,56,FALSE)," ") -> 13250 | N7: =IFERROR(VLOOKUP($A7,LP!$B:$BF,57,FALSE)," ") -> 12 | O7: =IFERROR(+M7/D7-1," ") -> 0.13958889 | P7: =IFERROR((M7-D7)/M7," ") -> 0.12249057 | Q7: 12900 | R7: =IFERROR((+(Q7+AA7)/D7-1)," ") -> 0.15248989 | S7: =+IFERROR(((Q7+AA7)/E7-1)," ") -> 0.15248989 | Z7: 2 | AA7: 500 | AB7: =IF(Z7=2,(F7-Q7-AA7),IF(Z7=1,0,IF(Z7=3,0,IF(Z7=0," ")))) -> 500 | AC7: =IF(Z7=3,F7-Q7,IF(Z7=1,0,IF(Z7=2,0,IF(Z7=0," ")))) -> 0 | AD7: =IFERROR(VLOOKUP(A7,LP!$B:$BI,60,FALSE)," ") -> 61 | AE7: =+IFERROR(((AD7/30)*1.5)*AE$4," ") -> 9.15 | AF7: =+IFERROR((AE7*Q7)," ") -> 118035 | AG7: =+IFERROR((AC7+AB7)*AE7," ") -> 4575 | AH7: ACTIVADO | AI7: SI | AJ7: 12521 | AK7: 45442 | AZ7: =IFERROR(VLOOKUP($A7,STOCK!$A:$C,3,FALSE)," ") -> 17 | BA7: =IFERROR(VLOOKUP($A7,STOCK!$A:$D,4,FALSE)," ") -> 15 | BB7: =IFERROR(VLOOKUP($A7,STOCK!$A:$E,5,FALSE)," ") -> 1 | BC7: =IFERROR(VLOOKUP(A7,STOCK!$A:$F,6,FALSE)," ") -> 5 | BD7: =IFERROR(VLOOKUP(A7,STOCK!$A:$G,7,FALSE)," ") -> 23 | BE7: =IFERROR(VLOOKUP(A7,STOCK!$A:$H,8,FALSE)," ") -> 10
A8: 37600 | B8: 7840138001264 | C8: RON COCTEL FRUTOS ROJOS 475ml FORTIN | D8: =IFERROR(VLOOKUP($A8,LP!$B:$AV,47,FALSE)," ") -> 11627 | E8: =IFERROR(VLOOKUP($A8,LP!$B:$AW,48,FALSE)," ") -> 11627 | F8: =IFERROR(VLOOKUP($A8,LP!$B:$AX,49,FALSE)," ") -> 13900 | G8: =+IFERROR((F8/D8-1)," ") -> 0.19549325 | H8: =IFERROR(((F8-D8)/F8)," ") -> 0.16352518 | I8: =IFERROR(VLOOKUP($A8,LP!$B:$BA,52,FALSE)," ") -> 13500 | J8: =IFERROR(VLOOKUP($A8,LP!$B:$BB,53,FALSE)," ") -> 6 | K8: =+IFERROR((I8/D8-1)," ") -> 0.16109057 | L8: =IFERROR((I8-D8)/I8," ") -> 0.13874074 | M8: =IFERROR(VLOOKUP($A8,LP!$B:$BE,56,FALSE)," ") -> 13250 | N8: =IFERROR(VLOOKUP($A8,LP!$B:$BF,57,FALSE)," ") -> 12 | O8: =IFERROR(+M8/D8-1," ") -> 0.13958889 | P8: =IFERROR((M8-D8)/M8," ") -> 0.12249057 | Q8: 12900 | R8: =IFERROR((+(Q8+AA8)/D8-1)," ") -> 0.15248989 | S8: =+IFERROR(((Q8+AA8)/E8-1)," ") -> 0.15248989 | Z8: 2 | AA8: 500 | AB8: =IF(Z8=2,(F8-Q8-AA8),IF(Z8=1,0,IF(Z8=3,0,IF(Z8=0," ")))) -> 500 | AC8: =IF(Z8=3,F8-Q8,IF(Z8=1,0,IF(Z8=2,0,IF(Z8=0," ")))) -> 0 | AD8: =IFERROR(VLOOKUP(A8,LP!$B:$BI,60,FALSE)," ") -> 221 | AE8: =+IFERROR(((AD8/30)*1.5)*AE$4," ") -> 33.15 | AF8: =+IFERROR((AE8*Q8)," ") -> 427635 | AG8: =+IFERROR((AC8+AB8)*AE8," ") -> 16575 | AZ8: =IFERROR(VLOOKUP($A8,STOCK!$A:$C,3,FALSE)," ") -> 12 | BA8: =IFERROR(VLOOKUP($A8,STOCK!$A:$D,4,FALSE)," ") -> 6 | BB8: =IFERROR(VLOOKUP($A8,STOCK!$A:$E,5,FALSE)," ") -> 21 | BC8: =IFERROR(VLOOKUP(A8,STOCK!$A:$F,6,FALSE)," ") -> 7 | BD8: =IFERROR(VLOOKUP(A8,STOCK!$A:$G,7,FALSE)," ") -> 39 | BE8: =IFERROR(VLOOKUP(A8,STOCK!$A:$H,8,FALSE)," ") -> 0
A9: 37598 | B9: 7840138001172 | C9: RON LIMON 475ml FORTIN | D9: =IFERROR(VLOOKUP($A9,LP!$B:$AV,47,FALSE)," ") -> 11627 | E9: =IFERROR(VLOOKUP($A9,LP!$B:$AW,48,FALSE)," ") -> 11627 | F9: =IFERROR(VLOOKUP($A9,LP!$B:$AX,49,FALSE)," ") -> 13900 | G9: =+IFERROR((F9/D9-1)," ") -> 0.19549325 | H9: =IFERROR(((F9-D9)/F9)," ") -> 0.16352518 | I9: =IFERROR(VLOOKUP($A9,LP!$B:$BA,52,FALSE)," ") -> 13500 | J9: =IFERROR(VLOOKUP($A9,LP!$B:$BB,53,FALSE)," ") -> 6 | K9: =+IFERROR((I9/D9-1)," ") -> 0.16109057 | L9: =IFERROR((I9-D9)/I9," ") -> 0.13874074 | M9: =IFERROR(VLOOKUP($A9,LP!$B:$BE,56,FALSE)," ") -> 13250 | N9: =IFERROR(VLOOKUP($A9,LP!$B:$BF,57,FALSE)," ") -> 12 | O9: =IFERROR(+M9/D9-1," ") -> 0.13958889 | P9: =IFERROR((M9-D9)/M9," ") -> 0.12249057 | Q9: 12900 | R9: =IFERROR((+(Q9+AA9)/D9-1)," ") -> 0.15248989 | S9: =+IFERROR(((Q9+AA9)/E9-1)," ") -> 0.15248989 | Z9: 2 | AA9: 500 | AB9: =IF(Z9=2,(F9-Q9-AA9),IF(Z9=1,0,IF(Z9=3,0,IF(Z9=0," ")))) -> 500 | AC9: =IF(Z9=3,F9-Q9,IF(Z9=1,0,IF(Z9=2,0,IF(Z9=0," ")))) -> 0 | AD9: =IFERROR(VLOOKUP(A9,LP!$B:$BI,60,FALSE)," ") -> 50 | AE9: =+IFERROR(((AD9/30)*1.5)*AE$4," ") -> 7.5 | AF9: =+IFERROR((AE9*Q9)," ") -> 96750 | AG9: =+IFERROR((AC9+AB9)*AE9," ") -> 3750 | AZ9: =IFERROR(VLOOKUP($A9,STOCK!$A:$C,3,FALSE)," ") -> 45 | BA9: =IFERROR(VLOOKUP($A9,STOCK!$A:$D,4,FALSE)," ") -> 11 | BB9: =IFERROR(VLOOKUP($A9,STOCK!$A:$E,5,FALSE)," ") -> 8 | BC9: =IFERROR(VLOOKUP(A9,STOCK!$A:$F,6,FALSE)," ") -> 12 | BD9: =IFERROR(VLOOKUP(A9,STOCK!$A:$G,7,FALSE)," ") -> 9 | BE9: =IFERROR(VLOOKUP(A9,STOCK!$A:$H,8,FALSE)," ") -> 11
A10: 3473 | B10: 7840138000199 | C10: RON BLANCO 750ml FORTIN | D10: =IFERROR(VLOOKUP($A10,LP!$B:$AV,47,FALSE)," ") -> 14500 | E10: =IFERROR(VLOOKUP($A10,LP!$B:$AW,48,FALSE)," ") -> 14500 | F10: =IFERROR(VLOOKUP($A10,LP!$B:$AX,49,FALSE)," ") -> 16900 | G10: =+IFERROR((F10/D10-1)," ") -> 0.16551724 | H10: =IFERROR(((F10-D10)/F10)," ") -> 0.14201183 | I10: =IFERROR(VLOOKUP($A10,LP!$B:$BA,52,FALSE)," ") -> 16500 | J10: =IFERROR(VLOOKUP($A10,LP!$B:$BB,53,FALSE)," ") -> 3 | K10: =+IFERROR((I10/D10-1)," ") -> 0.13793103 | L10: =IFERROR((I10-D10)/I10," ") -> 0.12121212 | M10: =IFERROR(VLOOKUP($A10,LP!$B:$BE,56,FALSE)," ") -> 15900 | N10: =IFERROR(VLOOKUP($A10,LP!$B:$BF,57,FALSE)," ") -> 6 | O10: =IFERROR(+M10/D10-1," ") -> 0.096551723 | P10: =IFERROR((M10-D10)/M10," ") -> 0.088050313 | Q10: 15900 | R10: =IFERROR((+(Q10+AA10)/D10-1)," ") -> 0.16551724 | S10: =+IFERROR(((Q10+AA10)/E10-1)," ") -> 0.16551726 | V10: =+(T10+AA10)/D10-1 -> -0.93103448 | Y10: =+(W10+AA10)/D10-1 -> -0.93103448 | Z10: 1 | AA10: 1000 | AB10: =IF(Z10=2,(F10-Q10-AA10),IF(Z10=1,0,IF(Z10=3,0,IF(Z10=0," ")))) -> 0 | AC10: =IF(Z10=3,F10-Q10,IF(Z10=1,0,IF(Z10=2,0,IF(Z10=0," ")))) -> 0 | AD10: =IFERROR(VLOOKUP(A10,LP!$B:$BI,60,FALSE)," ") -> 205 | AE10: =+IFERROR(((AD10/30)*1.5)*AE$4," ") -> 30.75 | AF10: =+IFERROR((AE10*Q10)," ") -> 488925 | AG10: =+IFERROR((AC10+AB10)*AE10," ") -> 0 | AZ10: =IFERROR(VLOOKUP($A10,STOCK!$A:$C,3,FALSE)," ") -> 66 | BA10: =IFERROR(VLOOKUP($A10,STOCK!$A:$D,4,FALSE)," ") -> 0 | BB10: =IFERROR(VLOOKUP($A10,STOCK!$A:$E,5,FALSE)," ") -> 35 | BC10: =IFERROR(VLOOKUP(A10,STOCK!$A:$F,6,FALSE)," ") -> 7 | BD10: =IFERROR(VLOOKUP(A10,STOCK!$A:$G,7,FALSE)," ") -> 56 | BE10: =IFERROR(VLOOKUP(A10,STOCK!$A:$H,8,FALSE)," ") -> 35
A11: 21318 | B11: 7840138001059 | C11: RON CANELA 750ml FORTIN | D11: =IFERROR(VLOOKUP($A11,LP!$B:$AV,47,FALSE)," ") -> 14500 | E11: =IFERROR(VLOOKUP($A11,LP!$B:$AW,48,FALSE)," ") -> 14499.813 | F11: =IFERROR(VLOOKUP($A11,LP!$B:$AX,49,FALSE)," ") -> 16900 | G11: =+IFERROR((F11/D11-1)," ") -> 0.16551724 | H11: =IFERROR(((F11-D11)/F11)," ") -> 0.14201183 | I11: =IFERROR(VLOOKUP($A11,LP!$B:$BA,52,FALSE)," ") -> 16500 | J11: =IFERROR(VLOOKUP($A11,LP!$B:$BB,53,FALSE)," ") -> 3 | K11: =+IFERROR((I11/D11-1)," ") -> 0.13793103 | L11: =IFERROR((I11-D11)/I11," ") -> 0.12121212 | M11: =IFERROR(VLOOKUP($A11,LP!$B:$BE,56,FALSE)," ") -> 15900 | N11: =IFERROR(VLOOKUP($A11,LP!$B:$BF,57,FALSE)," ") -> 6 | O11: =IFERROR(+M11/D11-1," ") -> 0.096551723 | P11: =IFERROR((M11-D11)/M11," ") -> 0.088050313 | Q11: 15900 | R11: =IFERROR((+(Q11+AA11)/D11-1)," ") -> 0.16551724 | S11: =+IFERROR(((Q11+AA11)/E11-1)," ") -> 0.1655323 | V11: =+(T11+AA11)/D11-1 -> -0.93103448 | Y11: =+(W11+AA11)/D11-1 -> -0.93103448 | Z11: 1 | AA11: 1000 | AB11: =IF(Z11=2,(F11-Q11-AA11),IF(Z11=1,0,IF(Z11=3,0,IF(Z11=0," ")))) -> 0 | AC11: =IF(Z11=3,F11-Q11,IF(Z11=1,0,IF(Z11=2,0,IF(Z11=0," ")))) -> 0 | AD11: =IFERROR(VLOOKUP(A11,LP!$B:$BI,60,FALSE)," ") -> 52 | AE11: =+IFERROR(((AD11/30)*1.5)*AE$4," ") -> 7.8 | AF11: =+IFERROR((AE11*Q11)," ") -> 124020 | AG11: =+IFERROR((AC11+AB11)*AE11," ") -> 0 | AZ11: =IFERROR(VLOOKUP($A11,STOCK!$A:$C,3,FALSE)," ") -> 11 | BA11: =IFERROR(VLOOKUP($A11,STOCK!$A:$D,4,FALSE)," ") -> 26 | BB11: =IFERROR(VLOOKUP($A11,STOCK!$A:$E,5,FALSE)," ") -> 6 | BC11: =IFERROR(VLOOKUP(A11,STOCK!$A:$F,6,FALSE)," ") -> 5 | BD11: =IFERROR(VLOOKUP(A11,STOCK!$A:$G,7,FALSE)," ") -> 35 | BE11: =IFERROR(VLOOKUP(A11,STOCK!$A:$H,8,FALSE)," ") -> 12
A12: 3471 | B12: 7840138000281 | C12: RON COCO 750ml FORTIN | D12: =IFERROR(VLOOKUP($A12,LP!$B:$AV,47,FALSE)," ") -> 14500 | E12: =IFERROR(VLOOKUP($A12,LP!$B:$AW,48,FALSE)," ") -> 14500 | F12: =IFERROR(VLOOKUP($A12,LP!$B:$AX,49,FALSE)," ") -> 16900 | G12: =+IFERROR((F12/D12-1)," ") -> 0.16551724 | H12: =IFERROR(((F12-D12)/F12)," ") -> 0.14201183 | I12: =IFERROR(VLOOKUP($A12,LP!$B:$BA,52,FALSE)," ") -> 16500 | J12: =IFERROR(VLOOKUP($A12,LP!$B:$BB,53,FALSE)," ") -> 3 | K12: =+IFERROR((I12/D12-1)," ") -> 0.13793103 | L12: =IFERROR((I12-D12)/I12," ") -> 0.12121212 | M12: =IFERROR(VLOOKUP($A12,LP!$B:$BE,56,FALSE)," ") -> 15900 | N12: =IFERROR(VLOOKUP($A12,LP!$B:$BF,57,FALSE)," ") -> 6 | O12: =IFERROR(+M12/D12-1," ") -> 0.096551723 | P12: =IFERROR((M12-D12)/M12," ") -> 0.088050313 | Q12: 15900 | R12: =IFERROR((+(Q12+AA12)/D12-1)," ") -> 0.096551723 | S12: =+IFERROR(((Q12+AA12)/E12-1)," ") -> 0.096551739 | Z12: 3 | AB12: =IF(Z12=2,(F12-Q12-AA12),IF(Z12=1,0,IF(Z12=3,0,IF(Z12=0," ")))) -> 0 | AC12: =IF(Z12=3,F12-Q12,IF(Z12=1,0,IF(Z12=2,0,IF(Z12=0," ")))) -> 1000 | AD12: =IFERROR(VLOOKUP(A12,LP!$B:$BI,60,FALSE)," ") -> 308 | AE12: =+IFERROR(((AD12/30)*1.5)*AE$4," ") -> 46.2 | AF12: =+IFERROR((AE12*Q12)," ") -> 734580 | AG12: =+IFERROR((AC12+AB12)*AE12," ") -> 46200 | AZ12: =IFERROR(VLOOKUP($A12,STOCK!$A:$C,3,FALSE)," ") -> 81 | BA12: =IFERROR(VLOOKUP($A12,STOCK!$A:$D,4,FALSE)," ") -> 50 | BB12: =IFERROR(VLOOKUP($A12,STOCK!$A:$E,5,FALSE)," ") -> 39 | BC12: =IFERROR(VLOOKUP(A12,STOCK!$A:$F,6,FALSE)," ") -> 34 | BD12: =IFERROR(VLOOKUP(A12,STOCK!$A:$G,7,FALSE)," ") -> 63 | BE12: =IFERROR(VLOOKUP(A12,STOCK!$A:$H,8,FALSE)," ") -> 36
A13: 27635 | B13: 7840138001257 | C13: RON COCTEL FRUTOS ROJOS 750ml FORTIN | D13: =IFERROR(VLOOKUP($A13,LP!$B:$AV,47,FALSE)," ") -> 14500 | E13: =IFERROR(VLOOKUP($A13,LP!$B:$AW,48,FALSE)," ") -> 14500 | F13: =IFERROR(VLOOKUP($A13,LP!$B:$AX,49,FALSE)," ") -> 16900 | G13: =+IFERROR((F13/D13-1)," ") -> 0.16551724 | H13: =IFERROR(((F13-D13)/F13)," ") -> 0.14201183 | I13: =IFERROR(VLOOKUP($A13,LP!$B:$BA,52,FALSE)," ") -> 16500 | J13: =IFERROR(VLOOKUP($A13,LP!$B:$BB,53,FALSE)," ") -> 3 | K13: =+IFERROR((I13/D13-1)," ") -> 0.13793103 | L13: =IFERROR((I13-D13)/I13," ") -> 0.12121212 | M13: =IFERROR(VLOOKUP($A13,LP!$B:$BE,56,FALSE)," ") -> 15900 | N13: =IFERROR(VLOOKUP($A13,LP!$B:$BF,57,FALSE)," ") -> 6 | O13: =IFERROR(+M13/D13-1," ") -> 0.096551723 | P13: =IFERROR((M13-D13)/M13," ") -> 0.088050313 | Q13: 15900 | R13: =IFERROR((+(Q13+AA13)/D13-1)," ") -> 0.096551723 | S13: =+IFERROR(((Q13+AA13)/E13-1)," ") -> 0.096551739 | Z13: 3 | AB13: =IF(Z13=2,(F13-Q13-AA13),IF(Z13=1,0,IF(Z13=3,0,IF(Z13=0," ")))) -> 0 | AC13: =IF(Z13=3,F13-Q13,IF(Z13=1,0,IF(Z13=2,0,IF(Z13=0," ")))) -> 1000 | AD13: =IFERROR(VLOOKUP(A13,LP!$B:$BI,60,FALSE)," ") -> 1196 | AE13: =+IFERROR(((AD13/30)*1.5)*AE$4," ") -> 179.4 | AF13: =+IFERROR((AE13*Q13)," ") -> 2852460 | AG13: =+IFERROR((AC13+AB13)*AE13," ") -> 179400 | AZ13: =IFERROR(VLOOKUP($A13,STOCK!$A:$C,3,FALSE)," ") -> 148 | BA13: =IFERROR(VLOOKUP($A13,STOCK!$A:$D,4,FALSE)," ") -> 194 | BB13: =IFERROR(VLOOKUP($A13,STOCK!$A:$E,5,FALSE)," ") -> 132 | BC13: =IFERROR(VLOOKUP(A13,STOCK!$A:$F,6,FALSE)," ") -> 119 | BD13: =IFERROR(VLOOKUP(A13,STOCK!$A:$G,7,FALSE)," ") -> 172 | BE13: =IFERROR(VLOOKUP(A13,STOCK!$A:$H,8,FALSE)," ") -> 126
A14: 3472 | B14: 7840138000144 | C14: RON LIMON 750ml FORTIN | D14: =IFERROR(VLOOKUP($A14,LP!$B:$AV,47,FALSE)," ") -> 14500 | E14: =IFERROR(VLOOKUP($A14,LP!$B:$AW,48,FALSE)," ") -> 14500 | F14: =IFERROR(VLOOKUP($A14,LP!$B:$AX,49,FALSE)," ") -> 16900 | G14: =+IFERROR((F14/D14-1)," ") -> 0.16551724 | H14: =IFERROR(((F14-D14)/F14)," ") -> 0.14201183 | I14: =IFERROR(VLOOKUP($A14,LP!$B:$BA,52,FALSE)," ") -> 16500 | J14: =IFERROR(VLOOKUP($A14,LP!$B:$BB,53,FALSE)," ") -> 3 | K14: =+IFERROR((I14/D14-1)," ") -> 0.13793103 | L14: =IFERROR((I14-D14)/I14," ") -> 0.12121212 | M14: =IFERROR(VLOOKUP($A14,LP!$B:$BE,56,FALSE)," ") -> 15900 | N14: =IFERROR(VLOOKUP($A14,LP!$B:$BF,57,FALSE)," ") -> 6 | O14: =IFERROR(+M14/D14-1," ") -> 0.096551723 | P14: =IFERROR((M14-D14)/M14," ") -> 0.088050313 | Q14: 15900 | R14: =IFERROR((+(Q14+AA14)/D14-1)," ") -> 0.096551723 | S14: =+IFERROR(((Q14+AA14)/E14-1)," ") -> 0.096551739 | Z14: 3 | AB14: =IF(Z14=2,(F14-Q14-AA14),IF(Z14=1,0,IF(Z14=3,0,IF(Z14=0," ")))) -> 0 | AC14: =IF(Z14=3,F14-Q14,IF(Z14=1,0,IF(Z14=2,0,IF(Z14=0," ")))) -> 1000 | AD14: =IFERROR(VLOOKUP(A14,LP!$B:$BI,60,FALSE)," ") -> 158 | AE14: =+IFERROR(((AD14/30)*1.5)*AE$4," ") -> 23.7 | AF14: =+IFERROR((AE14*Q14)," ") -> 376830 | AG14: =+IFERROR((AC14+AB14)*AE14," ") -> 23700 | AZ14: =IFERROR(VLOOKUP($A14,STOCK!$A:$C,3,FALSE)," ") -> 29 | BA14: =IFERROR(VLOOKUP($A14,STOCK!$A:$D,4,FALSE)," ") -> 19 | BB14: =IFERROR(VLOOKUP($A14,STOCK!$A:$E,5,FALSE)," ") -> 27 | BC14: =IFERROR(VLOOKUP(A14,STOCK!$A:$F,6,FALSE)," ") -> 19 | BD14: =IFERROR(VLOOKUP(A14,STOCK!$A:$G,7,FALSE)," ") -> 19 | BE14: =IFERROR(VLOOKUP(A14,STOCK!$A:$H,8,FALSE)," ") -> 21
D15: =IFERROR(VLOOKUP($A15,LP!$B:$AV,47,FALSE)," ") | E15: =IFERROR(VLOOKUP($A15,LP!$B:$AW,48,FALSE)," ") | F15: =IFERROR(VLOOKUP($A15,LP!$B:$AX,49,FALSE)," ") | G15: =+IFERROR((F15/D15-1)," ") | H15: =IFERROR(((F15-D15)/F15)," ") | I15: =IFERROR(VLOOKUP($A15,LP!$B:$BA,52,FALSE)," ") | J15: =IFERROR(VLOOKUP($A15,LP!$B:$BB,53,FALSE)," ") | K15: =+IFERROR((I15/D15-1)," ") | L15: =IFERROR((I15-D15)/I15," ") | M15: =IFERROR(VLOOKUP($A15,LP!$B:$BE,56,FALSE)," ") | N15: =IFERROR(VLOOKUP($A15,LP!$B:$BF,57,FALSE)," ") | O15: =IFERROR(+M15/D15-1," ") | P15: =IFERROR((M15-D15)/M15," ") | R15: =IFERROR((+(Q15+AA15)/D15-1)," ") | S15: =+IFERROR(((Q15+AA15)/E15-1)," ") | AB15: =IF(Z15=2,(F15-Q15-AA15),IF(Z15=1,0,IF(Z15=3,0,IF(Z15=0," ")))) | AC15: =IF(Z15=3,F15-Q15,IF(Z15=1,0,IF(Z15=2,0,IF(Z15=0," ")))) | AD15: =IFERROR(VLOOKUP(A15,LP!$B:$BI,60,FALSE)," ") | AE15: =+IFERROR(((AD15/30)*1.5)*AE$4," ") | AF15: =+IFERROR((AE15*Q15)," ") | AG15: =+IFERROR((AC15+AB15)*AE15," ") | AZ15: =IFERROR(VLOOKUP($A15,STOCK!$A:$C,3,FALSE)," ") | BA15: =IFERROR(VLOOKUP($A15,STOCK!$A:$D,4,FALSE)," ") | BB15: =IFERROR(VLOOKUP($A15,STOCK!$A:$E,5,FALSE)," ") | BC15: =IFERROR(VLOOKUP(A15,STOCK!$A:$F,6,FALSE)," ") | BD15: =IFERROR(VLOOKUP(A15,STOCK!$A:$G,7,FALSE)," ") | BE15: =IFERROR(VLOOKUP(A15,STOCK!$A:$H,8,FALSE)," ")
D16: =IFERROR(VLOOKUP($A16,LP!$B:$AV,47,FALSE)," ") | E16: =IFERROR(VLOOKUP($A16,LP!$B:$AW,48,FALSE)," ") | F16: =IFERROR(VLOOKUP($A16,LP!$B:$AX,49,FALSE)," ") | G16: =+IFERROR((F16/D16-1)," ") | H16: =IFERROR(((F16-D16)/F16)," ") | I16: =IFERROR(VLOOKUP($A16,LP!$B:$BA,52,FALSE)," ") | J16: =IFERROR(VLOOKUP($A16,LP!$B:$BB,53,FALSE)," ") | K16: =+IFERROR((I16/D16-1)," ") | L16: =IFERROR((I16-D16)/I16," ") | M16: =IFERROR(VLOOKUP($A16,LP!$B:$BE,56,FALSE)," ") | N16: =IFERROR(VLOOKUP($A16,LP!$B:$BF,57,FALSE)," ") | O16: =IFERROR(+M16/D16-1," ") | P16: =IFERROR((M16-D16)/M16," ") | R16: =IFERROR((+(Q16+AA16)/D16-1)," ") | S16: =+IFERROR(((Q16+AA16)/E16-1)," ") | AB16: =IF(Z16=2,(F16-Q16-AA16),IF(Z16=1,0,IF(Z16=3,0,IF(Z16=0," ")))) | AC16: =IF(Z16=3,F16-Q16,IF(Z16=1,0,IF(Z16=2,0,IF(Z16=0," ")))) | AD16: =IFERROR(VLOOKUP(A16,LP!$B:$BI,60,FALSE)," ") | AE16: =+IFERROR(((AD16/30)*1.5)*AE$4," ") | AF16: =+IFERROR((AE16*Q16)," ") | AG16: =+IFERROR((AC16+AB16)*AE16," ") | AZ16: =IFERROR(VLOOKUP($A16,STOCK!$A:$C,3,FALSE)," ") | BA16: =IFERROR(VLOOKUP($A16,STOCK!$A:$D,4,FALSE)," ") | BB16: =IFERROR(VLOOKUP($A16,STOCK!$A:$E,5,FALSE)," ") | BC16: =IFERROR(VLOOKUP(A16,STOCK!$A:$F,6,FALSE)," ") | BD16: =IFERROR(VLOOKUP(A16,STOCK!$A:$G,7,FALSE)," ") | BE16: =IFERROR(VLOOKUP(A16,STOCK!$A:$H,8,FALSE)," ")
D17: =IFERROR(VLOOKUP($A17,LP!$B:$AV,47,FALSE)," ") | E17: =IFERROR(VLOOKUP($A17,LP!$B:$AW,48,FALSE)," ") | F17: =IFERROR(VLOOKUP($A17,LP!$B:$AX,49,FALSE)," ") | G17: =+IFERROR((F17/D17-1)," ") | H17: =IFERROR(((F17-D17)/F17)," ") | I17: =IFERROR(VLOOKUP($A17,LP!$B:$BA,52,FALSE)," ") | J17: =IFERROR(VLOOKUP($A17,LP!$B:$BB,53,FALSE)," ") | K17: =+IFERROR((I17/D17-1)," ") | L17: =IFERROR((I17-D17)/I17," ") | M17: =IFERROR(VLOOKUP($A17,LP!$B:$BE,56,FALSE)," ") | N17: =IFERROR(VLOOKUP($A17,LP!$B:$BF,57,FALSE)," ") | O17: =IFERROR(+M17/D17-1," ") | P17: =IFERROR((M17-D17)/M17," ") | R17: =IFERROR((+(Q17+AA17)/D17-1)," ") | S17: =+IFERROR(((Q17+AA17)/E17-1)," ") | AB17: =IF(Z17=2,(F17-Q17-AA17),IF(Z17=1,0,IF(Z17=3,0,IF(Z17=0," ")))) | AC17: =IF(Z17=3,F17-Q17,IF(Z17=1,0,IF(Z17=2,0,IF(Z17=0," ")))) | AD17: =IFERROR(VLOOKUP(A17,LP!$B:$BI,60,FALSE)," ") | AE17: =+IFERROR(((AD17/30)*1.5)*AE$4," ") | AF17: =+IFERROR((AE17*Q17)," ") | AG17: =+IFERROR((AC17+AB17)*AE17," ") | AZ17: =IFERROR(VLOOKUP($A17,STOCK!$A:$C,3,FALSE)," ") | BA17: =IFERROR(VLOOKUP($A17,STOCK!$A:$D,4,FALSE)," ") | BB17: =IFERROR(VLOOKUP($A17,STOCK!$A:$E,5,FALSE)," ") | BC17: =IFERROR(VLOOKUP(A17,STOCK!$A:$F,6,FALSE)," ") | BD17: =IFERROR(VLOOKUP(A17,STOCK!$A:$G,7,FALSE)," ") | BE17: =IFERROR(VLOOKUP(A17,STOCK!$A:$H,8,FALSE)," ")
D18: =IFERROR(VLOOKUP($A18,LP!$B:$AV,47,FALSE)," ") | E18: =IFERROR(VLOOKUP($A18,LP!$B:$AW,48,FALSE)," ") | F18: =IFERROR(VLOOKUP($A18,LP!$B:$AX,49,FALSE)," ") | G18: =+IFERROR((F18/D18-1)," ") | H18: =IFERROR(((F18-D18)/F18)," ") | I18: =IFERROR(VLOOKUP($A18,LP!$B:$BA,52,FALSE)," ") | J18: =IFERROR(VLOOKUP($A18,LP!$B:$BB,53,FALSE)," ") | K18: =+IFERROR((I18/D18-1)," ") | L18: =IFERROR((I18-D18)/I18," ") | M18: =IFERROR(VLOOKUP($A18,LP!$B:$BE,56,FALSE)," ") | N18: =IFERROR(VLOOKUP($A18,LP!$B:$BF,57,FALSE)," ") | O18: =IFERROR(+M18/D18-1," ") | P18: =IFERROR((M18-D18)/M18," ") | R18: =IFERROR((+(Q18+AA18)/D18-1)," ") | S18: =+IFERROR(((Q18+AA18)/E18-1)," ") | AB18: =IF(Z18=2,(F18-Q18-AA18),IF(Z18=1,0,IF(Z18=3,0,IF(Z18=0," ")))) | AC18: =IF(Z18=3,F18-Q18,IF(Z18=1,0,IF(Z18=2,0,IF(Z18=0," ")))) | AD18: =IFERROR(VLOOKUP(A18,LP!$B:$BI,60,FALSE)," ") | AE18: =+IFERROR(((AD18/30)*1.5)*AE$4," ") | AF18: =+IFERROR((AE18*Q18)," ") | AG18: =+IFERROR((AC18+AB18)*AE18," ") | AZ18: =IFERROR(VLOOKUP($A18,STOCK!$A:$C,3,FALSE)," ") | BA18: =IFERROR(VLOOKUP($A18,STOCK!$A:$D,4,FALSE)," ") | BB18: =IFERROR(VLOOKUP($A18,STOCK!$A:$E,5,FALSE)," ") | BC18: =IFERROR(VLOOKUP(A18,STOCK!$A:$F,6,FALSE)," ") | BD18: =IFERROR(VLOOKUP(A18,STOCK!$A:$G,7,FALSE)," ") | BE18: =IFERROR(VLOOKUP(A18,STOCK!$A:$H,8,FALSE)," ")
D19: =IFERROR(VLOOKUP($A19,LP!$B:$AV,47,FALSE)," ") | E19: =IFERROR(VLOOKUP($A19,LP!$B:$AW,48,FALSE)," ") | F19: =IFERROR(VLOOKUP($A19,LP!$B:$AX,49,FALSE)," ") | G19: =+IFERROR((F19/D19-1)," ") | H19: =IFERROR(((F19-D19)/F19)," ") | I19: =IFERROR(VLOOKUP($A19,LP!$B:$BA,52,FALSE)," ") | J19: =IFERROR(VLOOKUP($A19,LP!$B:$BB,53,FALSE)," ") | K19: =+IFERROR((I19/D19-1)," ") | L19: =IFERROR((I19-D19)/I19," ") | M19: =IFERROR(VLOOKUP($A19,LP!$B:$BE,56,FALSE)," ") | N19: =IFERROR(VLOOKUP($A19,LP!$B:$BF,57,FALSE)," ") | O19: =IFERROR(+M19/D19-1," ") | P19: =IFERROR((M19-D19)/M19," ") | R19: =IFERROR((+(Q19+AA19)/D19-1)," ") | S19: =+IFERROR(((Q19+AA19)/E19-1)," ") | AB19: =IF(Z19=2,(F19-Q19-AA19),IF(Z19=1,0,IF(Z19=3,0,IF(Z19=0," ")))) | AC19: =IF(Z19=3,F19-Q19,IF(Z19=1,0,IF(Z19=2,0,IF(Z19=0," ")))) | AD19: =IFERROR(VLOOKUP(A19,LP!$B:$BI,60,FALSE)," ") | AE19: =+IFERROR(((AD19/30)*1.5)*AE$4," ") | AF19: =+IFERROR((AE19*Q19)," ") | AG19: =+IFERROR((AC19+AB19)*AE19," ") | AZ19: =IFERROR(VLOOKUP($A19,STOCK!$A:$C,3,FALSE)," ") | BA19: =IFERROR(VLOOKUP($A19,STOCK!$A:$D,4,FALSE)," ") | BB19: =IFERROR(VLOOKUP($A19,STOCK!$A:$E,5,FALSE)," ") | BC19: =IFERROR(VLOOKUP(A19,STOCK!$A:$F,6,FALSE)," ") | BD19: =IFERROR(VLOOKUP(A19,STOCK!$A:$G,7,FALSE)," ") | BE19: =IFERROR(VLOOKUP(A19,STOCK!$A:$H,8,FALSE)," ")
D20: =IFERROR(VLOOKUP($A20,LP!$B:$AV,47,FALSE)," ") | E20: =IFERROR(VLOOKUP($A20,LP!$B:$AW,48,FALSE)," ") | F20: =IFERROR(VLOOKUP($A20,LP!$B:$AX,49,FALSE)," ") | G20: =+IFERROR((F20/D20-1)," ") | H20: =IFERROR(((F20-D20)/F20)," ") | I20: =IFERROR(VLOOKUP($A20,LP!$B:$BA,52,FALSE)," ") | J20: =IFERROR(VLOOKUP($A20,LP!$B:$BB,53,FALSE)," ") | K20: =+IFERROR((I20/D20-1)," ") | L20: =IFERROR((I20-D20)/I20," ") | M20: =IFERROR(VLOOKUP($A20,LP!$B:$BE,56,FALSE)," ") | N20: =IFERROR(VLOOKUP($A20,LP!$B:$BF,57,FALSE)," ") | O20: =IFERROR(+M20/D20-1," ") | P20: =IFERROR((M20-D20)/M20," ") | R20: =IFERROR((+(Q20+AA20)/D20-1)," ") | S20: =+IFERROR(((Q20+AA20)/E20-1)," ") | AB20: =IF(Z20=2,(F20-Q20-AA20),IF(Z20=1,0,IF(Z20=3,0,IF(Z20=0," ")))) | AC20: =IF(Z20=3,F20-Q20,IF(Z20=1,0,IF(Z20=2,0,IF(Z20=0," ")))) | AD20: =IFERROR(VLOOKUP(A20,LP!$B:$BI,60,FALSE)," ") | AE20: =+IFERROR(((AD20/30)*1.5)*AE$4," ") | AF20: =+IFERROR((AE20*Q20)," ") | AG20: =+IFERROR((AC20+AB20)*AE20," ") | AZ20: =IFERROR(VLOOKUP($A20,STOCK!$A:$C,3,FALSE)," ") | BA20: =IFERROR(VLOOKUP($A20,STOCK!$A:$D,4,FALSE)," ") | BB20: =IFERROR(VLOOKUP($A20,STOCK!$A:$E,5,FALSE)," ") | BC20: =IFERROR(VLOOKUP(A20,STOCK!$A:$F,6,FALSE)," ") | BD20: =IFERROR(VLOOKUP(A20,STOCK!$A:$G,7,FALSE)," ") | BE20: =IFERROR(VLOOKUP(A20,STOCK!$A:$H,8,FALSE)," ")
D21: =IFERROR(VLOOKUP($A21,LP!$B:$AV,47,FALSE)," ") | E21: =IFERROR(VLOOKUP($A21,LP!$B:$AW,48,FALSE)," ") | F21: =IFERROR(VLOOKUP($A21,LP!$B:$AX,49,FALSE)," ") | G21: =+IFERROR((F21/D21-1)," ") | H21: =IFERROR(((F21-D21)/F21)," ") | I21: =IFERROR(VLOOKUP($A21,LP!$B:$BA,52,FALSE)," ") | J21: =IFERROR(VLOOKUP($A21,LP!$B:$BB,53,FALSE)," ") | K21: =+IFERROR((I21/D21-1)," ") | L21: =IFERROR((I21-D21)/I21," ") | M21: =IFERROR(VLOOKUP($A21,LP!$B:$BE,56,FALSE)," ") | N21: =IFERROR(VLOOKUP($A21,LP!$B:$BF,57,FALSE)," ") | O21: =IFERROR(+M21/D21-1," ") | P21: =IFERROR((M21-D21)/M21," ") | R21: =IFERROR((+(Q21+AA21)/D21-1)," ") | S21: =+IFERROR(((Q21+AA21)/E21-1)," ") | AB21: =IF(Z21=2,(F21-Q21-AA21),IF(Z21=1,0,IF(Z21=3,0,IF(Z21=0," ")))) | AC21: =IF(Z21=3,F21-Q21,IF(Z21=1,0,IF(Z21=2,0,IF(Z21=0," ")))) | AD21: =IFERROR(VLOOKUP(A21,LP!$B:$BI,60,FALSE)," ") | AE21: =+IFERROR(((AD21/30)*1.5)*AE$4," ") | AF21: =+IFERROR((AE21*Q21)," ") | AG21: =+IFERROR((AC21+AB21)*AE21," ") | AZ21: =IFERROR(VLOOKUP($A21,STOCK!$A:$C,3,FALSE)," ") | BA21: =IFERROR(VLOOKUP($A21,STOCK!$A:$D,4,FALSE)," ") | BB21: =IFERROR(VLOOKUP($A21,STOCK!$A:$E,5,FALSE)," ") | BC21: =IFERROR(VLOOKUP(A21,STOCK!$A:$F,6,FALSE)," ") | BD21: =IFERROR(VLOOKUP(A21,STOCK!$A:$G,7,FALSE)," ") | BE21: =IFERROR(VLOOKUP(A21,STOCK!$A:$H,8,FALSE)," ")
D22: =IFERROR(VLOOKUP($A22,LP!$B:$AV,47,FALSE)," ") | E22: =IFERROR(VLOOKUP($A22,LP!$B:$AW,48,FALSE)," ") | F22: =IFERROR(VLOOKUP($A22,LP!$B:$AX,49,FALSE)," ") | G22: =+IFERROR((F22/D22-1)," ") | H22: =IFERROR(((F22-D22)/F22)," ") | I22: =IFERROR(VLOOKUP($A22,LP!$B:$BA,52,FALSE)," ") | J22: =IFERROR(VLOOKUP($A22,LP!$B:$BB,53,FALSE)," ") | K22: =+IFERROR((I22/D22-1)," ") | L22: =IFERROR((I22-D22)/I22," ") | M22: =IFERROR(VLOOKUP($A22,LP!$B:$BE,56,FALSE)," ") | N22: =IFERROR(VLOOKUP($A22,LP!$B:$BF,57,FALSE)," ") | O22: =IFERROR(+M22/D22-1," ") | P22: =IFERROR((M22-D22)/M22," ") | R22: =IFERROR((+(Q22+AA22)/D22-1)," ") | S22: =+IFERROR(((Q22+AA22)/E22-1)," ") | AB22: =IF(Z22=2,(F22-Q22-AA22),IF(Z22=1,0,IF(Z22=3,0,IF(Z22=0," ")))) | AC22: =IF(Z22=3,F22-Q22,IF(Z22=1,0,IF(Z22=2,0,IF(Z22=0," ")))) | AD22: =IFERROR(VLOOKUP(A22,LP!$B:$BI,60,FALSE)," ") | AE22: =+IFERROR(((AD22/30)*1.5)*AE$4," ") | AF22: =+IFERROR((AE22*Q22)," ") | AG22: =+IFERROR((AC22+AB22)*AE22," ") | AZ22: =IFERROR(VLOOKUP($A22,STOCK!$A:$C,3,FALSE)," ") | BA22: =IFERROR(VLOOKUP($A22,STOCK!$A:$D,4,FALSE)," ") | BB22: =IFERROR(VLOOKUP($A22,STOCK!$A:$E,5,FALSE)," ") | BC22: =IFERROR(VLOOKUP(A22,STOCK!$A:$F,6,FALSE)," ") | BD22: =IFERROR(VLOOKUP(A22,STOCK!$A:$G,7,FALSE)," ") | BE22: =IFERROR(VLOOKUP(A22,STOCK!$A:$H,8,FALSE)," ")
D23: =IFERROR(VLOOKUP($A23,LP!$B:$AV,47,FALSE)," ") | E23: =IFERROR(VLOOKUP($A23,LP!$B:$AW,48,FALSE)," ") | F23: =IFERROR(VLOOKUP($A23,LP!$B:$AX,49,FALSE)," ") | G23: =+IFERROR((F23/D23-1)," ") | H23: =IFERROR(((F23-D23)/F23)," ") | I23: =IFERROR(VLOOKUP($A23,LP!$B:$BA,52,FALSE)," ") | J23: =IFERROR(VLOOKUP($A23,LP!$B:$BB,53,FALSE)," ") | K23: =+IFERROR((I23/D23-1)," ") | L23: =IFERROR((I23-D23)/I23," ") | M23: =IFERROR(VLOOKUP($A23,LP!$B:$BE,56,FALSE)," ") | N23: =IFERROR(VLOOKUP($A23,LP!$B:$BF,57,FALSE)," ") | O23: =IFERROR(+M23/D23-1," ") | P23: =IFERROR((M23-D23)/M23," ") | R23: =IFERROR((+(Q23+AA23)/D23-1)," ") | S23: =+IFERROR(((Q23+AA23)/E23-1)," ") | AB23: =IF(Z23=2,(F23-Q23-AA23),IF(Z23=1,0,IF(Z23=3,0,IF(Z23=0," ")))) | AC23: =IF(Z23=3,F23-Q23,IF(Z23=1,0,IF(Z23=2,0,IF(Z23=0," ")))) | AD23: =IFERROR(VLOOKUP(A23,LP!$B:$BI,60,FALSE)," ") | AE23: =+IFERROR(((AD23/30)*1.5)*AE$4," ") | AF23: =+IFERROR((AE23*Q23)," ") | AG23: =+IFERROR((AC23+AB23)*AE23," ") | AZ23: =IFERROR(VLOOKUP($A23,STOCK!$A:$C,3,FALSE)," ") | BA23: =IFERROR(VLOOKUP($A23,STOCK!$A:$D,4,FALSE)," ") | BB23: =IFERROR(VLOOKUP($A23,STOCK!$A:$E,5,FALSE)," ") | BC23: =IFERROR(VLOOKUP(A23,STOCK!$A:$F,6,FALSE)," ") | BD23: =IFERROR(VLOOKUP(A23,STOCK!$A:$G,7,FALSE)," ") | BE23: =IFERROR(VLOOKUP(A23,STOCK!$A:$H,8,FALSE)," ")
D24: =IFERROR(VLOOKUP($A24,LP!$B:$AV,47,FALSE)," ") | E24: =IFERROR(VLOOKUP($A24,LP!$B:$AW,48,FALSE)," ") | F24: =IFERROR(VLOOKUP($A24,LP!$B:$AX,49,FALSE)," ") | G24: =+IFERROR((F24/D24-1)," ") | H24: =IFERROR(((F24-D24)/F24)," ") | I24: =IFERROR(VLOOKUP($A24,LP!$B:$BA,52,FALSE)," ") | J24: =IFERROR(VLOOKUP($A24,LP!$B:$BB,53,FALSE)," ") | K24: =+IFERROR((I24/D24-1)," ") | L24: =IFERROR((I24-D24)/I24," ") | M24: =IFERROR(VLOOKUP($A24,LP!$B:$BE,56,FALSE)," ") | N24: =IFERROR(VLOOKUP($A24,LP!$B:$BF,57,FALSE)," ") | O24: =IFERROR(+M24/D24-1," ") | P24: =IFERROR((M24-D24)/M24," ") | R24: =IFERROR((+(Q24+AA24)/D24-1)," ") | S24: =+IFERROR(((Q24+AA24)/E24-1)," ") | AB24: =IF(Z24=2,(F24-Q24-AA24),IF(Z24=1,0,IF(Z24=3,0,IF(Z24=0," ")))) | AC24: =IF(Z24=3,F24-Q24,IF(Z24=1,0,IF(Z24=2,0,IF(Z24=0," ")))) | AD24: =IFERROR(VLOOKUP(A24,LP!$B:$BI,60,FALSE)," ") | AE24: =+IFERROR(((AD24/30)*1.5)*AE$4," ") | AF24: =+IFERROR((AE24*Q24)," ") | AG24: =+IFERROR((AC24+AB24)*AE24," ") | AZ24: =IFERROR(VLOOKUP($A24,STOCK!$A:$C,3,FALSE)," ") | BA24: =IFERROR(VLOOKUP($A24,STOCK!$A:$D,4,FALSE)," ") | BB24: =IFERROR(VLOOKUP($A24,STOCK!$A:$E,5,FALSE)," ") | BC24: =IFERROR(VLOOKUP(A24,STOCK!$A:$F,6,FALSE)," ") | BD24: =IFERROR(VLOOKUP(A24,STOCK!$A:$G,7,FALSE)," ") | BE24: =IFERROR(VLOOKUP(A24,STOCK!$A:$H,8,FALSE)," ")
D25: =IFERROR(VLOOKUP($A25,LP!$B:$AV,47,FALSE)," ") | E25: =IFERROR(VLOOKUP($A25,LP!$B:$AW,48,FALSE)," ") | F25: =IFERROR(VLOOKUP($A25,LP!$B:$AX,49,FALSE)," ") | G25: =+IFERROR((F25/D25-1)," ") | H25: =IFERROR(((F25-D25)/F25)," ") | I25: =IFERROR(VLOOKUP($A25,LP!$B:$BA,52,FALSE)," ") | J25: =IFERROR(VLOOKUP($A25,LP!$B:$BB,53,FALSE)," ") | K25: =+IFERROR((I25/D25-1)," ") | L25: =IFERROR((I25-D25)/I25," ") | M25: =IFERROR(VLOOKUP($A25,LP!$B:$BE,56,FALSE)," ") | N25: =IFERROR(VLOOKUP($A25,LP!$B:$BF,57,FALSE)," ") | O25: =IFERROR(+M25/D25-1," ") | P25: =IFERROR((M25-D25)/M25," ") | R25: =IFERROR((+(Q25+AA25)/D25-1)," ") | S25: =+IFERROR(((Q25+AA25)/E25-1)," ") | AB25: =IF(Z25=2,(F25-Q25-AA25),IF(Z25=1,0,IF(Z25=3,0,IF(Z25=0," ")))) | AC25: =IF(Z25=3,F25-Q25,IF(Z25=1,0,IF(Z25=2,0,IF(Z25=0," ")))) | AD25: =IFERROR(VLOOKUP(A25,LP!$B:$BI,60,FALSE)," ") | AE25: =+IFERROR(((AD25/30)*1.5)*AE$4," ") | AF25: =+IFERROR((AE25*Q25)," ") | AG25: =+IFERROR((AC25+AB25)*AE25," ") | AZ25: =IFERROR(VLOOKUP($A25,STOCK!$A:$C,3,FALSE)," ") | BA25: =IFERROR(VLOOKUP($A25,STOCK!$A:$D,4,FALSE)," ") | BB25: =IFERROR(VLOOKUP($A25,STOCK!$A:$E,5,FALSE)," ") | BC25: =IFERROR(VLOOKUP(A25,STOCK!$A:$F,6,FALSE)," ") | BD25: =IFERROR(VLOOKUP(A25,STOCK!$A:$G,7,FALSE)," ") | BE25: =IFERROR(VLOOKUP(A25,STOCK!$A:$H,8,FALSE)," ")
D26: =IFERROR(VLOOKUP($A26,LP!$B:$AV,47,FALSE)," ") | E26: =IFERROR(VLOOKUP($A26,LP!$B:$AW,48,FALSE)," ") | F26: =IFERROR(VLOOKUP($A26,LP!$B:$AX,49,FALSE)," ") | G26: =+IFERROR((F26/D26-1)," ") | H26: =IFERROR(((F26-D26)/F26)," ") | I26: =IFERROR(VLOOKUP($A26,LP!$B:$BA,52,FALSE)," ") | J26: =IFERROR(VLOOKUP($A26,LP!$B:$BB,53,FALSE)," ") | K26: =+IFERROR((I26/D26-1)," ") | L26: =IFERROR((I26-D26)/I26," ") | M26: =IFERROR(VLOOKUP($A26,LP!$B:$BE,56,FALSE)," ") | N26: =IFERROR(VLOOKUP($A26,LP!$B:$BF,57,FALSE)," ") | O26: =IFERROR(+M26/D26-1," ") | P26: =IFERROR((M26-D26)/M26," ") | R26: =IFERROR((+(Q26+AA26)/D26-1)," ") | S26: =+IFERROR(((Q26+AA26)/E26-1)," ") | AB26: =IF(Z26=2,(F26-Q26-AA26),IF(Z26=1,0,IF(Z26=3,0,IF(Z26=0," ")))) | AC26: =IF(Z26=3,F26-Q26,IF(Z26=1,0,IF(Z26=2,0,IF(Z26=0," ")))) | AD26: =IFERROR(VLOOKUP(A26,LP!$B:$BI,60,FALSE)," ") | AE26: =+IFERROR(((AD26/30)*1.5)*AE$4," ") | AF26: =+IFERROR((AE26*Q26)," ") | AG26: =+IFERROR((AC26+AB26)*AE26," ") | AZ26: =IFERROR(VLOOKUP($A26,STOCK!$A:$C,3,FALSE)," ") | BA26: =IFERROR(VLOOKUP($A26,STOCK!$A:$D,4,FALSE)," ") | BB26: =IFERROR(VLOOKUP($A26,STOCK!$A:$E,5,FALSE)," ") | BC26: =IFERROR(VLOOKUP(A26,STOCK!$A:$F,6,FALSE)," ") | BD26: =IFERROR(VLOOKUP(A26,STOCK!$A:$G,7,FALSE)," ") | BE26: =IFERROR(VLOOKUP(A26,STOCK!$A:$H,8,FALSE)," ")
... D34: =IFERROR(VLOOKUP($A34,LP!$B:$AV,47,FALSE)," ") | E34: =IFERROR(VLOOKUP($A34,LP!$B:$AW,48,FALSE)," ") | F34: =IFERROR(VLOOKUP($A34,LP!$B:$AX,49,FALSE)," ") | G34: =+IFERROR((F34/D34-1)," ") | H34: =IFERROR(((F34-D34)/F34)," ") | I34: =IFERROR(VLOOKUP($A34,LP!$B:$BA,52,FALSE)," ") | J34: =IFERROR(VLOOKUP($A34,LP!$B:$BB,53,FALSE)," ") | K34: =+IFERROR((I34/D34-1)," ") | L34: =IFERROR((I34-D34)/I34," ") | M34: =IFERROR(VLOOKUP($A34,LP!$B:$BE,56,FALSE)," ") | N34: =IFERROR(VLOOKUP($A34,LP!$B:$BF,57,FALSE)," ") | O34: =IFERROR(+M34/D34-1," ") | P34: =IFERROR((M34-D34)/M34," ") | R34: =IFERROR((+(Q34+AA34)/D34-1)," ") | S34: =+IFERROR(((Q34+AA34)/E34-1)," ") | AB34: =IF(Z34=2,(F34-Q34-AA34),IF(Z34=1,0,IF(Z34=3,0,IF(Z34=0," ")))) | AC34: =IF(Z34=3,F34-Q34,IF(Z34=1,0,IF(Z34=2,0,IF(Z34=0," ")))) | AD34: =IFERROR(VLOOKUP(A34,LP!$B:$BI,60,FALSE)," ") | AE34: =+IFERROR(((AD34/30)*1.5)*AE$4," ") | AF34: =+IFERROR((AE34*Q34)," ") | AG34: =+IFERROR((AC34+AB34)*AE34," ") | AZ34: =IFERROR(VLOOKUP($A34,STOCK!$A:$C,3,FALSE)," ") | BA34: =IFERROR(VLOOKUP($A34,STOCK!$A:$D,4,FALSE)," ") | BB34: =IFERROR(VLOOKUP($A34,STOCK!$A:$E,5,FALSE)," ") | BC34: =IFERROR(VLOOKUP(A34,STOCK!$A:$F,6,FALSE)," ") | BD34: =IFERROR(VLOOKUP(A34,STOCK!$A:$G,7,FALSE)," ") | BE34: =IFERROR(VLOOKUP(A34,STOCK!$A:$H,8,FALSE)," ")

Sheet PL OFERTA
AI1: COMPETENCIA | AR1: MERCADEO
A2: OFERTA | C2: PROVEEDOR: | E2: =VLOOKUP(#REF!,LP!B:M,12,FALSE) -> #REF! | F2: COSTO - PVP ACTUAL | S2: OFERTA A SER APLICADA | AD2: Aplica POR: | AE2: RECONOCIMIENTO | AI2: SUPER MAS | AL2: SAN CAYETANO | AP2: MODERNO | AR2: TOPE x ACCION CORTO VTO | AX2: STOCK | BD2: ROTACION
S3: SELL IN | T3: PROMEDIO(1) SELL IN(2) MATRIZ(0) | AD3: COSTO (1) VENTA (0) FIJO (3)
A4: Sucursales | B4: TILDAR | C4: COD | D4: CODIGO BARRAS | E4: DESCRIPCIÓN PRODUCTO | F4: COSTO MATRIZ | G4: COSTO PRO | H4: PVP MIN | I4: M.U% | J4: M.D% | K4: PVP MAY | L4: CANT | M4: M.U% | N4: M.D% | O4: PVP DIST. | P4: CANT | Q4: M.U% | R4: M.D% | V4: PVP MIN | W4: M.U% | X4: PVP MAY | Y4: UDES MAY | Z4: M.U% | AA4: PVP DIST. | AB4: UDES DIST | AC4: M.U% | AF4: % | AG4: VALOR FIJO | AH4: VALOR a RECONOCER | AI4: PVP MIN | AJ4: PVP MAY | AK4: OFERTA | AL4: PVP MIN | AM4: PVP MAY | AN4: PVP DIST | AO4: OFERTA | AP4: PVP | AQ4: OFERTA | AR4: ABAS | AS4: MRA | AT4: CR1 | AU4: LUQ | AV4: ARAT | AW4: MOG | AX4: ABAS | AY4: MRA | AZ4: CR1 | BA4: LUQ | BB4: ARAT | BC4: MOG | BD4: ABAS | BE4: MRA | BF4: CR1 | BG4: LUQ | BH4: ARAT | BI4: MOG
A5: #TALONARIO | C5: 15655 | D5: 7840050006880 | E5: CERVEZA Lata 269ml 15un SKOL | F5: =IFERROR(VLOOKUP($C5,LP!$B:$BH,47,FALSE)," ") -> 49830 | G5: =IFERROR(VLOOKUP($C5,LP!$B:$BH,48,FALSE)," ") -> 49990.149 | H5: =IFERROR(VLOOKUP($C5,LP!$B:$BH,49,FALSE)," ") -> 53900 | I5: =+IFERROR((H5/F5-1)," ") -> 0.081677704 | J5: =IFERROR(((H5-F5)/H5)," ") -> 0.075510204 | K5: =IFERROR(VLOOKUP($C5,LP!$B:$BH,52,FALSE)," ") -> 0 | L5: =IFERROR(VLOOKUP($C5,LP!$B:$BH,53,FALSE)," ") -> 0 | M5: =+IFERROR((K5/F5-1)," ") -> -1 | N5: =IFERROR((K5-F5)/K5," ") | O5: =IFERROR(VLOOKUP($C5,LP!$B:$BH,56,FALSE)," ") -> 0 | P5: =IFERROR(VLOOKUP($C5,LP!$B:$BH,57,FALSE)," ") -> 0 | Q5: =IFERROR(+O5/F5-1," ") -> -1 | R5: =IFERROR((O5-F5)/O5," ") | U5: =+IF(T5=1,"PROMEDIO",IF(T5=3,"SELL IN","MATRIZ")) -> MATRIZ | V5: 47900 | W5: =+IFERROR(IF($U5="PROMEDIO",$V5/($G5-$AH5)-1,IF($U5="SELL IN",$V5/($S5-$AH5)-1,IF($U5="MATRIZ",$V5/($F5-$AH5)-1))),0) -> 0.048713738 | Z5: =+IFERROR(IF($U5="PROMEDIO",$X5/($G5-$AH5)-1,IF($U5="SELL IN",$X5/($S5-$AH5)-1,IF($U5="MATRIZ",$X5/($F5-$AH5)-1))),0) -> -1 | AC5: =+IFERROR(IF($U5="PROMEDIO",$AA5/($G5-$AH5)-1,IF($U5="SELL IN",$AA5/($S5-$AH5)-1,IF($U5="MATRIZ",$AA5/($F5-$AH5)-1))),0) -> -1 | AD5: 3 | AE5: =IFERROR(IF(OR(AD5=1,AD5="",AD5=" "),"COSTO",IF(AD5=3,"FIJO","VENTA")),"") -> FIJO | AF5: 0.084 | AG5: =+AG6*15 -> 4155 | AH5: =IFERROR(IF(AE5="COSTO",AF5*F5,IF(AE5="VENTA",AF5*H5,IF(AE5="FIJO",AG5)))," ") -> 4155 | AX5: =IFERROR(VLOOKUP($C5,LP!$B:$AO,35,0), " ") -> 0 | AY5: =IFERROR(VLOOKUP($C5,LP!$B:$AO,36,0), " ") -> 0 | AZ5: =IFERROR(VLOOKUP($C5,LP!$B:$AO,37,0), " ") -> 0 | BA5: =IFERROR(VLOOKUP($C5,LP!$B:$AO,38,0), " ") -> 0 | BB5: =IFERROR(VLOOKUP($C5,LP!$B:$AO,39,0), " ") -> 0 | BC5: =IFERROR(VLOOKUP($C5,LP!$B:$AO,40,0), " ") -> 0 | BD5: =IFERROR(VLOOKUP($C5,LP!$B:$BH,41,FALSE)," ") -> Q | BE5: =IFERROR(VLOOKUP($C5,LP!$B:$BH,42,FALSE)," ") -> Q | BF5: =IFERROR(VLOOKUP($C5,LP!$B:$BH,43,FALSE)," ") -> Q | BG5: =IFERROR(VLOOKUP($C5,LP!$B:$BH,44,FALSE)," ") -> Q | BH5: =IFERROR(VLOOKUP($C5,LP!$B:$BH,45,FALSE)," ") -> Q | BI5: =IFERROR(VLOOKUP($C5,LP!$B:$BH,46,FALSE)," ") -> Q
A6: VIGENCIA | C6: 15645 | D6: 7891149103102 | E6: CERVEZA Lata 269ml SKOL | F6: =IFERROR(VLOOKUP($C6,LP!$B:$BH,47,FALSE)," ") -> 3442 | G6: =IFERROR(VLOOKUP($C6,LP!$B:$BH,48,FALSE)," ") -> 3332.6766 | H6: =IFERROR(VLOOKUP($C6,LP!$B:$BH,49,FALSE)," ") -> 3750 | I6: =+IFERROR((H6/F6-1)," ") -> 0.089482859 | J6: =IFERROR(((H6-F6)/H6)," ") -> 0.082133333 | K6: =IFERROR(VLOOKUP($C6,LP!$B:$BH,52,FALSE)," ") -> 3593.3333 | L6: =IFERROR(VLOOKUP($C6,LP!$B:$BH,53,FALSE)," ") -> 15 | M6: =+IFERROR((K6/F6-1)," ") -> 0.043966685 | N6: =IFERROR((K6-F6)/K6," ") -> 0.042115027 | O6: =IFERROR(VLOOKUP($C6,LP!$B:$BH,56,FALSE)," ") -> 0 | P6: =IFERROR(VLOOKUP($C6,LP!$B:$BH,57,FALSE)," ") -> 0 | Q6: =IFERROR(+O6/F6-1," ") -> -1 | R6: =IFERROR((O6-F6)/O6," ") | U6: =+IF(T6=1,"PROMEDIO",IF(T6=3,"SELL IN","MATRIZ")) -> MATRIZ | V6: 3250 | W6: =+IFERROR(IF($U6="PROMEDIO",$V6/($G6-$AH6)-1,IF($U6="SELL IN",$V6/($S6-$AH6)-1,IF($U6="MATRIZ",$V6/($F6-$AH6)-1))),0) -> 0.02685624 | Z6: =+IFERROR(IF($U6="PROMEDIO",$X6/($G6-$AH6)-1,IF($U6="SELL IN",$X6/($S6-$AH6)-1,IF($U6="MATRIZ",$X6/($F6-$AH6)-1))),0) -> -1 | AC6: =+IFERROR(IF($U6="PROMEDIO",$AA6/($G6-$AH6)-1,IF($U6="SELL IN",$AA6/($S6-$AH6)-1,IF($U6="MATRIZ",$AA6/($F6-$AH6)-1))),0) -> -1 | AD6: 3 | AE6: =IFERROR(IF(OR(AD6=1,AD6="",AD6=" "),"COSTO",IF(AD6=3,"FIJO","VENTA")),"") -> FIJO | AF6: 0.084 | AG6: 277 | AH6: =IFERROR(IF(AE6="COSTO",AF6*F6,IF(AE6="VENTA",AF6*H6,IF(AE6="FIJO",AG6)))," ") -> 277 | AX6: =IFERROR(VLOOKUP($C6,LP!$B:$AO,35,0), " ") -> 7966 | AY6: =IFERROR(VLOOKUP($C6,LP!$B:$AO,36,0), " ") -> 10465 | AZ6: =IFERROR(VLOOKUP($C6,LP!$B:$AO,37,0), " ") -> 6395 | BA6: =IFERROR(VLOOKUP($C6,LP!$B:$AO,38,0), " ") -> 4369 | BB6: =IFERROR(VLOOKUP($C6,LP!$B:$AO,39,0), " ") -> 9013 | BC6: =IFERROR(VLOOKUP($C6,LP!$B:$AO,40,0), " ") -> 8152 | BD6: =IFERROR(VLOOKUP($C6,LP!$B:$BH,41,FALSE)," ") -> 47.034048 | BE6: =IFERROR(VLOOKUP($C6,LP!$B:$BH,42,FALSE)," ") -> 37.303945 | BF6: =IFERROR(VLOOKUP($C6,LP!$B:$BH,43,FALSE)," ") -> 62.087379 | BG6: =IFERROR(VLOOKUP($C6,LP!$B:$BH,44,FALSE)," ") -> 42.171815 | BH6: =IFERROR(VLOOKUP($C6,LP!$B:$BH,45,FALSE)," ") -> 56.33125 | BI6: =IFERROR(VLOOKUP($C6,LP!$B:$BH,46,FALSE)," ") -> 383.32288
A7: INICIO | B7: 45471 | C7: 12378 | D7: 7840050003933 | E7: CERVEZA Lata 269ml 12un OURO FINO | F7: =IFERROR(VLOOKUP($C7,LP!$B:$BH,47,FALSE)," ") -> 32832 | G7: =IFERROR(VLOOKUP($C7,LP!$B:$BH,48,FALSE)," ") -> 33047.462 | H7: =IFERROR(VLOOKUP($C7,LP!$B:$BH,49,FALSE)," ") -> 35900 | I7: =+IFERROR((H7/F7-1)," ") -> 0.093445419 | J7: =IFERROR(((H7-F7)/H7)," ") -> 0.08545961 | K7: =IFERROR(VLOOKUP($C7,LP!$B:$BH,52,FALSE)," ") -> 0 | L7: =IFERROR(VLOOKUP($C7,LP!$B:$BH,53,FALSE)," ") -> 0 | M7: =+IFERROR((K7/F7-1)," ") -> -1 | N7: =IFERROR((K7-F7)/K7," ") | O7: =IFERROR(VLOOKUP($C7,LP!$B:$BH,56,FALSE)," ") -> 0 | P7: =IFERROR(VLOOKUP($C7,LP!$B:$BH,57,FALSE)," ") -> 0 | Q7: =IFERROR(+O7/F7-1," ") -> -1 | R7: =IFERROR((O7-F7)/O7," ") | U7: =+IF(T7=1,"PROMEDIO",IF(T7=3,"SELL IN","MATRIZ")) -> MATRIZ | V7: 34900 | W7: =+IFERROR(IF($U7="PROMEDIO",$V7/($G7-$AH7)-1,IF($U7="SELL IN",$V7/($S7-$AH7)-1,IF($U7="MATRIZ",$V7/($F7-$AH7)-1))),0) -> 0.062987329 | Z7: =+IFERROR(IF($U7="PROMEDIO",$X7/($G7-$AH7)-1,IF($U7="SELL IN",$X7/($S7-$AH7)-1,IF($U7="MATRIZ",$X7/($F7-$AH7)-1))),0) -> -1 | AC7: =+IFERROR(IF($U7="PROMEDIO",$AA7/($G7-$AH7)-1,IF($U7="SELL IN",$AA7/($S7-$AH7)-1,IF($U7="MATRIZ",$AA7/($F7-$AH7)-1))),0) -> -1 | AD7: 1 | AE7: =IFERROR(IF(OR(AD7=1,AD7="",AD7=" "),"COSTO",IF(AD7=3,"FIJO","VENTA")),"") -> COSTO | AH7: =IFERROR(IF(AE7="COSTO",AF7*F7,IF(AE7="VENTA",AF7*H7,IF(AE7="FIJO",AG7)))," ") -> 0 | AX7: =IFERROR(VLOOKUP($C7,LP!$B:$AO,35,0), " ") -> 0 | AY7: =IFERROR(VLOOKUP($C7,LP!$B:$AO,36,0), " ") -> 0 | AZ7: =IFERROR(VLOOKUP($C7,LP!$B:$AO,37,0), " ") -> 0 | BA7: =IFERROR(VLOOKUP($C7,LP!$B:$AO,38,0), " ") -> 0 | BB7: =IFERROR(VLOOKUP($C7,LP!$B:$AO,39,0), " ") -> 0 | BC7: =IFERROR(VLOOKUP($C7,LP!$B:$AO,40,0), " ") -> 0 | BD7: =IFERROR(VLOOKUP($C7,LP!$B:$BH,41,FALSE)," ") -> Q | BE7: =IFERROR(VLOOKUP($C7,LP!$B:$BH,42,FALSE)," ") -> Q | BF7: =IFERROR(VLOOKUP($C7,LP!$B:$BH,43,FALSE)," ") -> Q | BG7: =IFERROR(VLOOKUP($C7,LP!$B:$BH,44,FALSE)," ") -> Q | BH7: =IFERROR(VLOOKUP($C7,LP!$B:$BH,45,FALSE)," ") -> Q | BI7: =IFERROR(VLOOKUP($C7,LP!$B:$BH,46,FALSE)," ") -> Q
A8: FINALIZA | B8: 45473 | C8: 6586 | D8: 7840050002639 | E8: CERVEZA Lata 269ml OURO FINO | F8: =IFERROR(VLOOKUP($C8,LP!$B:$BH,47,FALSE)," ") -> 2736 | G8: =IFERROR(VLOOKUP($C8,LP!$B:$BH,48,FALSE)," ") -> 2753.9552 | H8: =IFERROR(VLOOKUP($C8,LP!$B:$BH,49,FALSE)," ") -> 3250 | I8: =+IFERROR((H8/F8-1)," ") -> 0.1878655 | J8: =IFERROR(((H8-F8)/H8)," ") -> 0.15815385 | K8: =IFERROR(VLOOKUP($C8,LP!$B:$BH,52,FALSE)," ") -> 2991.6667 | L8: =IFERROR(VLOOKUP($C8,LP!$B:$BH,53,FALSE)," ") -> 12 | M8: =+IFERROR((K8/F8-1)," ") -> 0.09344542 | N8: =IFERROR((K8-F8)/K8," ") -> 0.085459611 | O8: =IFERROR(VLOOKUP($C8,LP!$B:$BH,56,FALSE)," ") -> 0 | P8: =IFERROR(VLOOKUP($C8,LP!$B:$BH,57,FALSE)," ") -> 0 | Q8: =IFERROR(+O8/F8-1," ") -> -1 | R8: =IFERROR((O8-F8)/O8," ") | U8: =+IF(T8=1,"PROMEDIO",IF(T8=3,"SELL IN","MATRIZ")) -> MATRIZ | V8: 2950 | W8: =+IFERROR(IF($U8="PROMEDIO",$V8/($G8-$AH8)-1,IF($U8="SELL IN",$V8/($S8-$AH8)-1,IF($U8="MATRIZ",$V8/($F8-$AH8)-1))),0) -> 0.078216374 | Z8: =+IFERROR(IF($U8="PROMEDIO",$X8/($G8-$AH8)-1,IF($U8="SELL IN",$X8/($S8-$AH8)-1,IF($U8="MATRIZ",$X8/($F8-$AH8)-1))),0) -> -1 | AC8: =+IFERROR(IF($U8="PROMEDIO",$AA8/($G8-$AH8)-1,IF($U8="SELL IN",$AA8/($S8-$AH8)-1,IF($U8="MATRIZ",$AA8/($F8-$AH8)-1))),0) -> -1 | AD8: 1 | AE8: =IFERROR(IF(OR(AD8=1,AD8="",AD8=" "),"COSTO",IF(AD8=3,"FIJO","VENTA")),"") -> COSTO | AH8: =IFERROR(IF(AE8="COSTO",AF8*F8,IF(AE8="VENTA",AF8*H8,IF(AE8="FIJO",AG8)))," ") -> 0 | AX8: =IFERROR(VLOOKUP($C8,LP!$B:$AO,35,0), " ") -> 5910 | AY8: =IFERROR(VLOOKUP($C8,LP!$B:$AO,36,0), " ") -> 6287 | AZ8: =IFERROR(VLOOKUP($C8,LP!$B:$AO,37,0), " ") -> 1255 | BA8: =IFERROR(VLOOKUP($C8,LP!$B:$AO,38,0), " ") -> 2410 | BB8: =IFERROR(VLOOKUP($C8,LP!$B:$AO,39,0), " ") -> 2882 | BC8: =IFERROR(VLOOKUP($C8,LP!$B:$AO,40,0), " ") -> 3520 | BD8: =IFERROR(VLOOKUP($C8,LP!$B:$BH,41,FALSE)," ") -> 99.887324 | BE8: =IFERROR(VLOOKUP($C8,LP!$B:$BH,42,FALSE)," ") -> 51.003245 | BF8: =IFERROR(VLOOKUP($C8,LP!$B:$BH,43,FALSE)," ") -> 41.556291 | BG8: =IFERROR(VLOOKUP($C8,LP!$B:$BH,44,FALSE)," ") -> 38.052632 | BH8: =IFERROR(VLOOKUP($C8,LP!$B:$BH,45,FALSE)," ") -> 37.299396 | BI8: =IFERROR(VLOOKUP($C8,LP!$B:$BH,46,FALSE)," ") -> 910.34483
C9: 37481 | D9: 17898334962084 | E9: CERVEZA PREMIUM LAGER Lata 269ml 12un OPA BIER | F9: =IFERROR(VLOOKUP($C9,[2]LP!$B:$BH,47,FALSE)," ") -> 45600 | G9: =IFERROR(VLOOKUP($C9,[2]LP!$B:$BH,48,FALSE)," ") -> 45599.998 | H9: =IFERROR(VLOOKUP($C9,[2]LP!$B:$BH,49,FALSE)," ") -> 49900 | I9: =+IFERROR((H9/F9-1)," ") -> 0.094298246 | J9: =IFERROR(((H9-F9)/H9)," ") -> 0.086172345 | K9: =IFERROR(VLOOKUP($C9,[2]LP!$B:$BH,52,FALSE)," ") -> 0 | L9: =IFERROR(VLOOKUP($C9,[2]LP!$B:$BH,53,FALSE)," ") -> 0 | M9: =+IFERROR((K9/F9-1)," ") -> -1 | N9: =IFERROR((K9-F9)/K9," ") | O9: =IFERROR(VLOOKUP($C9,[2]LP!$B:$BH,56,FALSE)," ") -> 0 | P9: =IFERROR(VLOOKUP($C9,[2]LP!$B:$BH,57,FALSE)," ") -> 0 | Q9: =IFERROR(+O9/F9-1," ") -> -1 | R9: =IFERROR((O9-F9)/O9," ") | U9: =+IF(T9=1,"PROMEDIO",IF(T9=3,"SELL IN","MATRIZ")) -> MATRIZ | V9: 39900 | W9: =+IFERROR(IF($U9="PROMEDIO",$V9/($G9-$AH9)-1,IF($U9="SELL IN",$V9/($S9-$AH9)-1,IF($U9="MATRIZ",$V9/($F9-$AH9)-1))),0) -> 0.12 | Z9: =+IFERROR(IF($U9="PROMEDIO",$X9/($G9-$AH9)-1,IF($U9="SELL IN",$X9/($S9-$AH9)-1,IF($U9="MATRIZ",$X9/($F9-$AH9)-1))),0) -> -1 | AC9: =+IFERROR(IF($U9="PROMEDIO",$AA9/($G9-$AH9)-1,IF($U9="SELL IN",$AA9/($S9-$AH9)-1,IF($U9="MATRIZ",$AA9/($F9-$AH9)-1))),0) -> -1 | AD9: 3 | AE9: =IFERROR(IF(OR(AD9=1,AD9="",AD9=" "),"COSTO",IF(AD9=3,"FIJO","VENTA")),"") -> FIJO | AF9: 0.21875 | AG9: =+AH10*12 -> 9975.0001 | AH9: =IFERROR(IF(AE9="COSTO",AF9*F9,IF(AE9="VENTA",AF9*H9,IF(AE9="FIJO",AG9)))," ") -> 9975.0001 | AX9: =IFERROR(VLOOKUP($C9,[2]LP!$B:$AO,35,0), " ") | AY9: =IFERROR(VLOOKUP($C9,[2]LP!$B:$AO,36,0), " ") | AZ9: =IFERROR(VLOOKUP($C9,[2]LP!$B:$AO,37,0), " ") | BA9: =IFERROR(VLOOKUP($C9,[2]LP!$B:$AO,38,0), " ") | BB9: =IFERROR(VLOOKUP($C9,[2]LP!$B:$AO,39,0), " ") | BC9: =IFERROR(VLOOKUP($C9,[2]LP!$B:$AO,40,0), " ") | BD9: =IFERROR(VLOOKUP($C9,[2]LP!$B:$BH,41,FALSE)," ") -> SV | BE9: =IFERROR(VLOOKUP($C9,[2]LP!$B:$BH,42,FALSE)," ") -> SV | BF9: =IFERROR(VLOOKUP($C9,[2]LP!$B:$BH,43,FALSE)," ") -> SV | BG9: =IFERROR(VLOOKUP($C9,[2]LP!$B:$BH,44,FALSE)," ") -> SV | BH9: =IFERROR(VLOOKUP($C9,[2]LP!$B:$BH,45,FALSE)," ") -> SV | BI9: =IFERROR(VLOOKUP($C9,[2]LP!$B:$BH,46,FALSE)," ") -> SV
A10: ASUNTO CORREO: | C10: 37480 | D10: 7898334962087 | E10: CERVEZA PREMIUM LAGER Lata 269ml OPA BIER | F10: =IFERROR(VLOOKUP($C10,[2]LP!$B:$BH,47,FALSE)," ") -> 3800.0001 | G10: =IFERROR(VLOOKUP($C10,[2]LP!$B:$BH,48,FALSE)," ") -> 3799.9998 | H10: =IFERROR(VLOOKUP($C10,[2]LP!$B:$BH,49,FALSE)," ") -> 4250 | I10: =+IFERROR((H10/F10-1)," ") -> 0.11842104 | J10: =IFERROR(((H10-F10)/H10)," ") -> 0.10588234 | K10: =IFERROR(VLOOKUP($C10,[2]LP!$B:$BH,52,FALSE)," ") -> 4158.3333 | L10: =IFERROR(VLOOKUP($C10,[2]LP!$B:$BH,53,FALSE)," ") -> 12 | M10: =+IFERROR((K10/F10-1)," ") -> 0.09429823 | N10: =IFERROR((K10-F10)/K10," ") -> 0.086172332 | O10: =IFERROR(VLOOKUP($C10,[2]LP!$B:$BH,56,FALSE)," ") -> 0 | P10: =IFERROR(VLOOKUP($C10,[2]LP!$B:$BH,57,FALSE)," ") -> 0 | Q10: =IFERROR(+O10/F10-1," ") -> -1 | R10: =IFERROR((O10-F10)/O10," ") | U10: =+IF(T10=1,"PROMEDIO",IF(T10=3,"SELL IN","MATRIZ")) -> MATRIZ | V10: 4250 | W10: =+IFERROR(IF($U10="PROMEDIO",$V10/($G10-$AH10)-1,IF($U10="SELL IN",$V10/($S10-$AH10)-1,IF($U10="MATRIZ",$V10/($F10-$AH10)-1))),0) -> 0.43157893 | Z10: =+IFERROR(IF($U10="PROMEDIO",$X10/($G10-$AH10)-1,IF($U10="SELL IN",$X10/($S10-$AH10)-1,IF($U10="MATRIZ",$X10/($F10-$AH10)-1))),0) -> -1 | AC10: =+IFERROR(IF($U10="PROMEDIO",$AA10/($G10-$AH10)-1,IF($U10="SELL IN",$AA10/($S10-$AH10)-1,IF($U10="MATRIZ",$AA10/($F10-$AH10)-1))),0) -> -1 | AD10: 1 | AE10: =IFERROR(IF(OR(AD10=1,AD10="",AD10=" "),"COSTO",IF(AD10=3,"FIJO","VENTA")),"") -> COSTO | AF10: 0.21875 | AH10: =IFERROR(IF(AE10="COSTO",AF10*F10,IF(AE10="VENTA",AF10*H10,IF(AE10="FIJO",AG10)))," ") -> 831.25001 | AX10: =IFERROR(VLOOKUP($C10,[2]LP!$B:$AO,35,0), " ") | AY10: =IFERROR(VLOOKUP($C10,[2]LP!$B:$AO,36,0), " ") | AZ10: =IFERROR(VLOOKUP($C10,[2]LP!$B:$AO,37,0), " ") | BA10: =IFERROR(VLOOKUP($C10,[2]LP!$B:$AO,38,0), " ") | BB10: =IFERROR(VLOOKUP($C10,[2]LP!$B:$AO,39,0), " ") | BC10: =IFERROR(VLOOKUP($C10,[2]LP!$B:$AO,40,0), " ") | BD10: =IFERROR(VLOOKUP($C10,[2]LP!$B:$BH,41,FALSE)," ") -> 0 | BE10: =IFERROR(VLOOKUP($C10,[2]LP!$B:$BH,42,FALSE)," ") -> 0 | BF10: =IFERROR(VLOOKUP($C10,[2]LP!$B:$BH,43,FALSE)," ") -> 0 | BG10: =IFERROR(VLOOKUP($C10,[2]LP!$B:$BH,44,FALSE)," ") -> 0 | BH10: =IFERROR(VLOOKUP($C10,[2]LP!$B:$BH,45,FALSE)," ") -> 0 | BI10: =IFERROR(VLOOKUP($C10,[2]LP!$B:$BH,46,FALSE)," ") -> 0
C11: 3267 | D11: 7790290101602 | E11: FERNET 750ml BRANCA. | F11: 45858 | G11: =IFERROR(VLOOKUP($C11,[1]LP!$B:$BH,48,FALSE)," ") -> 44257.449 | H11: =IFERROR(VLOOKUP($C11,[1]LP!$B:$BH,49,FALSE)," ") -> 56900 | I11: =+IFERROR((H11/F11-1)," ") -> 0.24078678 | J11: =IFERROR(((H11-F11)/H11)," ") -> 0.19405975 | K11: =IFERROR(VLOOKUP($C11,[1]LP!$B:$BH,52,FALSE)," ") -> 55900 | L11: =IFERROR(VLOOKUP($C11,[1]LP!$B:$BH,53,FALSE)," ") -> 3 | M11: =+IFERROR((K11/F11-1)," ") -> 0.21898033 | N11: =IFERROR((K11-F11)/K11," ") -> 0.17964222 | O11: =IFERROR(VLOOKUP($C11,[1]LP!$B:$BH,56,FALSE)," ") -> 54900 | P11: =IFERROR(VLOOKUP($C11,[1]LP!$B:$BH,57,FALSE)," ") -> 6 | Q11: =IFERROR(+O11/F11-1," ") -> 0.19717388 | R11: =IFERROR((O11-F11)/O11," ") -> 0.16469945 | U11: =+IF(T11=1,"PROMEDIO",IF(T11=3,"SELL IN","MATRIZ")) -> MATRIZ | V11: 49900 | W11: =+IFERROR(IF($U11="PROMEDIO",$V11/($G11-$AH11)-1,IF($U11="SELL IN",$V11/($S11-$AH11)-1,IF($U11="MATRIZ",$V11/($F11-$AH11)-1))),0) -> 0.088141655 | Z11: =+IFERROR(IF($U11="PROMEDIO",$X11/($G11-$AH11)-1,IF($U11="SELL IN",$X11/($S11-$AH11)-1,IF($U11="MATRIZ",$X11/($F11-$AH11)-1))),0) -> -1 | AC11: =+IFERROR(IF($U11="PROMEDIO",$AA11/($G11-$AH11)-1,IF($U11="SELL IN",$AA11/($S11-$AH11)-1,IF($U11="MATRIZ",$AA11/($F11-$AH11)-1))),0) -> -1 | AD11: 3 | AE11: =IFERROR(IF(OR(AD11=1,AD11="",AD11=" "),"COSTO",IF(AD11=3,"FIJO","VENTA")),"") -> FIJO | AH11: =IFERROR(IF(AE11="COSTO",AF11*F11,IF(AE11="VENTA",AF11*H11,IF(AE11="FIJO",AG11)))," ") -> 0 | AX11: =IFERROR(VLOOKUP($C11,LP!$B:$AO,35,0), " ") -> 79 | AY11: =IFERROR(VLOOKUP($C11,LP!$B:$AO,36,0), " ") -> 49 | AZ11: =IFERROR(VLOOKUP($C11,LP!$B:$AO,37,0), " ") -> 79 | BA11: =IFERROR(VLOOKUP($C11,LP!$B:$AO,38,0), " ") -> 53 | BB11: =IFERROR(VLOOKUP($C11,LP!$B:$AO,39,0), " ") -> 67 | BC11: =IFERROR(VLOOKUP($C11,LP!$B:$AO,40,0), " ") -> 30 | BD11: =IFERROR(VLOOKUP($C11,LP!$B:$BH,41,FALSE)," ") -> 49.375 | BE11: =IFERROR(VLOOKUP($C11,LP!$B:$BH,42,FALSE)," ") -> 11.574803 | BF11: =IFERROR(VLOOKUP($C11,LP!$B:$BH,43,FALSE)," ") -> 107.72727 | BG11: =IFERROR(VLOOKUP($C11,LP!$B:$BH,44,FALSE)," ") -> 72.272727 | BH11: =IFERROR(VLOOKUP($C11,LP!$B:$BH,45,FALSE)," ") -> 74.444444 | BI11: =IFERROR(VLOOKUP($C11,LP!$B:$BH,46,FALSE)," ") -> 60
A12: DESC. UND | B12: FALSE | C12: 5697 | D12: 7840894000976 | E12: GASEOSA COLA 2Lts ISAAC | F12: =IFERROR(VLOOKUP($C12,LP!$B:$BH,47,FALSE)," ") -> 3250.0001 | G12: =IFERROR(VLOOKUP($C12,LP!$B:$BH,48,FALSE)," ") -> 3249.9773 | H12: =IFERROR(VLOOKUP($C12,LP!$B:$BH,49,FALSE)," ") -> 3650 | I12: =+IFERROR((H12/F12-1)," ") -> 0.12307691 | J12: =IFERROR(((H12-F12)/H12)," ") -> 0.10958903 | K12: =IFERROR(VLOOKUP($C12,LP!$B:$BH,52,FALSE)," ") -> 3550 | L12: =IFERROR(VLOOKUP($C12,LP!$B:$BH,53,FALSE)," ") -> 6 | M12: =+IFERROR((K12/F12-1)," ") -> 0.092307676 | N12: =IFERROR((K12-F12)/K12," ") -> 0.084507028 | O12: =IFERROR(VLOOKUP($C12,LP!$B:$BH,56,FALSE)," ") -> 0 | P12: =IFERROR(VLOOKUP($C12,LP!$B:$BH,57,FALSE)," ") -> 0 | Q12: =IFERROR(+O12/F12-1," ") -> -1 | R12: =IFERROR((O12-F12)/O12," ") | U12: =+IF(T12=1,"PROMEDIO",IF(T12=3,"SELL IN","MATRIZ")) -> MATRIZ | V12: 3350 | W12: =+IFERROR(IF($U12="PROMEDIO",$V12/($G12-$AH12)-1,IF($U12="SELL IN",$V12/($S12-$AH12)-1,IF($U12="MATRIZ",$V12/($F12-$AH12)-1))),0) -> 0.10835399 | Z12: =+IFERROR(IF($U12="PROMEDIO",$X12/($G12-$AH12)-1,IF($U12="SELL IN",$X12/($S12-$AH12)-1,IF($U12="MATRIZ",$X12/($F12-$AH12)-1))),0) -> -1 | AC12: =+IFERROR(IF($U12="PROMEDIO",$AA12/($G12-$AH12)-1,IF($U12="SELL IN",$AA12/($S12-$AH12)-1,IF($U12="MATRIZ",$AA12/($F12-$AH12)-1))),0) -> -1 | AD12: 1 | AE12: =IFERROR(IF(OR(AD12=1,AD12="",AD12=" "),"COSTO",IF(AD12=3,"FIJO","VENTA")),"") -> COSTO | AF12: 0.07 | AH12: =IFERROR(IF(AE12="COSTO",AF12*F12,IF(AE12="VENTA",AF12*H12,IF(AE12="FIJO",AG12)))," ") -> 227.5 | AX12: =IFERROR(VLOOKUP($C12,LP!$B:$AO,35,0), " ") -> 101 | AY12: =IFERROR(VLOOKUP($C12,LP!$B:$AO,36,0), " ") -> 145 | AZ12: =IFERROR(VLOOKUP($C12,LP!$B:$AO,37,0), " ") -> 109 | BA12: =IFERROR(VLOOKUP($C12,LP!$B:$AO,38,0), " ") -> 140 | BB12: =IFERROR(VLOOKUP($C12,LP!$B:$AO,39,0), " ") -> 78 | BC12: =IFERROR(VLOOKUP($C12,LP!$B:$AO,40,0), " ") -> 24 | BD12: =IFERROR(VLOOKUP($C12,LP!$B:$BH,41,FALSE)," ") -> 30 | BE12: =IFERROR(VLOOKUP($C12,LP!$B:$BH,42,FALSE)," ") -> 27.1875 | BF12: =IFERROR(VLOOKUP($C12,LP!$B:$BH,43,FALSE)," ") -> 112.75862 | BG12: =IFERROR(VLOOKUP($C12,LP!$B:$BH,44,FALSE)," ") -> 73.684211 | BH12: =IFERROR(VLOOKUP($C12,LP!$B:$BH,45,FALSE)," ") -> 9.790795 | BI12: =IFERROR(VLOOKUP($C12,LP!$B:$BH,46,FALSE)," ") -> 360
A13: TELEVENTAS | C13: 5698 | D13: 7840894001003 | E13: GASEOSA GUARANA 2Lts ISAAC | F13: =IFERROR(VLOOKUP($C13,LP!$B:$BH,47,FALSE)," ") -> 3250.0001 | G13: =IFERROR(VLOOKUP($C13,LP!$B:$BH,48,FALSE)," ") -> 3249.9983 | H13: =IFERROR(VLOOKUP($C13,LP!$B:$BH,49,FALSE)," ") -> 3650 | I13: =+IFERROR((H13/F13-1)," ") -> 0.12307691 | J13: =IFERROR(((H13-F13)/H13)," ") -> 0.10958903 | K13: =IFERROR(VLOOKUP($C13,LP!$B:$BH,52,FALSE)," ") -> 3550 | L13: =IFERROR(VLOOKUP($C13,LP!$B:$BH,53,FALSE)," ") -> 6 | M13: =+IFERROR((K13/F13-1)," ") -> 0.092307676 | N13: =IFERROR((K13-F13)/K13," ") -> 0.084507028 | O13: =IFERROR(VLOOKUP($C13,LP!$B:$BH,56,FALSE)," ") -> 0 | P13: =IFERROR(VLOOKUP($C13,LP!$B:$BH,57,FALSE)," ") -> 0 | Q13: =IFERROR(+O13/F13-1," ") -> -1 | R13: =IFERROR((O13-F13)/O13," ") | U13: =+IF(T13=1,"PROMEDIO",IF(T13=3,"SELL IN","MATRIZ")) -> MATRIZ | V13: 3350 | W13: =+IFERROR(IF($U13="PROMEDIO",$V13/($G13-$AH13)-1,IF($U13="SELL IN",$V13/($S13-$AH13)-1,IF($U13="MATRIZ",$V13/($F13-$AH13)-1))),0) -> 0.10835399 | Z13: =+IFERROR(IF($U13="PROMEDIO",$X13/($G13-$AH13)-1,IF($U13="SELL IN",$X13/($S13-$AH13)-1,IF($U13="MATRIZ",$X13/($F13-$AH13)-1))),0) -> -1 | AC13: =+IFERROR(IF($U13="PROMEDIO",$AA13/($G13-$AH13)-1,IF($U13="SELL IN",$AA13/($S13-$AH13)-1,IF($U13="MATRIZ",$AA13/($F13-$AH13)-1))),0) -> -1 | AD13: 1 | AE13: =IFERROR(IF(OR(AD13=1,AD13="",AD13=" "),"COSTO",IF(AD13=3,"FIJO","VENTA")),"") -> COSTO | AF13: 0.07 | AH13: =IFERROR(IF(AE13="COSTO",AF13*F13,IF(AE13="VENTA",AF13*H13,IF(AE13="FIJO",AG13)))," ") -> 227.5 | AX13: =IFERROR(VLOOKUP($C13,LP!$B:$AO,35,0), " ") -> 173 | AY13: =IFERROR(VLOOKUP($C13,LP!$B:$AO,36,0), " ") -> 402 | AZ13: =IFERROR(VLOOKUP($C13,LP!$B:$AO,37,0), " ") -> 75 | BA13: =IFERROR(VLOOKUP($C13,LP!$B:$AO,38,0), " ") -> 161 | BB13: =IFERROR(VLOOKUP($C13,LP!$B:$AO,39,0), " ") -> 92 | BC13: =IFERROR(VLOOKUP($C13,LP!$B:$AO,40,0), " ") -> 33 | BD13: =IFERROR(VLOOKUP($C13,LP!$B:$BH,41,FALSE)," ") -> 57.666667 | BE13: =IFERROR(VLOOKUP($C13,LP!$B:$BH,42,FALSE)," ") -> 60.909091 | BF13: =IFERROR(VLOOKUP($C13,LP!$B:$BH,43,FALSE)," ") -> 52.325581 | BG13: =IFERROR(VLOOKUP($C13,LP!$B:$BH,44,FALSE)," ") -> 52.5 | BH13: =IFERROR(VLOOKUP($C13,LP!$B:$BH,45,FALSE)," ") -> 9.787234 | BI13: =IFERROR(VLOOKUP($C13,LP!$B:$BH,46,FALSE)," ") -> 198
A14: DESTACADO MKT | B14: FALSE | C14: 5700 | D14: 7840894001034 | E14: GASEOSA NARANJA 2Lts ISAAC | F14: =IFERROR(VLOOKUP($C14,LP!$B:$BH,47,FALSE)," ") -> 3250.0001 | G14: =IFERROR(VLOOKUP($C14,LP!$B:$BH,48,FALSE)," ") -> 3249.9892 | H14: =IFERROR(VLOOKUP($C14,LP!$B:$BH,49,FALSE)," ") -> 3650 | I14: =+IFERROR((H14/F14-1)," ") -> 0.12307691 | J14: =IFERROR(((H14-F14)/H14)," ") -> 0.10958903 | K14: =IFERROR(VLOOKUP($C14,LP!$B:$BH,52,FALSE)," ") -> 3550 | L14: =IFERROR(VLOOKUP($C14,LP!$B:$BH,53,FALSE)," ") -> 6 | M14: =+IFERROR((K14/F14-1)," ") -> 0.092307676 | N14: =IFERROR((K14-F14)/K14," ") -> 0.084507028 | O14: =IFERROR(VLOOKUP($C14,LP!$B:$BH,56,FALSE)," ") -> 0 | P14: =IFERROR(VLOOKUP($C14,LP!$B:$BH,57,FALSE)," ") -> 0 | Q14: =IFERROR(+O14/F14-1," ") -> -1 | R14: =IFERROR((O14-F14)/O14," ") | U14: =+IF(T14=1,"PROMEDIO",IF(T14=3,"SELL IN","MATRIZ")) -> MATRIZ | V14: 3350 | W14: =+IFERROR(IF($U14="PROMEDIO",$V14/($G14-$AH14)-1,IF($U14="SELL IN",$V14/($S14-$AH14)-1,IF($U14="MATRIZ",$V14/($F14-$AH14)-1))),0) -> 0.10835399 | Z14: =+IFERROR(IF($U14="PROMEDIO",$X14/($G14-$AH14)-1,IF($U14="SELL IN",$X14/($S14-$AH14)-1,IF($U14="MATRIZ",$X14/($F14-$AH14)-1))),0) -> -1 | AC14: =+IFERROR(IF($U14="PROMEDIO",$AA14/($G14-$AH14)-1,IF($U14="SELL IN",$AA14/($S14-$AH14)-1,IF($U14="MATRIZ",$AA14/($F14-$AH14)-1))),0) -> -1 | AD14: 1 | AE14: =IFERROR(IF(OR(AD14=1,AD14="",AD14=" "),"COSTO",IF(AD14=3,"FIJO","VENTA")),"") -> COSTO | AF14: 0.07 | AH14: =IFERROR(IF(AE14="COSTO",AF14*F14,IF(AE14="VENTA",AF14*H14,IF(AE14="FIJO",AG14)))," ") -> 227.5 | AX14: =IFERROR(VLOOKUP($C14,LP!$B:$AO,35,0), " ") -> 98 | AY14: =IFERROR(VLOOKUP($C14,LP!$B:$AO,36,0), " ") -> 143 | AZ14: =IFERROR(VLOOKUP($C14,LP!$B:$AO,37,0), " ") -> 57 | BA14: =IFERROR(VLOOKUP($C14,LP!$B:$AO,38,0), " ") -> 63 | BB14: =IFERROR(VLOOKUP($C14,LP!$B:$AO,39,0), " ") -> 95 | BC14: =IFERROR(VLOOKUP($C14,LP!$B:$AO,40,0), " ") -> 29 | BD14: =IFERROR(VLOOKUP($C14,LP!$B:$BH,41,FALSE)," ") -> 42.608696 | BE14: =IFERROR(VLOOKUP($C14,LP!$B:$BH,42,FALSE)," ") -> 32.255639 | BF14: =IFERROR(VLOOKUP($C14,LP!$B:$BH,43,FALSE)," ") -> 51.818182 | BG14: =IFERROR(VLOOKUP($C14,LP!$B:$BH,44,FALSE)," ") -> 38.571429 | BH14: =IFERROR(VLOOKUP($C14,LP!$B:$BH,45,FALSE)," ") -> 17.272727 | BI14: =IFERROR(VLOOKUP($C14,LP!$B:$BH,46,FALSE)," ") -> 290
A15: AHORRO FDS | B15: TRUE | C15: 5703 | D15: 7840894001157 | E15: GASEOSA UVA 2Lts ISAAC | F15: =IFERROR(VLOOKUP($C15,LP!$B:$BH,47,FALSE)," ") -> 3250.0001 | G15: =IFERROR(VLOOKUP($C15,LP!$B:$BH,48,FALSE)," ") -> 3249.9744 | H15: =IFERROR(VLOOKUP($C15,LP!$B:$BH,49,FALSE)," ") -> 3650 | I15: =+IFERROR((H15/F15-1)," ") -> 0.12307691 | J15: =IFERROR(((H15-F15)/H15)," ") -> 0.10958903 | K15: =IFERROR(VLOOKUP($C15,LP!$B:$BH,52,FALSE)," ") -> 3550 | L15: =IFERROR(VLOOKUP($C15,LP!$B:$BH,53,FALSE)," ") -> 6 | M15: =+IFERROR((K15/F15-1)," ") -> 0.092307676 | N15: =IFERROR((K15-F15)/K15," ") -> 0.084507028 | O15: =IFERROR(VLOOKUP($C15,LP!$B:$BH,56,FALSE)," ") -> 0 | P15: =IFERROR(VLOOKUP($C15,LP!$B:$BH,57,FALSE)," ") -> 0 | Q15: =IFERROR(+O15/F15-1," ") -> -1 | R15: =IFERROR((O15-F15)/O15," ") | U15: =+IF(T15=1,"PROMEDIO",IF(T15=3,"SELL IN","MATRIZ")) -> MATRIZ | V15: 3350 | W15: =+IFERROR(IF($U15="PROMEDIO",$V15/($G15-$AH15)-1,IF($U15="SELL IN",$V15/($S15-$AH15)-1,IF($U15="MATRIZ",$V15/($F15-$AH15)-1))),0) -> 0.10835399 | Z15: =+IFERROR(IF($U15="PROMEDIO",$X15/($G15-$AH15)-1,IF($U15="SELL IN",$X15/($S15-$AH15)-1,IF($U15="MATRIZ",$X15/($F15-$AH15)-1))),0) -> -1 | AC15: =+IFERROR(IF($U15="PROMEDIO",$AA15/($G15-$AH15)-1,IF($U15="SELL IN",$AA15/($S15-$AH15)-1,IF($U15="MATRIZ",$AA15/($F15-$AH15)-1))),0) -> -1 | AD15: 1 | AE15: =IFERROR(IF(OR(AD15=1,AD15="",AD15=" "),"COSTO",IF(AD15=3,"FIJO","VENTA")),"") -> COSTO | AF15: 0.07 | AH15: =IFERROR(IF(AE15="COSTO",AF15*F15,IF(AE15="VENTA",AF15*H15,IF(AE15="FIJO",AG15)))," ") -> 227.5 | AX15: =IFERROR(VLOOKUP($C15,LP!$B:$AO,35,0), " ") -> 80 | AY15: =IFERROR(VLOOKUP($C15,LP!$B:$AO,36,0), " ") -> 154 | AZ15: =IFERROR(VLOOKUP($C15,LP!$B:$AO,37,0), " ") -> 83 | BA15: =IFERROR(VLOOKUP($C15,LP!$B:$AO,38,0), " ") -> 57 | BB15: =IFERROR(VLOOKUP($C15,LP!$B:$AO,39,0), " ") -> 107 | BC15: =IFERROR(VLOOKUP($C15,LP!$B:$AO,40,0), " ") -> 23 | BD15: =IFERROR(VLOOKUP($C15,LP!$B:$BH,41,FALSE)," ") -> 20.512821 | BE15: =IFERROR(VLOOKUP($C15,LP!$B:$BH,42,FALSE)," ") -> 43.584906 | BF15: =IFERROR(VLOOKUP($C15,LP!$B:$BH,43,FALSE)," ") -> 83 | BG15: =IFERROR(VLOOKUP($C15,LP!$B:$BH,44,FALSE)," ") -> 29.482759 | BH15: =IFERROR(VLOOKUP($C15,LP!$B:$BH,45,FALSE)," ") -> 32.755102 | BI15: =IFERROR(VLOOKUP($C15,LP!$B:$BH,46,FALSE)," ") -> 38.333333
A16: HAPPY DAYS | B16: FALSE | C16: 5701 | D16: 7840894001096 | E16: GASEOSA PIÑA 2Lts ISAAC | F16: =IFERROR(VLOOKUP($C16,LP!$B:$BH,47,FALSE)," ") -> 3250.0001 | G16: =IFERROR(VLOOKUP($C16,LP!$B:$BH,48,FALSE)," ") -> 3248.8007 | H16: =IFERROR(VLOOKUP($C16,LP!$B:$BH,49,FALSE)," ") -> 3650 | I16: =+IFERROR((H16/F16-1)," ") -> 0.12307691 | J16: =IFERROR(((H16-F16)/H16)," ") -> 0.10958903 | K16: =IFERROR(VLOOKUP($C16,LP!$B:$BH,52,FALSE)," ") -> 3550 | L16: =IFERROR(VLOOKUP($C16,LP!$B:$BH,53,FALSE)," ") -> 6 | M16: =+IFERROR((K16/F16-1)," ") -> 0.092307676 | N16: =IFERROR((K16-F16)/K16," ") -> 0.084507028 | O16: =IFERROR(VLOOKUP($C16,LP!$B:$BH,56,FALSE)," ") -> 0 | P16: =IFERROR(VLOOKUP($C16,LP!$B:$BH,57,FALSE)," ") -> 0 | Q16: =IFERROR(+O16/F16-1," ") -> -1 | R16: =IFERROR((O16-F16)/O16," ") | U16: =+IF(T16=1,"PROMEDIO",IF(T16=3,"SELL IN","MATRIZ")) -> MATRIZ | V16: 3350 | W16: =+IFERROR(IF($U16="PROMEDIO",$V16/($G16-$AH16)-1,IF($U16="SELL IN",$V16/($S16-$AH16)-1,IF($U16="MATRIZ",$V16/($F16-$AH16)-1))),0) -> 0.10835399 | Z16: =+IFERROR(IF($U16="PROMEDIO",$X16/($G16-$AH16)-1,IF($U16="SELL IN",$X16/($S16-$AH16)-1,IF($U16="MATRIZ",$X16/($F16-$AH16)-1))),0) -> -1 | AC16: =+IFERROR(IF($U16="PROMEDIO",$AA16/($G16-$AH16)-1,IF($U16="SELL IN",$AA16/($S16-$AH16)-1,IF($U16="MATRIZ",$AA16/($F16-$AH16)-1))),0) -> -1 | AD16: 1 | AE16: =IFERROR(IF(OR(AD16=1,AD16="",AD16=" "),"COSTO",IF(AD16=3,"FIJO","VENTA")),"") -> COSTO | AF16: 0.07 | AH16: =IFERROR(IF(AE16="COSTO",AF16*F16,IF(AE16="VENTA",AF16*H16,IF(AE16="FIJO",AG16)))," ") -> 227.5 | AX16: =IFERROR(VLOOKUP($C16,LP!$B:$AO,35,0), " ") -> 59 | AY16: =IFERROR(VLOOKUP($C16,LP!$B:$AO,36,0), " ") -> 250 | AZ16: =IFERROR(VLOOKUP($C16,LP!$B:$AO,37,0), " ") -> 25 | BA16: =IFERROR(VLOOKUP($C16,LP!$B:$AO,38,0), " ") -> 138 | BB16: =IFERROR(VLOOKUP($C16,LP!$B:$AO,39,0), " ") -> 121 | BC16: =IFERROR(VLOOKUP($C16,LP!$B:$AO,40,0), " ") -> 16 | BD16: =IFERROR(VLOOKUP($C16,LP!$B:$BH,41,FALSE)," ") -> 16.857143 | BE16: =IFERROR(VLOOKUP($C16,LP!$B:$BH,42,FALSE)," ") -> 57.692308 | BF16: =IFERROR(VLOOKUP($C16,LP!$B:$BH,43,FALSE)," ") -> 39.473684 | BG16: =IFERROR(VLOOKUP($C16,LP!$B:$BH,44,FALSE)," ") -> 76.666667 | BH16: =IFERROR(VLOOKUP($C16,LP!$B:$BH,45,FALSE)," ") -> 52.608696 | BI16: =IFERROR(VLOOKUP($C16,LP!$B:$BH,46,FALSE)," ") -> 120
A17: IMBATIBLE | B17: FALSE | C17: 5699 | D17: 7840894001065 | E17: GASEOSA LIMON 2Lts ISAAC | F17: =IFERROR(VLOOKUP($C17,LP!$B:$BH,47,FALSE)," ") -> 3250.0001 | G17: =IFERROR(VLOOKUP($C17,LP!$B:$BH,48,FALSE)," ") -> 3242.8927 | H17: =IFERROR(VLOOKUP($C17,LP!$B:$BH,49,FALSE)," ") -> 3650 | I17: =+IFERROR((H17/F17-1)," ") -> 0.12307691 | J17: =IFERROR(((H17-F17)/H17)," ") -> 0.10958903 | K17: =IFERROR(VLOOKUP($C17,LP!$B:$BH,52,FALSE)," ") -> 3550 | L17: =IFERROR(VLOOKUP($C17,LP!$B:$BH,53,FALSE)," ") -> 6 | M17: =+IFERROR((K17/F17-1)," ") -> 0.092307676 | N17: =IFERROR((K17-F17)/K17," ") -> 0.084507028 | O17: =IFERROR(VLOOKUP($C17,LP!$B:$BH,56,FALSE)," ") -> 0 | P17: =IFERROR(VLOOKUP($C17,LP!$B:$BH,57,FALSE)," ") -> 0 | Q17: =IFERROR(+O17/F17-1," ") -> -1 | R17: =IFERROR((O17-F17)/O17," ") | U17: =+IF(T17=1,"PROMEDIO",IF(T17=3,"SELL IN","MATRIZ")) -> MATRIZ | V17: 3350 | W17: =+IFERROR(IF($U17="PROMEDIO",$V17/($G17-$AH17)-1,IF($U17="SELL IN",$V17/($S17-$AH17)-1,IF($U17="MATRIZ",$V17/($F17-$AH17)-1))),0) -> 0.10835399 | Z17: =+IFERROR(IF($U17="PROMEDIO",$X17/($G17-$AH17)-1,IF($U17="SELL IN",$X17/($S17-$AH17)-1,IF($U17="MATRIZ",$X17/($F17-$AH17)-1))),0) -> -1 | AC17: =+IFERROR(IF($U17="PROMEDIO",$AA17/($G17-$AH17)-1,IF($U17="SELL IN",$AA17/($S17-$AH17)-1,IF($U17="MATRIZ",$AA17/($F17-$AH17)-1))),0) -> -1 | AD17: 1 | AE17: =IFERROR(IF(OR(AD17=1,AD17="",AD17=" "),"COSTO",IF(AD17=3,"FIJO","VENTA")),"") -> COSTO | AF17: 0.07 | AH17: =IFERROR(IF(AE17="COSTO",AF17*F17,IF(AE17="VENTA",AF17*H17,IF(AE17="FIJO",AG17)))," ") -> 227.5 | AX17: =IFERROR(VLOOKUP($C17,LP!$B:$AO,35,0), " ") -> 42 | AY17: =IFERROR(VLOOKUP($C17,LP!$B:$AO,36,0), " ") -> 135 | AZ17: =IFERROR(VLOOKUP($C17,LP!$B:$AO,37,0), " ") -> 43 | BA17: =IFERROR(VLOOKUP($C17,LP!$B:$AO,38,0), " ") -> 42 | BB17: =IFERROR(VLOOKUP($C17,LP!$B:$AO,39,0), " ") -> 73 | BC17: =IFERROR(VLOOKUP($C17,LP!$B:$AO,40,0), " ") -> 19 | BD17: =IFERROR(VLOOKUP($C17,LP!$B:$BH,41,FALSE)," ") -> 12.727273 | BE17: =IFERROR(VLOOKUP($C17,LP!$B:$BH,42,FALSE)," ") -> 34.033613 | BF17: =IFERROR(VLOOKUP($C17,LP!$B:$BH,43,FALSE)," ") -> 32.25 | BG17: =IFERROR(VLOOKUP($C17,LP!$B:$BH,44,FALSE)," ") -> 25.714286 | BH17: =IFERROR(VLOOKUP($C17,LP!$B:$BH,45,FALSE)," ") -> 13.113772 | BI17: =IFERROR(VLOOKUP($C17,LP!$B:$BH,46,FALSE)," ") -> 43.846154
A18: NCOB: | C18: 9881 | D18: 7790314063824 | E18: VINO TINTO 1Lts TORO | F18: =IFERROR(VLOOKUP($C18,LP!$B:$BH,47,FALSE)," ") -> 9583.3333 | G18: =IFERROR(VLOOKUP($C18,LP!$B:$BH,48,FALSE)," ") -> 9598.4987 | H18: =IFERROR(VLOOKUP($C18,LP!$B:$BH,49,FALSE)," ") -> 10900 | I18: =+IFERROR((H18/F18-1)," ") -> 0.13739131 | J18: =IFERROR(((H18-F18)/H18)," ") -> 0.12079511 | U18: =+IF(T18=1,"PROMEDIO",IF(T18=3,"SELL IN","MATRIZ")) -> MATRIZ | V18: 10500 | W18: =+IFERROR(IF($U18="PROMEDIO",$V18/($G18-$AH18)-1,IF($U18="SELL IN",$V18/($S18-$AH18)-1,IF($U18="MATRIZ",$V18/($F18-$AH18)-1))),0) -> 0.095652175 | Z18: =+IFERROR(IF($U18="PROMEDIO",$X18/($G18-$AH18)-1,IF($U18="SELL IN",$X18/($S18-$AH18)-1,IF($U18="MATRIZ",$X18/($F18-$AH18)-1))),0) -> -1 | AD18: 3 | AE18: =IFERROR(IF(OR(AD18=1,AD18="",AD18=" "),"COSTO",IF(AD18=3,"FIJO","VENTA")),"") -> FIJO
A19: MOTIVO ACCION | C19: 17169 | D19: 7898080663900 | E19: GIN DULCE STRAWBERRY 900ml INTENCION | F19: =IFERROR(VLOOKUP($C19,LP!$B:$BH,47,FALSE)," ") -> 26850 | G19: =IFERROR(VLOOKUP($C19,LP!$B:$BH,48,FALSE)," ") -> 26855.865 | H19: =IFERROR(VLOOKUP($C19,LP!$B:$BH,49,FALSE)," ") -> 32900 | I19: =+IFERROR((H19/F19-1)," ") -> 0.22532589 | J19: =IFERROR(((H19-F19)/H19)," ") -> 0.18389058 | K19: =IFERROR(VLOOKUP($C19,LP!$B:$BH,52,FALSE)," ") -> 31500 | L19: =IFERROR(VLOOKUP($C19,LP!$B:$BH,53,FALSE)," ") -> 3 | M19: =+IFERROR((K19/F19-1)," ") -> 0.17318436 | N19: =IFERROR((K19-F19)/K19," ") -> 0.14761905 | O19: =IFERROR(VLOOKUP($C19,LP!$B:$BH,56,FALSE)," ") -> 30900 | P19: =IFERROR(VLOOKUP($C19,LP!$B:$BH,57,FALSE)," ") -> 6 | Q19: =IFERROR(+O19/F19-1," ") -> 0.15083799 | R19: =IFERROR((O19-F19)/O19," ") -> 0.13106796 | U19: =+IF(T19=1,"PROMEDIO",IF(T19=3,"SELL IN","MATRIZ")) -> MATRIZ | V19: 26900 | W19: =+IFERROR(IF($U19="PROMEDIO",$V19/($G19-$AH19)-1,IF($U19="SELL IN",$V19/($S19-$AH19)-1,IF($U19="MATRIZ",$V19/($F19-$AH19)-1))),0) -> 0.11318022 | Z19: =+IFERROR(IF($U19="PROMEDIO",$X19/($G19-$AH19)-1,IF($U19="SELL IN",$X19/($S19-$AH19)-1,IF($U19="MATRIZ",$X19/($F19-$AH19)-1))),0) -> -1 | AC19: =+IFERROR(IF($U19="PROMEDIO",$AA19/($G19-$AH19)-1,IF($U19="SELL IN",$AA19/($S19-$AH19)-1,IF($U19="MATRIZ",$AA19/($F19-$AH19)-1))),0) -> -1 | AD19: 1 | AE19: =IFERROR(IF(OR(AD19=1,AD19="",AD19=" "),"COSTO",IF(AD19=3,"FIJO","VENTA")),"") -> COSTO | AF19: 0.1 | AH19: =IFERROR(IF(AE19="COSTO",AF19*F19,IF(AE19="VENTA",AF19*H19,IF(AE19="FIJO",AG19)))," ") -> 2685 | AX19: =IFERROR(VLOOKUP($C19,LP!$B:$AO,35,0), " ") -> 17 | AY19: =IFERROR(VLOOKUP($C19,LP!$B:$AO,36,0), " ") -> 8 | AZ19: =IFERROR(VLOOKUP($C19,LP!$B:$AO,37,0), " ") -> 9 | BA19: =IFERROR(VLOOKUP($C19,LP!$B:$AO,38,0), " ") -> 21 | BB19: =IFERROR(VLOOKUP($C19,LP!$B:$AO,39,0), " ") -> 22 | BC19: =IFERROR(VLOOKUP($C19,LP!$B:$AO,40,0), " ") -> 12 | BD19: =IFERROR(VLOOKUP($C19,LP!$B:$BH,41,FALSE)," ") -> 39.230769 | BE19: =IFERROR(VLOOKUP($C19,LP!$B:$BH,42,FALSE)," ") -> 12.631579 | BF19: =IFERROR(VLOOKUP($C19,LP!$B:$BH,43,FALSE)," ") -> 24.545455 | BG19: =IFERROR(VLOOKUP($C19,LP!$B:$BH,44,FALSE)," ") -> 157.5 | BH19: =IFERROR(VLOOKUP($C19,LP!$B:$BH,45,FALSE)," ") -> 41.25 | BI19: =IFERROR(VLOOKUP($C19,LP!$B:$BH,46,FALSE)," ") -> SV
A20: CORTO VTO | B20: FALSE | C20: 17168 | D20: 7898080663771 | E20: GIN 900ml INTENCION | F20: =IFERROR(VLOOKUP($C20,LP!$B:$BH,47,FALSE)," ") -> 26850 | G20: =IFERROR(VLOOKUP($C20,LP!$B:$BH,48,FALSE)," ") -> 26969.519 | H20: =IFERROR(VLOOKUP($C20,LP!$B:$BH,49,FALSE)," ") -> 32900 | I20: =+IFERROR((H20/F20-1)," ") -> 0.22532589 | J20: =IFERROR(((H20-F20)/H20)," ") -> 0.18389058 | K20: =IFERROR(VLOOKUP($C20,LP!$B:$BH,52,FALSE)," ") -> 31500 | L20: =IFERROR(VLOOKUP($C20,LP!$B:$BH,53,FALSE)," ") -> 3 | M20: =+IFERROR((K20/F20-1)," ") -> 0.17318436 | N20: =IFERROR((K20-F20)/K20," ") -> 0.14761905 | O20: =IFERROR(VLOOKUP($C20,LP!$B:$BH,56,FALSE)," ") -> 30900 | P20: =IFERROR(VLOOKUP($C20,LP!$B:$BH,57,FALSE)," ") -> 6 | Q20: =IFERROR(+O20/F20-1," ") -> 0.15083799 | R20: =IFERROR((O20-F20)/O20," ") -> 0.13106796 | U20: =+IF(T20=1,"PROMEDIO",IF(T20=3,"SELL IN","MATRIZ")) -> MATRIZ | V20: 26900 | W20: =+IFERROR(IF($U20="PROMEDIO",$V20/($G20-$AH20)-1,IF($U20="SELL IN",$V20/($S20-$AH20)-1,IF($U20="MATRIZ",$V20/($F20-$AH20)-1))),0) -> 0.11318022 | Z20: =+IFERROR(IF($U20="PROMEDIO",$X20/($G20-$AH20)-1,IF($U20="SELL IN",$X20/($S20-$AH20)-1,IF($U20="MATRIZ",$X20/($F20-$AH20)-1))),0) -> -1 | AC20: =+IFERROR(IF($U20="PROMEDIO",$AA20/($G20-$AH20)-1,IF($U20="SELL IN",$AA20/($S20-$AH20)-1,IF($U20="MATRIZ",$AA20/($F20-$AH20)-1))),0) -> -1 | AD20: 1 | AE20: =IFERROR(IF(OR(AD20=1,AD20="",AD20=" "),"COSTO",IF(AD20=3,"FIJO","VENTA")),"") -> COSTO | AF20: 0.1 | AH20: =IFERROR(IF(AE20="COSTO",AF20*F20,IF(AE20="VENTA",AF20*H20,IF(AE20="FIJO",AG20)))," ") -> 2685 | AX20: =IFERROR(VLOOKUP($C20,LP!$B:$AO,35,0), " ") -> 11 | AY20: =IFERROR(VLOOKUP($C20,LP!$B:$AO,36,0), " ") -> 0 | AZ20: =IFERROR(VLOOKUP($C20,LP!$B:$AO,37,0), " ") -> 9 | BA20: =IFERROR(VLOOKUP($C20,LP!$B:$AO,38,0), " ") -> 6 | BB20: =IFERROR(VLOOKUP($C20,LP!$B:$AO,39,0), " ") -> 13 | BC20: =IFERROR(VLOOKUP($C20,LP!$B:$AO,40,0), " ") -> 0 | BD20: =IFERROR(VLOOKUP($C20,LP!$B:$BH,41,FALSE)," ") -> 55 | BE20: =IFERROR(VLOOKUP($C20,LP!$B:$BH,42,FALSE)," ") -> Q | BF20: =IFERROR(VLOOKUP($C20,LP!$B:$BH,43,FALSE)," ") -> 67.5 | BG20: =IFERROR(VLOOKUP($C20,LP!$B:$BH,44,FALSE)," ") -> 180 | BH20: =IFERROR(VLOOKUP($C20,LP!$B:$BH,45,FALSE)," ") -> 130 | BI20: =IFERROR(VLOOKUP($C20,LP!$B:$BH,46,FALSE)," ") -> Q
E21: mog
A22: COB (1) | B22: TRUE | C22: 19988 | D22: 8800010017607 | E22: CERVEZA Bot 275ml 24un SKOL | F22: =IFERROR(VLOOKUP($C22,[1]LP!$B:$BH,47,FALSE)," ") -> 117384 | G22: =IFERROR(VLOOKUP($C22,[1]LP!$B:$BH,48,FALSE)," ") -> 115097.54 | H22: =IFERROR(VLOOKUP($C22,[1]LP!$B:$BH,49,FALSE)," ") -> 124900 | I22: =+IFERROR((H22/F22-1)," ") -> 0.064029169 | J22: =IFERROR(((H22-F22)/H22)," ") -> 0.060176141 | K22: =IFERROR(VLOOKUP($C22,[1]LP!$B:$BH,52,FALSE)," ") | L22: =IFERROR(VLOOKUP($C22,[1]LP!$B:$BH,53,FALSE)," ") | M22: =+IFERROR((K22/F22-1)," ") | N22: =IFERROR((K22-F22)/K22," ") | O22: =IFERROR(VLOOKUP($C22,[1]LP!$B:$BH,56,FALSE)," ") | P22: =IFERROR(VLOOKUP($C22,[1]LP!$B:$BH,57,FALSE)," ") | Q22: =IFERROR(+O22/F22-1," ") | R22: =IFERROR((O22-F22)/O22," ") | U22: =+IF(T22=1,"PROMEDIO",IF(T22=3,"SELL IN","MATRIZ")) -> MATRIZ | V22: 109900 | W22: =+IFERROR(IF($U22="PROMEDIO",$V22/($G22-$AH22)-1,IF($U22="SELL IN",$V22/($S22-$AH22)-1,IF($U22="MATRIZ",$V22/($F22-$AH22)-1))),0) -> 0.021451409 | Z22: =+IFERROR(IF($U22="PROMEDIO",$X22/($G22-$AH22)-1,IF($U22="SELL IN",$X22/($S22-$AH22)-1,IF($U22="MATRIZ",$X22/($F22-$AH22)-1))),0) -> -1 | AC22: =+IFERROR(IF($U22="PROMEDIO",$AA22/($G22-$AH22)-1,IF($U22="SELL IN",$AA22/($S22-$AH22)-1,IF($U22="MATRIZ",$AA22/($F22-$AH22)-1))),0) -> -1 | AD22: 3 | AE22: =IFERROR(IF(OR(AD22=1,AD22="",AD22=" "),"COSTO",IF(AD22=3,"FIJO","VENTA")),"") -> FIJO | AF22: 0.084 | AG22: =+AG24*24 -> 9792 | AH22: =IFERROR(IF(AE22="COSTO",AF22*F22,IF(AE22="VENTA",AF22*H22,IF(AE22="FIJO",AG22)))," ") -> 9792 | AX22: =IFERROR(VLOOKUP($C22,LP!$B:$AO,35,0), " ") -> 0 | AY22: =IFERROR(VLOOKUP($C22,LP!$B:$AO,36,0), " ") -> 0 | AZ22: =IFERROR(VLOOKUP($C22,LP!$B:$AO,37,0), " ") -> 0 | BA22: =IFERROR(VLOOKUP($C22,LP!$B:$AO,38,0), " ") -> 0 | BB22: =IFERROR(VLOOKUP($C22,LP!$B:$AO,39,0), " ") -> 0 | BC22: =IFERROR(VLOOKUP($C22,LP!$B:$AO,40,0), " ") -> 0 | BD22: =IFERROR(VLOOKUP($C22,LP!$B:$BH,41,FALSE)," ") -> Q | BE22: =IFERROR(VLOOKUP($C22,LP!$B:$BH,42,FALSE)," ") -> Q | BF22: =IFERROR(VLOOKUP($C22,LP!$B:$BH,43,FALSE)," ") -> Q | BG22: =IFERROR(VLOOKUP($C22,LP!$B:$BH,44,FALSE)," ") -> Q | BH22: =IFERROR(VLOOKUP($C22,LP!$B:$BH,45,FALSE)," ") -> Q | BI22: =IFERROR(VLOOKUP($C22,LP!$B:$BH,46,FALSE)," ") -> Q
A23: NOCOB (2) | B23: TRUE | C23: 16422 | D23: 7891149107711 | E23: CERVEZA Bot 275ml 6un SKOL | F23: =IFERROR(VLOOKUP($C23,[1]LP!$B:$BH,47,FALSE)," ") -> 29346 | G23: =IFERROR(VLOOKUP($C23,[1]LP!$B:$BH,48,FALSE)," ") -> 28774.384 | H23: =IFERROR(VLOOKUP($C23,[1]LP!$B:$BH,49,FALSE)," ") -> 32500 | I23: =+IFERROR((H23/F23-1)," ") -> 0.10747632 | J23: =IFERROR(((H23-F23)/H23)," ") -> 0.097046154 | K23: =IFERROR(VLOOKUP($C23,[1]LP!$B:$BH,52,FALSE)," ") -> 31225 | L23: =IFERROR(VLOOKUP($C23,[1]LP!$B:$BH,53,FALSE)," ") -> 4 | M23: =+IFERROR((K23/F23-1)," ") -> 0.064029169 | N23: =IFERROR((K23-F23)/K23," ") -> 0.060176141 | O23: =IFERROR(VLOOKUP($C23,[1]LP!$B:$BH,56,FALSE)," ") -> 0 | P23: =IFERROR(VLOOKUP($C23,[1]LP!$B:$BH,57,FALSE)," ") -> 0 | Q23: =IFERROR(+O23/F23-1," ") -> -1 | R23: =IFERROR((O23-F23)/O23," ") | U23: =+IF(T23=1,"PROMEDIO",IF(T23=3,"SELL IN","MATRIZ")) -> MATRIZ | V23: 27500 | W23: =+IFERROR(IF($U23="PROMEDIO",$V23/($G23-$AH23)-1,IF($U23="SELL IN",$V23/($S23-$AH23)-1,IF($U23="MATRIZ",$V23/($F23-$AH23)-1))),0) -> 0.022380846 | Z23: =+IFERROR(IF($U23="PROMEDIO",$X23/($G23-$AH23)-1,IF($U23="SELL IN",$X23/($S23-$AH23)-1,IF($U23="MATRIZ",$X23/($F23-$AH23)-1))),0) -> -1 | AC23: =+IFERROR(IF($U23="PROMEDIO",$AA23/($G23-$AH23)-1,IF($U23="SELL IN",$AA23/($S23-$AH23)-1,IF($U23="MATRIZ",$AA23/($F23-$AH23)-1))),0) -> -1 | AD23: 3 | AE23: =IFERROR(IF(OR(AD23=1,AD23="",AD23=" "),"COSTO",IF(AD23=3,"FIJO","VENTA")),"") -> FIJO | AF23: 0.084 | AG23: =+AG24*6 -> 2448 | AH23: =IFERROR(IF(AE23="COSTO",AF23*F23,IF(AE23="VENTA",AF23*H23,IF(AE23="FIJO",AG23)))," ") -> 2448 | AX23: =IFERROR(VLOOKUP($C23,LP!$B:$AO,35,0), " ") -> 0 | AY23: =IFERROR(VLOOKUP($C23,LP!$B:$AO,36,0), " ") -> 0 | AZ23: =IFERROR(VLOOKUP($C23,LP!$B:$AO,37,0), " ") -> 0 | BA23: =IFERROR(VLOOKUP($C23,LP!$B:$AO,38,0), " ") -> 0 | BB23: =IFERROR(VLOOKUP($C23,LP!$B:$AO,39,0), " ") -> 0 | BC23: =IFERROR(VLOOKUP($C23,LP!$B:$AO,40,0), " ") -> 0 | BD23: =IFERROR(VLOOKUP($C23,LP!$B:$BH,41,FALSE)," ") -> Q | BE23: =IFERROR(VLOOKUP($C23,LP!$B:$BH,42,FALSE)," ") -> Q | BF23: =IFERROR(VLOOKUP($C23,LP!$B:$BH,43,FALSE)," ") -> Q | BG23: =IFERROR(VLOOKUP($C23,LP!$B:$BH,44,FALSE)," ") -> Q | BH23: =IFERROR(VLOOKUP($C23,LP!$B:$BH,45,FALSE)," ") -> Q | BI23: =IFERROR(VLOOKUP($C23,LP!$B:$BH,46,FALSE)," ") -> Q
A24: SELL INN (2) | B24: FALSE | C24: 16421 | D24: 7891149107704 | E24: CERVEZA Bot 275ml SKOL | F24: =IFERROR(VLOOKUP($C24,[1]LP!$B:$BH,47,FALSE)," ") -> 4891 | G24: =IFERROR(VLOOKUP($C24,[1]LP!$B:$BH,48,FALSE)," ") -> 4795.7307 | H24: =IFERROR(VLOOKUP($C24,[1]LP!$B:$BH,49,FALSE)," ") -> 5550 | I24: =+IFERROR((H24/F24-1)," ") -> 0.13473727 | J24: =IFERROR(((H24-F24)/H24)," ") -> 0.11873874 | K24: =IFERROR(VLOOKUP($C24,[1]LP!$B:$BH,52,FALSE)," ") -> 5416.6667 | L24: =IFERROR(VLOOKUP($C24,[1]LP!$B:$BH,53,FALSE)," ") -> 6 | M24: =+IFERROR((K24/F24-1)," ") -> 0.10747632 | N24: =IFERROR((K24-F24)/K24," ") -> 0.097046154 | O24: =IFERROR(VLOOKUP($C24,[1]LP!$B:$BH,56,FALSE)," ") -> 5204.1667 | P24: =IFERROR(VLOOKUP($C24,[1]LP!$B:$BH,57,FALSE)," ") -> 24 | Q24: =IFERROR(+O24/F24-1," ") -> 0.06402917 | R24: =IFERROR((O24-F24)/O24," ") -> 0.060176142 | U24: =+IF(T24=1,"PROMEDIO",IF(T24=3,"SELL IN","MATRIZ")) -> MATRIZ | V24: 4750 | W24: =+IFERROR(IF($U24="PROMEDIO",$V24/($G24-$AH24)-1,IF($U24="SELL IN",$V24/($S24-$AH24)-1,IF($U24="MATRIZ",$V24/($F24-$AH24)-1))),0) -> 0.059558331 | Z24: =+IFERROR(IF($U24="PROMEDIO",$X24/($G24-$AH24)-1,IF($U24="SELL IN",$X24/($S24-$AH24)-1,IF($U24="MATRIZ",$X24/($F24-$AH24)-1))),0) -> -1 | AC24: =+IFERROR(IF($U24="PROMEDIO",$AA24/($G24-$AH24)-1,IF($U24="SELL IN",$AA24/($S24-$AH24)-1,IF($U24="MATRIZ",$AA24/($F24-$AH24)-1))),0) -> -1 | AD24: 3 | AE24: =IFERROR(IF(OR(AD24=1,AD24="",AD24=" "),"COSTO",IF(AD24=3,"FIJO","VENTA")),"") -> FIJO | AF24: 0.084 | AG24: 408 | AH24: =IFERROR(IF(AE24="COSTO",AF24*F24,IF(AE24="VENTA",AF24*H24,IF(AE24="FIJO",AG24)))," ") -> 408 | AX24: =IFERROR(VLOOKUP($C24,LP!$B:$AO,35,0), " ") -> 10465 | AY24: =IFERROR(VLOOKUP($C24,LP!$B:$AO,36,0), " ") -> 1840 | AZ24: =IFERROR(VLOOKUP($C24,LP!$B:$AO,37,0), " ") -> 10348 | BA24: =IFERROR(VLOOKUP($C24,LP!$B:$AO,38,0), " ") -> 10068 | BB24: =IFERROR(VLOOKUP($C24,LP!$B:$AO,39,0), " ") -> 3614 | BC24: =IFERROR(VLOOKUP($C24,LP!$B:$AO,40,0), " ") -> 1121 | BD24: =IFERROR(VLOOKUP($C24,LP!$B:$BH,41,FALSE)," ") -> 170.1626 | BE24: =IFERROR(VLOOKUP($C24,LP!$B:$BH,42,FALSE)," ") -> 18.296321 | BF24: =IFERROR(VLOOKUP($C24,LP!$B:$BH,43,FALSE)," ") -> 194.87759 | BG24: =IFERROR(VLOOKUP($C24,LP!$B:$BH,44,FALSE)," ") -> 128.0916 | BH24: =IFERROR(VLOOKUP($C24,LP!$B:$BH,45,FALSE)," ") -> 44.93162 | BI24: =IFERROR(VLOOKUP($C24,LP!$B:$BH,46,FALSE)," ") -> 326.50485
A25: SALUDABLE | B25: FALSE | C25: 37479 | D25: 17898334962060 | E25: CERVEZA Lata 269ml 12un PILSEN OPA BIER | F25: =IFERROR(VLOOKUP($C25,[2]LP!$B:$BH,47,FALSE)," ") -> 37800 | G25: =IFERROR(VLOOKUP($C25,[2]LP!$B:$BH,48,FALSE)," ") -> 37906.224 | H25: =IFERROR(VLOOKUP($C25,[2]LP!$B:$BH,49,FALSE)," ") -> 41500 | I25: =+IFERROR((H25/F25-1)," ") -> 0.097883598 | J25: =IFERROR(((H25-F25)/H25)," ") -> 0.089156627 | K25: =IFERROR(VLOOKUP($C25,[2]LP!$B:$BH,52,FALSE)," ") -> 39900 | L25: =IFERROR(VLOOKUP($C25,[2]LP!$B:$BH,53,FALSE)," ") -> 3 | M25: =+IFERROR((K25/F25-1)," ") -> 0.055555556 | N25: =IFERROR((K25-F25)/K25," ") -> 0.052631579 | O25: =IFERROR(VLOOKUP($C25,[2]LP!$B:$BH,56,FALSE)," ") -> 0 | P25: =IFERROR(VLOOKUP($C25,[2]LP!$B:$BH,57,FALSE)," ") -> 0 | Q25: =IFERROR(+O25/F25-1," ") -> -1 | R25: =IFERROR((O25-F25)/O25," ") | U25: =+IF(T25=1,"PROMEDIO",IF(T25=3,"SELL IN","MATRIZ")) -> MATRIZ | V25: 35900 | W25: =+IFERROR(IF($U25="PROMEDIO",$V25/($G25-$AH25)-1,IF($U25="SELL IN",$V25/($S25-$AH25)-1,IF($U25="MATRIZ",$V25/($F25-$AH25)-1))),0) -> 0.12408302 | Z25: =+IFERROR(IF($U25="PROMEDIO",$X25/($G25-$AH25)-1,IF($U25="SELL IN",$X25/($S25-$AH25)-1,IF($U25="MATRIZ",$X25/($F25-$AH25)-1))),0) -> -1 | AC25: =+IFERROR(IF($U25="PROMEDIO",$AA25/($G25-$AH25)-1,IF($U25="SELL IN",$AA25/($S25-$AH25)-1,IF($U25="MATRIZ",$AA25/($F25-$AH25)-1))),0) -> -1 | AD25: 3 | AE25: =IFERROR(IF(OR(AD25=1,AD25="",AD25=" "),"COSTO",IF(AD25=3,"FIJO","VENTA")),"") -> FIJO | AF25: 0.15461121 | AG25: =+AH26*12 -> 5862.8572 | AH25: =IFERROR(IF(AE25="COSTO",AF25*F25,IF(AE25="VENTA",AF25*H25,IF(AE25="FIJO",AG25)))," ") -> 5862.8572 | AX25: =IFERROR(VLOOKUP($C25,[2]LP!$B:$AO,35,0), " ") | AY25: =IFERROR(VLOOKUP($C25,[2]LP!$B:$AO,36,0), " ") | AZ25: =IFERROR(VLOOKUP($C25,[2]LP!$B:$AO,37,0), " ") | BA25: =IFERROR(VLOOKUP($C25,[2]LP!$B:$AO,38,0), " ") | BB25: =IFERROR(VLOOKUP($C25,[2]LP!$B:$AO,39,0), " ") | BC25: =IFERROR(VLOOKUP($C25,[2]LP!$B:$AO,40,0), " ") | BD25: =IFERROR(VLOOKUP($C25,[2]LP!$B:$BH,41,FALSE)," ") -> SV | BE25: =IFERROR(VLOOKUP($C25,[2]LP!$B:$BH,42,FALSE)," ") -> SV | BF25: =IFERROR(VLOOKUP($C25,[2]LP!$B:$BH,43,FALSE)," ") -> SV | BG25: =IFERROR(VLOOKUP($C25,[2]LP!$B:$BH,44,FALSE)," ") -> SV | BH25: =IFERROR(VLOOKUP($C25,[2]LP!$B:$BH,45,FALSE)," ") -> SV | BI25: =IFERROR(VLOOKUP($C25,[2]LP!$B:$BH,46,FALSE)," ") -> SV
A26: OTROS | C26: 37478 | D26: 7898334962063 | E26: CERVEZA Lata 269ml PILSEN OPA BIER | F26: =IFERROR(VLOOKUP($C26,[2]LP!$B:$BH,47,FALSE)," ") -> 3160 | G26: =IFERROR(VLOOKUP($C26,[2]LP!$B:$BH,48,FALSE)," ") -> 3158.852 | H26: =IFERROR(VLOOKUP($C26,[2]LP!$B:$BH,49,FALSE)," ") -> 3550 | I26: =+IFERROR((H26/F26-1)," ") -> 0.12341771 | J26: =IFERROR(((H26-F26)/H26)," ") -> 0.10985915 | K26: =IFERROR(VLOOKUP($C26,[2]LP!$B:$BH,52,FALSE)," ") -> 3458.3333 | L26: =IFERROR(VLOOKUP($C26,[2]LP!$B:$BH,53,FALSE)," ") -> 12 | M26: =+IFERROR((K26/F26-1)," ") -> 0.094409271 | N26: =IFERROR((K26-F26)/K26," ") -> 0.086265051 | O26: =IFERROR(VLOOKUP($C26,[2]LP!$B:$BH,56,FALSE)," ") -> 3325 | P26: =IFERROR(VLOOKUP($C26,[2]LP!$B:$BH,57,FALSE)," ") -> 36 | Q26: =IFERROR(+O26/F26-1," ") -> 0.05221518 | R26: =IFERROR((O26-F26)/O26," ") -> 0.049624051 | U26: =+IF(T26=1,"PROMEDIO",IF(T26=3,"SELL IN","MATRIZ")) -> MATRIZ | V26: 3550 | W26: =+IFERROR(IF($U26="PROMEDIO",$V26/($G26-$AH26)-1,IF($U26="SELL IN",$V26/($S26-$AH26)-1,IF($U26="MATRIZ",$V26/($F26-$AH26)-1))),0) -> 0.32887699 | Z26: =+IFERROR(IF($U26="PROMEDIO",$X26/($G26-$AH26)-1,IF($U26="SELL IN",$X26/($S26-$AH26)-1,IF($U26="MATRIZ",$X26/($F26-$AH26)-1))),0) -> -1 | AC26: =+IFERROR(IF($U26="PROMEDIO",$AA26/($G26-$AH26)-1,IF($U26="SELL IN",$AA26/($S26-$AH26)-1,IF($U26="MATRIZ",$AA26/($F26-$AH26)-1))),0) -> -1 | AD26: 1 | AE26: =IFERROR(IF(OR(AD26=1,AD26="",AD26=" "),"COSTO",IF(AD26=3,"FIJO","VENTA")),"") -> COSTO | AF26: 0.15461121 | AH26: =IFERROR(IF(AE26="COSTO",AF26*F26,IF(AE26="VENTA",AF26*H26,IF(AE26="FIJO",AG26)))," ") -> 488.57143 | AX26: =IFERROR(VLOOKUP($C26,[2]LP!$B:$AO,35,0), " ") | AY26: =IFERROR(VLOOKUP($C26,[2]LP!$B:$AO,36,0), " ") | AZ26: =IFERROR(VLOOKUP($C26,[2]LP!$B:$AO,37,0), " ") | BA26: =IFERROR(VLOOKUP($C26,[2]LP!$B:$AO,38,0), " ") | BB26: =IFERROR(VLOOKUP($C26,[2]LP!$B:$AO,39,0), " ") | BC26: =IFERROR(VLOOKUP($C26,[2]LP!$B:$AO,40,0), " ") | BD26: =IFERROR(VLOOKUP($C26,[2]LP!$B:$BH,41,FALSE)," ") -> 0 | BE26: =IFERROR(VLOOKUP($C26,[2]LP!$B:$BH,42,FALSE)," ") -> 0 | BF26: =IFERROR(VLOOKUP($C26,[2]LP!$B:$BH,43,FALSE)," ") -> 0 | BG26: =IFERROR(VLOOKUP($C26,[2]LP!$B:$BH,44,FALSE)," ") -> 0 | BH26: =IFERROR(VLOOKUP($C26,[2]LP!$B:$BH,45,FALSE)," ") -> 0 | BI26: =IFERROR(VLOOKUP($C26,[2]LP!$B:$BH,46,FALSE)," ") -> 0
A27: ABASTO | B27: TRUE | C27: 6265 | D27: 7896050200131 | E27: CACHAZA 910ml VELHO BARREIRO | F27: 21945 | G27: =IFERROR(VLOOKUP($C27,[1]LP!$B:$BH,48,FALSE)," ") -> 18240.479 | H27: =IFERROR(VLOOKUP($C27,[1]LP!$B:$BH,49,FALSE)," ") -> 27900 | I27: =+IFERROR((H27/F27-1)," ") -> 0.27136022 | J27: =IFERROR(((H27-F27)/H27)," ") -> 0.21344086 | K27: =IFERROR(VLOOKUP($C27,[1]LP!$B:$BH,52,FALSE)," ") -> 26900 | L27: =IFERROR(VLOOKUP($C27,[1]LP!$B:$BH,53,FALSE)," ") -> 3 | M27: =+IFERROR((K27/F27-1)," ") -> 0.22579175 | N27: =IFERROR((K27-F27)/K27," ") -> 0.18420074 | O27: =IFERROR(VLOOKUP($C27,[1]LP!$B:$BH,56,FALSE)," ") -> 25900 | P27: =IFERROR(VLOOKUP($C27,[1]LP!$B:$BH,57,FALSE)," ") -> 6 | Q27: =IFERROR(+O27/F27-1," ") -> 0.18022329 | R27: =IFERROR((O27-F27)/O27," ") -> 0.1527027 | U27: =+IF(T27=1,"PROMEDIO",IF(T27=3,"SELL IN","MATRIZ")) -> MATRIZ | V27: 24900 | W27: =+IFERROR(IF($U27="PROMEDIO",$V27/($G27-$AH27)-1,IF($U27="SELL IN",$V27/($S27-$AH27)-1,IF($U27="MATRIZ",$V27/($F27-$AH27)-1))),0) -> 0.13465482 | Z27: =+IFERROR(IF($U27="PROMEDIO",$X27/($G27-$AH27)-1,IF($U27="SELL IN",$X27/($S27-$AH27)-1,IF($U27="MATRIZ",$X27/($F27-$AH27)-1))),0) -> -1 | AC27: =+IFERROR(IF($U27="PROMEDIO",$AA27/($G27-$AH27)-1,IF($U27="SELL IN",$AA27/($S27-$AH27)-1,IF($U27="MATRIZ",$AA27/($F27-$AH27)-1))),0) -> -1 | AD27: 1 | AE27: =IFERROR(IF(OR(AD27=1,AD27="",AD27=" "),"COSTO",IF(AD27=3,"FIJO","VENTA")),"") -> COSTO | AH27: =IFERROR(IF(AE27="COSTO",AF27*F27,IF(AE27="VENTA",AF27*H27,IF(AE27="FIJO",AG27)))," ") -> 0 | AX27: =IFERROR(VLOOKUP($C27,LP!$B:$AO,35,0), " ") -> -29 | AY27: =IFERROR(VLOOKUP($C27,LP!$B:$AO,36,0), " ") -> 218 | AZ27: =IFERROR(VLOOKUP($C27,LP!$B:$AO,37,0), " ") -> 164 | BA27: =IFERROR(VLOOKUP($C27,LP!$B:$AO,38,0), " ") -> 331 | BB27: =IFERROR(VLOOKUP($C27,LP!$B:$AO,39,0), " ") -> 582 | BC27: =IFERROR(VLOOKUP($C27,LP!$B:$AO,40,0), " ") -> 178 | BD27: =IFERROR(VLOOKUP($C27,LP!$B:$BH,41,FALSE)," ") -> Q | BE27: =IFERROR(VLOOKUP($C27,LP!$B:$BH,42,FALSE)," ") -> 50.307692 | BF27: =IFERROR(VLOOKUP($C27,LP!$B:$BH,43,FALSE)," ") -> 52.340426 | BG27: =IFERROR(VLOOKUP($C27,LP!$B:$BH,44,FALSE)," ") -> 127.30769 | BH27: =IFERROR(VLOOKUP($C27,LP!$B:$BH,45,FALSE)," ") -> 196.17978 | BI27: =IFERROR(VLOOKUP($C27,LP!$B:$BH,46,FALSE)," ") -> 2670
A28: CAPIATA R1 | B28: TRUE | C28: 8543 | D28: 7893218003610 | E28: VODKA ICE Lata 269ml SMIRNOFF | F28: =IFERROR(VLOOKUP($C28,LP!$B:$BH,47,FALSE)," ") -> 5981 | G28: =IFERROR(VLOOKUP($C28,LP!$B:$BH,48,FALSE)," ") -> 5928.2381 | H28: =IFERROR(VLOOKUP($C28,LP!$B:$BH,49,FALSE)," ") -> 6550 | I28: =+IFERROR((H28/F28-1)," ") -> 0.095134598 | J28: =IFERROR(((H28-F28)/H28)," ") -> 0.086870234 | K28: =IFERROR(VLOOKUP($C28,LP!$B:$BH,52,FALSE)," ") -> 0 | L28: =IFERROR(VLOOKUP($C28,LP!$B:$BH,53,FALSE)," ") -> 0 | M28: =+IFERROR((K28/F28-1)," ") -> -1 | N28: =IFERROR((K28-F28)/K28," ") | O28: =IFERROR(VLOOKUP($C28,LP!$B:$BH,56,FALSE)," ") -> 0 | P28: =IFERROR(VLOOKUP($C28,LP!$B:$BH,57,FALSE)," ") -> 0 | Q28: =IFERROR(+O28/F28-1," ") -> -1 | R28: =IFERROR((O28-F28)/O28," ") | U28: =+IF(T28=1,"PROMEDIO",IF(T28=3,"SELL IN","MATRIZ")) -> MATRIZ | V28: 5750 | W28: =+IFERROR(IF($U28="PROMEDIO",$V28/($G28-$AH28)-1,IF($U28="SELL IN",$V28/($S28-$AH28)-1,IF($U28="MATRIZ",$V28/($F28-$AH28)-1))),0) -> 0.091703063 | Z28: =+IFERROR(IF($U28="PROMEDIO",$X28/($G28-$AH28)-1,IF($U28="SELL IN",$X28/($S28-$AH28)-1,IF($U28="MATRIZ",$X28/($F28-$AH28)-1))),0) -> -1 | AC28: =+IFERROR(IF($U28="PROMEDIO",$AA28/($G28-$AH28)-1,IF($U28="SELL IN",$AA28/($S28-$AH28)-1,IF($U28="MATRIZ",$AA28/($F28-$AH28)-1))),0) -> -1 | AD28: 3 | AE28: =IFERROR(IF(OR(AD28=1,AD28="",AD28=" "),"COSTO",IF(AD28=3,"FIJO","VENTA")),"") -> FIJO | AF28: 0.119 | AG28: 714 | AH28: =IFERROR(IF(AE28="COSTO",AF28*F28,IF(AE28="VENTA",AF28*H28,IF(AE28="FIJO",AG28)))," ") -> 714 | AX28: =IFERROR(VLOOKUP($C28,LP!$B:$AO,35,0), " ") -> 366 | AY28: =IFERROR(VLOOKUP($C28,LP!$B:$AO,36,0), " ") -> 641 | AZ28: =IFERROR(VLOOKUP($C28,LP!$B:$AO,37,0), " ") -> 116 | BA28: =IFERROR(VLOOKUP($C28,LP!$B:$AO,38,0), " ") -> 398 | BB28: =IFERROR(VLOOKUP($C28,LP!$B:$AO,39,0), " ") -> 520 | BC28: =IFERROR(VLOOKUP($C28,LP!$B:$AO,40,0), " ") -> 543 | BD28: =IFERROR(VLOOKUP($C28,LP!$B:$BH,41,FALSE)," ") -> 61.685393 | BE28: =IFERROR(VLOOKUP($C28,LP!$B:$BH,42,FALSE)," ") -> 42.924107 | BF28: =IFERROR(VLOOKUP($C28,LP!$B:$BH,43,FALSE)," ") -> 22.165605 | BG28: =IFERROR(VLOOKUP($C28,LP!$B:$BH,44,FALSE)," ") -> 61.546392 | BH28: =IFERROR(VLOOKUP($C28,LP!$B:$BH,45,FALSE)," ") -> 36.533958 | BI28: =IFERROR(VLOOKUP($C28,LP!$B:$BH,46,FALSE)," ") -> 678.75
C29: 11870 | D29: 7893218003580 | E29: VODKA ICE Lata 269ml 8un SMIRNOFF | F29: =IFERROR(VLOOKUP($C29,LP!$B:$BH,47,FALSE)," ") -> 47848 | G29: =IFERROR(VLOOKUP($C29,LP!$B:$BH,48,FALSE)," ") -> 47425.905 | H29: =IFERROR(VLOOKUP($C29,LP!$B:$BH,49,FALSE)," ") -> 51900 | I29: =+IFERROR((H29/F29-1)," ") -> 0.084684835 | J29: =IFERROR(((H29-F29)/H29)," ") -> 0.078073218 | K29: =IFERROR(VLOOKUP($C29,LP!$B:$BH,52,FALSE)," ") -> 0 | L29: =IFERROR(VLOOKUP($C29,LP!$B:$BH,53,FALSE)," ") -> 0 | M29: =+IFERROR((K29/F29-1)," ") -> -1 | N29: =IFERROR((K29-F29)/K29," ") | O29: =IFERROR(VLOOKUP($C29,LP!$B:$BH,56,FALSE)," ") -> 0 | P29: =IFERROR(VLOOKUP($C29,LP!$B:$BH,57,FALSE)," ") -> 0 | Q29: =IFERROR(+O29/F29-1," ") -> -1 | R29: =IFERROR((O29-F29)/O29," ") | U29: =+IF(T29=1,"PROMEDIO",IF(T29=3,"SELL IN","MATRIZ")) -> MATRIZ | V29: 45900 | W29: =+IFERROR(IF($U29="PROMEDIO",$V29/($G29-$AH29)-1,IF($U29="SELL IN",$V29/($S29-$AH29)-1,IF($U29="MATRIZ",$V29/($F29-$AH29)-1))),0) -> 0.089329789 | Z29: =+IFERROR(IF($U29="PROMEDIO",$X29/($G29-$AH29)-1,IF($U29="SELL IN",$X29/($S29-$AH29)-1,IF($U29="MATRIZ",$X29/($F29-$AH29)-1))),0) -> -1 | AC29: =+IFERROR(IF($U29="PROMEDIO",$AA29/($G29-$AH29)-1,IF($U29="SELL IN",$AA29/($S29-$AH29)-1,IF($U29="MATRIZ",$AA29/($F29-$AH29)-1))),0) -> -1 | AD29: 3 | AE29: =IFERROR(IF(OR(AD29=1,AD29="",AD29=" "),"COSTO",IF(AD29=3,"FIJO","VENTA")),"") -> FIJO | AF29: 0.12 | AG29: =+AG28*8 -> 5712 | AH29: =IFERROR(IF(AE29="COSTO",AF29*F29,IF(AE29="VENTA",AF29*H29,IF(AE29="FIJO",AG29)))," ") -> 5712 | AX29: =IFERROR(VLOOKUP($C29,LP!$B:$AO,35,0), " ") -> 0 | AY29: =IFERROR(VLOOKUP($C29,LP!$B:$AO,36,0), " ") -> 0 | AZ29: =IFERROR(VLOOKUP($C29,LP!$B:$AO,37,0), " ") -> 0 | BA29: =IFERROR(VLOOKUP($C29,LP!$B:$AO,38,0), " ") -> 0 | BB29: =IFERROR(VLOOKUP($C29,LP!$B:$AO,39,0), " ") -> 0 | BC29: =IFERROR(VLOOKUP($C29,LP!$B:$AO,40,0), " ") -> 0 | BD29: =IFERROR(VLOOKUP($C29,LP!$B:$BH,41,FALSE)," ") -> Q | BE29: =IFERROR(VLOOKUP($C29,LP!$B:$BH,42,FALSE)," ") -> Q | BF29: =IFERROR(VLOOKUP($C29,LP!$B:$BH,43,FALSE)," ") -> Q | BG29: =IFERROR(VLOOKUP($C29,LP!$B:$BH,44,FALSE)," ") -> Q | BH29: =IFERROR(VLOOKUP($C29,LP!$B:$BH,45,FALSE)," ") -> Q | BI29: =IFERROR(VLOOKUP($C29,LP!$B:$BH,46,FALSE)," ") -> Q
A30: ARATIRI | B30: TRUE | C30: 8529 | D30: 50196081 | E30: WHISKY 1Lts 8 AÑOS BLACK & WHITE | F30: =IFERROR(VLOOKUP($C30,LP!$B:$BH,47,FALSE)," ") -> 58996 | G30: =IFERROR(VLOOKUP($C30,LP!$B:$BH,48,FALSE)," ") -> 58643.615 | H30: =IFERROR(VLOOKUP($C30,LP!$B:$BH,49,FALSE)," ") -> 67900 | I30: =+IFERROR((H30/F30-1)," ") -> 0.15092549 | J30: =IFERROR(((H30-F30)/H30)," ") -> 0.13113402 | K30: =IFERROR(VLOOKUP($C30,LP!$B:$BH,52,FALSE)," ") -> 64900 | L30: =IFERROR(VLOOKUP($C30,LP!$B:$BH,53,FALSE)," ") -> 3 | M30: =+IFERROR((K30/F30-1)," ") -> 0.10007458 | N30: =IFERROR((K30-F30)/K30," ") -> 0.090970724 | O30: =IFERROR(VLOOKUP($C30,LP!$B:$BH,56,FALSE)," ") -> 62900 | P30: =IFERROR(VLOOKUP($C30,LP!$B:$BH,57,FALSE)," ") -> 6 | Q30: =IFERROR(+O30/F30-1," ") -> 0.066173977 | R30: =IFERROR((O30-F30)/O30," ") -> 0.062066772 | U30: =+IF(T30=1,"PROMEDIO",IF(T30=3,"SELL IN","MATRIZ")) -> MATRIZ | V30: 59900 | W30: =+IFERROR(IF($U30="PROMEDIO",$V30/($G30-$AH30)-1,IF($U30="SELL IN",$V30/($S30-$AH30)-1,IF($U30="MATRIZ",$V30/($F30-$AH30)-1))),0) -> 0.10311044 | Z30: =+IFERROR(IF($U30="PROMEDIO",$X30/($G30-$AH30)-1,IF($U30="SELL IN",$X30/($S30-$AH30)-1,IF($U30="MATRIZ",$X30/($F30-$AH30)-1))),0) -> -1 | AC30: =+IFERROR(IF($U30="PROMEDIO",$AA30/($G30-$AH30)-1,IF($U30="SELL IN",$AA30/($S30-$AH30)-1,IF($U30="MATRIZ",$AA30/($F30-$AH30)-1))),0) -> -1 | AD30: 3 | AE30: =IFERROR(IF(OR(AD30=1,AD30="",AD30=" "),"COSTO",IF(AD30=3,"FIJO","VENTA")),"") -> FIJO | AF30: 0.08 | AG30: 4695 | AH30: =IFERROR(IF(AE30="COSTO",AF30*F30,IF(AE30="VENTA",AF30*H30,IF(AE30="FIJO",AG30)))," ") -> 4695 | AX30: =IFERROR(VLOOKUP($C30,LP!$B:$AO,35,0), " ") -> 3 | AY30: =IFERROR(VLOOKUP($C30,LP!$B:$AO,36,0), " ") -> 8 | AZ30: =IFERROR(VLOOKUP($C30,LP!$B:$AO,37,0), " ") -> 9 | BA30: =IFERROR(VLOOKUP($C30,LP!$B:$AO,38,0), " ") -> 6 | BB30: =IFERROR(VLOOKUP($C30,LP!$B:$AO,39,0), " ") -> 0 | BC30: =IFERROR(VLOOKUP($C30,LP!$B:$AO,40,0), " ") -> 4 | BD30: =IFERROR(VLOOKUP($C30,LP!$B:$BH,41,FALSE)," ") -> 15 | BE30: =IFERROR(VLOOKUP($C30,LP!$B:$BH,42,FALSE)," ") -> 34.285714 | BF30: =IFERROR(VLOOKUP($C30,LP!$B:$BH,43,FALSE)," ") -> 135 | BG30: =IFERROR(VLOOKUP($C30,LP!$B:$BH,44,FALSE)," ") -> 60 | BH30: =IFERROR(VLOOKUP($C30,LP!$B:$BH,45,FALSE)," ") -> Q | BI30: =IFERROR(VLOOKUP($C30,LP!$B:$BH,46,FALSE)," ") -> 40
A31: Ejemplo: COB #12611 (60) CERVEPAR | C31: 28796 | D31: 5000289020701 | E31: GIN LONDON 750ml GORDON'S | F31: =IFERROR(VLOOKUP($C31,LP!$B:$BH,47,FALSE)," ") -> 42225 | G31: =IFERROR(VLOOKUP($C31,LP!$B:$BH,48,FALSE)," ") -> 42196.081 | H31: =IFERROR(VLOOKUP($C31,LP!$B:$BH,49,FALSE)," ") -> 47900 | I31: =+IFERROR((H31/F31-1)," ") -> 0.13439905 | J31: =IFERROR(((H31-F31)/H31)," ") -> 0.11847599 | K31: =IFERROR(VLOOKUP($C31,LP!$B:$BH,52,FALSE)," ") -> 46900 | L31: =IFERROR(VLOOKUP($C31,LP!$B:$BH,53,FALSE)," ") -> 3 | M31: =+IFERROR((K31/F31-1)," ") -> 0.1107164 | N31: =IFERROR((K31-F31)/K31," ") -> 0.099680171 | O31: =IFERROR(VLOOKUP($C31,LP!$B:$BH,56,FALSE)," ") -> 45900 | P31: =IFERROR(VLOOKUP($C31,LP!$B:$BH,57,FALSE)," ") -> 6 | Q31: =IFERROR(+O31/F31-1," ") -> 0.087033749 | R31: =IFERROR((O31-F31)/O31," ") -> 0.08006536 | U31: =+IF(T31=1,"PROMEDIO",IF(T31=3,"SELL IN","MATRIZ")) -> MATRIZ | V31: 39900 | W31: =+IFERROR(IF($U31="PROMEDIO",$V31/($G31-$AH31)-1,IF($U31="SELL IN",$V31/($S31-$AH31)-1,IF($U31="MATRIZ",$V31/($F31-$AH31)-1))),0) -> 0.13030841 | Z31: =+IFERROR(IF($U31="PROMEDIO",$X31/($G31-$AH31)-1,IF($U31="SELL IN",$X31/($S31-$AH31)-1,IF($U31="MATRIZ",$X31/($F31-$AH31)-1))),0) -> -1 | AC31: =+IFERROR(IF($U31="PROMEDIO",$AA31/($G31-$AH31)-1,IF($U31="SELL IN",$AA31/($S31-$AH31)-1,IF($U31="MATRIZ",$AA31/($F31-$AH31)-1))),0) -> -1 | AD31: 1 | AE31: =IFERROR(IF(OR(AD31=1,AD31="",AD31=" "),"COSTO",IF(AD31=3,"FIJO","VENTA")),"") -> COSTO | AF31: 0.164 | AG31: 6925 | AH31: =IFERROR(IF(AE31="COSTO",AF31*F31,IF(AE31="VENTA",AF31*H31,IF(AE31="FIJO",AG31)))," ") -> 6924.9 | AX31: =IFERROR(VLOOKUP($C31,LP!$B:$AO,35,0), " ") -> 91 | AY31: =IFERROR(VLOOKUP($C31,LP!$B:$AO,36,0), " ") -> 12 | AZ31: =IFERROR(VLOOKUP($C31,LP!$B:$AO,37,0), " ") -> 6 | BA31: =IFERROR(VLOOKUP($C31,LP!$B:$AO,38,0), " ") -> 4 | BB31: =IFERROR(VLOOKUP($C31,LP!$B:$AO,39,0), " ") -> 6 | BC31: =IFERROR(VLOOKUP($C31,LP!$B:$AO,40,0), " ") -> 23 | BD31: =IFERROR(VLOOKUP($C31,LP!$B:$BH,41,FALSE)," ") -> 48.75 | BE31: =IFERROR(VLOOKUP($C31,LP!$B:$BH,42,FALSE)," ") -> 45 | BF31: =IFERROR(VLOOKUP($C31,LP!$B:$BH,43,FALSE)," ") -> 30 | BG31: =IFERROR(VLOOKUP($C31,LP!$B:$BH,44,FALSE)," ") -> 10.909091 | BH31: =IFERROR(VLOOKUP($C31,LP!$B:$BH,45,FALSE)," ") -> 36 | BI31: =IFERROR(VLOOKUP($C31,LP!$B:$BH,46,FALSE)," ") -> 138
C32: 4950 | D32: 7840028202467 | E32: TONICA 2Lts PASO DE LOS TOROS | F32: =IFERROR(VLOOKUP($C32,LP!$B:$BH,47,FALSE)," ") -> 8835 | G32: =IFERROR(VLOOKUP($C32,LP!$B:$BH,48,FALSE)," ") -> 8633.2637 | H32: =IFERROR(VLOOKUP($C32,LP!$B:$BH,49,FALSE)," ") -> 10250 | I32: =+IFERROR((H32/F32-1)," ") -> 0.16015846 | J32: =IFERROR(((H32-F32)/H32)," ") -> 0.13804878 | K32: =IFERROR(VLOOKUP($C32,LP!$B:$BH,52,FALSE)," ") -> 9900 | L32: =IFERROR(VLOOKUP($C32,LP!$B:$BH,53,FALSE)," ") -> 4 | M32: =+IFERROR((K32/F32-1)," ") -> 0.12054329 | N32: =IFERROR((K32-F32)/K32," ") -> 0.10757576 | O32: =IFERROR(VLOOKUP($C32,LP!$B:$BH,56,FALSE)," ") -> 9650 | P32: =IFERROR(VLOOKUP($C32,LP!$B:$BH,57,FALSE)," ") -> 8 | Q32: =IFERROR(+O32/F32-1," ") -> 0.092246746 | R32: =IFERROR((O32-F32)/O32," ") -> 0.084455959 | U32: =+IF(T32=1,"PROMEDIO",IF(T32=3,"SELL IN","MATRIZ")) -> MATRIZ | V32: 9750 | W32: =+IFERROR(IF($U32="PROMEDIO",$V32/($G32-$AH32)-1,IF($U32="SELL IN",$V32/($S32-$AH32)-1,IF($U32="MATRIZ",$V32/($F32-$AH32)-1))),0) -> 0.10356537 | Z32: =+IFERROR(IF($U32="PROMEDIO",$X32/($G32-$AH32)-1,IF($U32="SELL IN",$X32/($S32-$AH32)-1,IF($U32="MATRIZ",$X32/($F32-$AH32)-1))),0) -> -1 | AC32: =+IFERROR(IF($U32="PROMEDIO",$AA32/($G32-$AH32)-1,IF($U32="SELL IN",$AA32/($S32-$AH32)-1,IF($U32="MATRIZ",$AA32/($F32-$AH32)-1))),0) -> -1 | AD32: 3 | AE32: =IFERROR(IF(OR(AD32=1,AD32="",AD32=" "),"COSTO",IF(AD32=3,"FIJO","VENTA")),"") -> FIJO | AF32: 0 | AG32: 0 | AH32: =IFERROR(IF(AE32="COSTO",AF32*F32,IF(AE32="VENTA",AF32*H32,IF(AE32="FIJO",AG32)))," ") -> 0 | AX32: =IFERROR(VLOOKUP($C32,LP!$B:$AO,35,0), " ") -> 40 | AY32: =IFERROR(VLOOKUP($C32,LP!$B:$AO,36,0), " ") -> 19 | AZ32: =IFERROR(VLOOKUP($C32,LP!$B:$AO,37,0), " ") -> 48 | BA32: =IFERROR(VLOOKUP($C32,LP!$B:$AO,38,0), " ") -> 30 | BB32: =IFERROR(VLOOKUP($C32,LP!$B:$AO,39,0), " ") -> 65 | BC32: =IFERROR(VLOOKUP($C32,LP!$B:$AO,40,0), " ") -> 14 | BD32: =IFERROR(VLOOKUP($C32,LP!$B:$BH,41,FALSE)," ") -> 29.268293 | BE32: =IFERROR(VLOOKUP($C32,LP!$B:$BH,42,FALSE)," ") -> 8.2608696 | BF32: =IFERROR(VLOOKUP($C32,LP!$B:$BH,43,FALSE)," ") -> 49.655172 | BG32: =IFERROR(VLOOKUP($C32,LP!$B:$BH,44,FALSE)," ") -> 39.130435 | BH32: =IFERROR(VLOOKUP($C32,LP!$B:$BH,45,FALSE)," ") -> 84.782609 | BI32: =IFERROR(VLOOKUP($C32,LP!$B:$BH,46,FALSE)," ") -> 105
E33: int
A34: COB: | C34: 23785 | D34: 7898334962230 | E34: CERVEZA 600ml PILSEN OPA BIER | F34: =IFERROR(VLOOKUP($C34,[2]LP!$B:$BH,47,FALSE)," ") -> 8450 | G34: =IFERROR(VLOOKUP($C34,[2]LP!$B:$BH,48,FALSE)," ") -> 8380.0063 | H34: =IFERROR(VLOOKUP($C34,[2]LP!$B:$BH,49,FALSE)," ") -> 9750 | I34: =+IFERROR((H34/F34-1)," ") -> 0.15384615 | J34: =IFERROR(((H34-F34)/H34)," ") -> 0.13333333 | K34: =IFERROR(VLOOKUP($C34,[2]LP!$B:$BH,52,FALSE)," ") -> 9250 | L34: =IFERROR(VLOOKUP($C34,[2]LP!$B:$BH,53,FALSE)," ") -> 6 | M34: =+IFERROR((K34/F34-1)," ") -> 0.094674554 | N34: =IFERROR((K34-F34)/K34," ") -> 0.086486484 | O34: =IFERROR(VLOOKUP($C34,[2]LP!$B:$BH,56,FALSE)," ") -> 8950 | P34: =IFERROR(VLOOKUP($C34,[2]LP!$B:$BH,57,FALSE)," ") -> 12 | Q34: =IFERROR(+O34/F34-1," ") -> 0.059171595 | R34: =IFERROR((O34-F34)/O34," ") -> 0.05586592 | U34: =+IF(T34=1,"PROMEDIO",IF(T34=3,"SELL IN","MATRIZ")) -> MATRIZ | V34: 7900 | W34: =+IFERROR(IF($U34="PROMEDIO",$V34/($G34-$AH34)-1,IF($U34="SELL IN",$V34/($S34-$AH34)-1,IF($U34="MATRIZ",$V34/($F34-$AH34)-1))),0) -> 0.12 | Z34: =+IFERROR(IF($U34="PROMEDIO",$X34/($G34-$AH34)-1,IF($U34="SELL IN",$X34/($S34-$AH34)-1,IF($U34="MATRIZ",$X34/($F34-$AH34)-1))),0) -> -1 | AC34: =+IFERROR(IF($U34="PROMEDIO",$AA34/($G34-$AH34)-1,IF($U34="SELL IN",$AA34/($S34-$AH34)-1,IF($U34="MATRIZ",$AA34/($F34-$AH34)-1))),0) -> -1 | AD34: 1 | AE34: =IFERROR(IF(OR(AD34=1,AD34="",AD34=" "),"COSTO",IF(AD34=3,"FIJO","VENTA")),"") -> COSTO | AF34: 0.16525782 | AH34: =IFERROR(IF(AE34="COSTO",AF34*F34,IF(AE34="VENTA",AF34*H34,IF(AE34="FIJO",AG34)))," ") -> 1396.4286 | AX34: =IFERROR(VLOOKUP($C34,[2]LP!$B:$AO,35,0), " ") | AY34: =IFERROR(VLOOKUP($C34,[2]LP!$B:$AO,36,0), " ") | AZ34: =IFERROR(VLOOKUP($C34,[2]LP!$B:$AO,37,0), " ") | BA34: =IFERROR(VLOOKUP($C34,[2]LP!$B:$AO,38,0), " ") | BB34: =IFERROR(VLOOKUP($C34,[2]LP!$B:$AO,39,0), " ") | BC34: =IFERROR(VLOOKUP($C34,[2]LP!$B:$AO,40,0), " ") | BD34: =IFERROR(VLOOKUP($C34,[2]LP!$B:$BH,41,FALSE)," ") -> 0 | BE34: =IFERROR(VLOOKUP($C34,[2]LP!$B:$BH,42,FALSE)," ") -> 0 | BF34: =IFERROR(VLOOKUP($C34,[2]LP!$B:$BH,43,FALSE)," ") -> 0 | BG34: =IFERROR(VLOOKUP($C34,[2]LP!$B:$BH,44,FALSE)," ") -> 0 | BH34: =IFERROR(VLOOKUP($C34,[2]LP!$B:$BH,45,FALSE)," ") -> 0 | BI34: =IFERROR(VLOOKUP($C34,[2]LP!$B:$BH,46,FALSE)," ") -> 0
A35: COB #TALON (COD PROV) PROVEEDOR | C35: 23783 | D35: 7898334962094 | E35: CERVEZA PREMIUM LAGER 600ml OPA BIER | F35: =IFERROR(VLOOKUP($C35,[2]LP!$B:$BH,47,FALSE)," ") -> 10320 | G35: =IFERROR(VLOOKUP($C35,[2]LP!$B:$BH,48,FALSE)," ") -> 8654.4091 | H35: =IFERROR(VLOOKUP($C35,[2]LP!$B:$BH,49,FALSE)," ") -> 11550 | I35: =+IFERROR((H35/F35-1)," ") -> 0.11918604 | J35: =IFERROR(((H35-F35)/H35)," ") -> 0.1064935 | K35: =IFERROR(VLOOKUP($C35,[2]LP!$B:$BH,52,FALSE)," ") -> 10950 | L35: =IFERROR(VLOOKUP($C35,[2]LP!$B:$BH,53,FALSE)," ") -> 3 | M35: =+IFERROR((K35/F35-1)," ") -> 0.06104651 | N35: =IFERROR((K35-F35)/K35," ") -> 0.057534245 | O35: =IFERROR(VLOOKUP($C35,[2]LP!$B:$BH,56,FALSE)," ") -> 10750 | P35: =IFERROR(VLOOKUP($C35,[2]LP!$B:$BH,57,FALSE)," ") -> 6 | Q35: =IFERROR(+O35/F35-1," ") -> 0.041666665 | R35: =IFERROR((O35-F35)/O35," ") -> 0.039999998 | U35: =+IF(T35=1,"PROMEDIO",IF(T35=3,"SELL IN","MATRIZ")) -> MATRIZ | V35: 8900 | W35: =+IFERROR(IF($U35="PROMEDIO",$V35/($G35-$AH35)-1,IF($U35="SELL IN",$V35/($S35-$AH35)-1,IF($U35="MATRIZ",$V35/($F35-$AH35)-1))),0) -> 0.12 | Z35: =+IFERROR(IF($U35="PROMEDIO",$X35/($G35-$AH35)-1,IF($U35="SELL IN",$X35/($S35-$AH35)-1,IF($U35="MATRIZ",$X35/($F35-$AH35)-1))),0) -> -1 | AC35: =+IFERROR(IF($U35="PROMEDIO",$AA35/($G35-$AH35)-1,IF($U35="SELL IN",$AA35/($S35-$AH35)-1,IF($U35="MATRIZ",$AA35/($F35-$AH35)-1))),0) -> -1 | AD35: 1 | AE35: =IFERROR(IF(OR(AD35=1,AD35="",AD35=" "),"COSTO",IF(AD35=3,"FIJO","VENTA")),"") -> COSTO | AF35: 0.22999723 | AH35: =IFERROR(IF(AE35="COSTO",AF35*F35,IF(AE35="VENTA",AF35*H35,IF(AE35="FIJO",AG35)))," ") -> 2373.5714 | AX35: =IFERROR(VLOOKUP($C35,[2]LP!$B:$AO,35,0), " ") | AY35: =IFERROR(VLOOKUP($C35,[2]LP!$B:$AO,36,0), " ") | AZ35: =IFERROR(VLOOKUP($C35,[2]LP!$B:$AO,37,0), " ") | BA35: =IFERROR(VLOOKUP($C35,[2]LP!$B:$AO,38,0), " ") | BB35: =IFERROR(VLOOKUP($C35,[2]LP!$B:$AO,39,0), " ") | BC35: =IFERROR(VLOOKUP($C35,[2]LP!$B:$AO,40,0), " ") | BD35: =IFERROR(VLOOKUP($C35,[2]LP!$B:$BH,41,FALSE)," ") -> 0 | BE35: =IFERROR(VLOOKUP($C35,[2]LP!$B:$BH,42,FALSE)," ") -> 0 | BF35: =IFERROR(VLOOKUP($C35,[2]LP!$B:$BH,43,FALSE)," ") -> 0 | BG35: =IFERROR(VLOOKUP($C35,[2]LP!$B:$BH,44,FALSE)," ") -> 0 | BH35: =IFERROR(VLOOKUP($C35,[2]LP!$B:$BH,45,FALSE)," ") -> 0 | BI35: =IFERROR(VLOOKUP($C35,[2]LP!$B:$BH,46,FALSE)," ") -> 0
A36: MARIANO | B36: TRUE | C36: 8538 | D36: 7893218000473 | E36: VODKA 1Lts SMIRNOFF | F36: =IFERROR(VLOOKUP($C36,LP!$B:$BH,47,FALSE)," ") -> 41766 | G36: =IFERROR(VLOOKUP($C36,LP!$B:$BH,48,FALSE)," ") -> 41660.105 | H36: =IFERROR(VLOOKUP($C36,LP!$B:$BH,49,FALSE)," ") -> 46900 | I36: =+IFERROR((H36/F36-1)," ") -> 0.12292295 | J36: =IFERROR(((H36-F36)/H36)," ") -> 0.10946695 | K36: =IFERROR(VLOOKUP($C36,LP!$B:$BH,52,FALSE)," ") -> 45900 | L36: =IFERROR(VLOOKUP($C36,LP!$B:$BH,53,FALSE)," ") -> 3 | M36: =+IFERROR((K36/F36-1)," ") -> 0.098980032 | N36: =IFERROR((K36-F36)/K36," ") -> 0.09006536 | O36: =IFERROR(VLOOKUP($C36,LP!$B:$BH,56,FALSE)," ") -> 44900 | P36: =IFERROR(VLOOKUP($C36,LP!$B:$BH,57,FALSE)," ") -> 6 | Q36: =IFERROR(+O36/F36-1," ") -> 0.075037112 | R36: =IFERROR((O36-F36)/O36," ") -> 0.069799555 | U36: =+IF(T36=1,"PROMEDIO",IF(T36=3,"SELL IN","MATRIZ")) -> MATRIZ | V36: 39500 | W36: =+IFERROR(IF($U36="PROMEDIO",$V36/($G36-$AH36)-1,IF($U36="SELL IN",$V36/($S36-$AH36)-1,IF($U36="MATRIZ",$V36/($F36-$AH36)-1))),0) -> 0.12992275 | Z36: =+IFERROR(IF($U36="PROMEDIO",$X36/($G36-$AH36)-1,IF($U36="SELL IN",$X36/($S36-$AH36)-1,IF($U36="MATRIZ",$X36/($F36-$AH36)-1))),0) -> -1 | AC36: =+IFERROR(IF($U36="PROMEDIO",$AA36/($G36-$AH36)-1,IF($U36="SELL IN",$AA36/($S36-$AH36)-1,IF($U36="MATRIZ",$AA36/($F36-$AH36)-1))),0) -> -1 | AD36: 1 | AE36: =IFERROR(IF(OR(AD36=1,AD36="",AD36=" "),"COSTO",IF(AD36=3,"FIJO","VENTA")),"") -> COSTO | AF36: 0.163 | AG36: 6808 | AH36: =IFERROR(IF(AE36="COSTO",AF36*F36,IF(AE36="VENTA",AF36*H36,IF(AE36="FIJO",AG36)))," ") -> 6807.858 | AX36: =IFERROR(VLOOKUP($C36,LP!$B:$AO,35,0), " ") -> 47 | AY36: =IFERROR(VLOOKUP($C36,LP!$B:$AO,36,0), " ") -> 26 | AZ36: =IFERROR(VLOOKUP($C36,LP!$B:$AO,37,0), " ") -> 19 | BA36: =IFERROR(VLOOKUP($C36,LP!$B:$AO,38,0), " ") -> 0 | BB36: =IFERROR(VLOOKUP($C36,LP!$B:$AO,39,0), " ") -> 3 | BC36: =IFERROR(VLOOKUP($C36,LP!$B:$AO,40,0), " ") -> 8 | BD36: =IFERROR(VLOOKUP($C36,LP!$B:$BH,41,FALSE)," ") -> 82.941176 | BE36: =IFERROR(VLOOKUP($C36,LP!$B:$BH,42,FALSE)," ") -> 26 | BF36: =IFERROR(VLOOKUP($C36,LP!$B:$BH,43,FALSE)," ") -> 71.25 | BG36: =IFERROR(VLOOKUP($C36,LP!$B:$BH,44,FALSE)," ") -> Q | BH36: =IFERROR(VLOOKUP($C36,LP!$B:$BH,45,FALSE)," ") -> 30 | BI36: =IFERROR(VLOOKUP($C36,LP!$B:$BH,46,FALSE)," ") -> 60
A37: LUQUE | B37: TRUE | C37: 8524 | D37: 5000267125046 | E37: WHISKY 1Lts BLACK LABEL JOHNNIE WALKER | F37: =IFERROR(VLOOKUP($C37,LP!$B:$BH,47,FALSE)," ") -> 170839 | G37: =IFERROR(VLOOKUP($C37,LP!$B:$BH,48,FALSE)," ") -> 166136.7 | H37: =IFERROR(VLOOKUP($C37,LP!$B:$BH,49,FALSE)," ") -> 194900 | I37: =+IFERROR((H37/F37-1)," ") -> 0.14084021 | J37: =IFERROR(((H37-F37)/H37)," ") -> 0.12345305 | K37: =IFERROR(VLOOKUP($C37,LP!$B:$BH,52,FALSE)," ") -> 189900 | L37: =IFERROR(VLOOKUP($C37,LP!$B:$BH,53,FALSE)," ") -> 3 | M37: =+IFERROR((K37/F37-1)," ") -> 0.11157288 | N37: =IFERROR((K37-F37)/K37," ") -> 0.10037388 | O37: =IFERROR(VLOOKUP($C37,LP!$B:$BH,56,FALSE)," ") -> 184900 | P37: =IFERROR(VLOOKUP($C37,LP!$B:$BH,57,FALSE)," ") -> 6 | Q37: =IFERROR(+O37/F37-1," ") -> 0.082305563 | R37: =IFERROR((O37-F37)/O37," ") -> 0.076046512 | U37: =+IF(T37=1,"PROMEDIO",IF(T37=3,"SELL IN","MATRIZ")) -> MATRIZ | V37: 165900 | W37: =+IFERROR(IF($U37="PROMEDIO",$V37/($G37-$AH37)-1,IF($U37="SELL IN",$V37/($S37-$AH37)-1,IF($U37="MATRIZ",$V37/($F37-$AH37)-1))),0) -> 0.10343268 | Z37: =+IFERROR(IF($U37="PROMEDIO",$X37/($G37-$AH37)-1,IF($U37="SELL IN",$X37/($S37-$AH37)-1,IF($U37="MATRIZ",$X37/($F37-$AH37)-1))),0) -> -1 | AC37: =+IFERROR(IF($U37="PROMEDIO",$AA37/($G37-$AH37)-1,IF($U37="SELL IN",$AA37/($S37-$AH37)-1,IF($U37="MATRIZ",$AA37/($F37-$AH37)-1))),0) -> -1 | AD37: 3 | AE37: =IFERROR(IF(OR(AD37=1,AD37="",AD37=" "),"COSTO",IF(AD37=3,"FIJO","VENTA")),"") -> FIJO | AF37: 0.12 | AG37: 20490 | AH37: =IFERROR(IF(AE37="COSTO",AF37*F37,IF(AE37="VENTA",AF37*H37,IF(AE37="FIJO",AG37)))," ") -> 20490 | AX37: =IFERROR(VLOOKUP($C37,LP!$B:$AO,35,0), " ") -> 30 | AY37: =IFERROR(VLOOKUP($C37,LP!$B:$AO,36,0), " ") -> 17 | AZ37: =IFERROR(VLOOKUP($C37,LP!$B:$AO,37,0), " ") -> 8 | BA37: =IFERROR(VLOOKUP($C37,LP!$B:$AO,38,0), " ") -> 58 | BB37: =IFERROR(VLOOKUP($C37,LP!$B:$AO,39,0), " ") -> 11 | BC37: =IFERROR(VLOOKUP($C37,LP!$B:$AO,40,0), " ") -> 8 | BD37: =IFERROR(VLOOKUP($C37,LP!$B:$BH,41,FALSE)," ") -> 47.368421 | BE37: =IFERROR(VLOOKUP($C37,LP!$B:$BH,42,FALSE)," ") -> 16.451613 | BF37: =IFERROR(VLOOKUP($C37,LP!$B:$BH,43,FALSE)," ") -> 60 | BG37: =IFERROR(VLOOKUP($C37,LP!$B:$BH,44,FALSE)," ") -> 435 | BH37: =IFERROR(VLOOKUP($C37,LP!$B:$BH,45,FALSE)," ") -> 27.5 | BI37: =IFERROR(VLOOKUP($C37,LP!$B:$BH,46,FALSE)," ") -> 60
A38: TIPO ACCION | C38: 8523 | D38: 5000267013602 | E38: WHISKY 1Lts RED LABEL JOHNNIE WALKER | F38: =IFERROR(VLOOKUP($C38,LP!$B:$BH,47,FALSE)," ") -> 86919 | G38: =IFERROR(VLOOKUP($C38,LP!$B:$BH,48,FALSE)," ") -> 86919 | H38: =IFERROR(VLOOKUP($C38,LP!$B:$BH,49,FALSE)," ") -> 97900 | I38: =+IFERROR((H38/F38-1)," ") -> 0.12633601 | J38: =IFERROR(((H38-F38)/H38)," ") -> 0.11216548 | K38: =IFERROR(VLOOKUP($C38,LP!$B:$BH,52,FALSE)," ") -> 94900 | L38: =IFERROR(VLOOKUP($C38,LP!$B:$BH,53,FALSE)," ") -> 3 | M38: =+IFERROR((K38/F38-1)," ") -> 0.091821121 | N38: =IFERROR((K38-F38)/K38," ") -> 0.084099052 | O38: =IFERROR(VLOOKUP($C38,LP!$B:$BH,56,FALSE)," ") -> 92900 | P38: =IFERROR(VLOOKUP($C38,LP!$B:$BH,57,FALSE)," ") -> 6 | Q38: =IFERROR(+O38/F38-1," ") -> 0.068811192 | R38: =IFERROR((O38-F38)/O38," ") -> 0.064381055 | U38: =+IF(T38=1,"PROMEDIO",IF(T38=3,"SELL IN","MATRIZ")) -> MATRIZ | V38: 84900 | W38: =+IFERROR(IF($U38="PROMEDIO",$V38/($G38-$AH38)-1,IF($U38="SELL IN",$V38/($S38-$AH38)-1,IF($U38="MATRIZ",$V38/($F38-$AH38)-1))),0) -> 0.12334277 | Z38: =+IFERROR(IF($U38="PROMEDIO",$X38/($G38-$AH38)-1,IF($U38="SELL IN",$X38/($S38-$AH38)-1,IF($U38="MATRIZ",$X38/($F38-$AH38)-1))),0) -> -1 | AC38: =+IFERROR(IF($U38="PROMEDIO",$AA38/($G38-$AH38)-1,IF($U38="SELL IN",$AA38/($S38-$AH38)-1,IF($U38="MATRIZ",$AA38/($F38-$AH38)-1))),0) -> -1 | AD38: 3 | AE38: =IFERROR(IF(OR(AD38=1,AD38="",AD38=" "),"COSTO",IF(AD38=3,"FIJO","VENTA")),"") -> FIJO | AF38: 0.15 | AG38: 11341 | AH38: =IFERROR(IF(AE38="COSTO",AF38*F38,IF(AE38="VENTA",AF38*H38,IF(AE38="FIJO",AG38)))," ") -> 11341 | AX38: =IFERROR(VLOOKUP($C38,LP!$B:$AO,35,0), " ") -> 11 | AY38: =IFERROR(VLOOKUP($C38,LP!$B:$AO,36,0), " ") -> 31 | AZ38: =IFERROR(VLOOKUP($C38,LP!$B:$AO,37,0), " ") -> 7 | BA38: =IFERROR(VLOOKUP($C38,LP!$B:$AO,38,0), " ") -> 0 | BB38: =IFERROR(VLOOKUP($C38,LP!$B:$AO,39,0), " ") -> 6 | BC38: =IFERROR(VLOOKUP($C38,LP!$B:$AO,40,0), " ") -> 21 | BD38: =IFERROR(VLOOKUP($C38,LP!$B:$BH,41,FALSE)," ") -> 30 | BE38: =IFERROR(VLOOKUP($C38,LP!$B:$BH,42,FALSE)," ") -> 31 | BF38: =IFERROR(VLOOKUP($C38,LP!$B:$BH,43,FALSE)," ") -> 21 | BG38: =IFERROR(VLOOKUP($C38,LP!$B:$BH,44,FALSE)," ") -> Q | BH38: =IFERROR(VLOOKUP($C38,LP!$B:$BH,45,FALSE)," ") -> 10 | BI38: =IFERROR(VLOOKUP($C38,LP!$B:$BH,46,FALSE)," ") -> 90
A39: MOG | B39: TRUE | C39: 39541 | D39: 7840003023155 | E39: CAÑA ETIQUETA ROJA 200ml SAN ONOFRE | F39: =IFERROR(VLOOKUP($C39,LP!$B:$BH,47,FALSE)," ") -> 1275 | G39: =IFERROR(VLOOKUP($C39,LP!$B:$BH,48,FALSE)," ") -> 1274.9 | H39: =IFERROR(VLOOKUP($C39,LP!$B:$BH,49,FALSE)," ") -> 1500 | I39: =+IFERROR((H39/F39-1)," ") -> 0.17647059 | J39: =IFERROR(((H39-F39)/H39)," ") -> 0.15 | K39: =IFERROR(VLOOKUP($C39,LP!$B:$BH,52,FALSE)," ") -> 1450 | L39: =IFERROR(VLOOKUP($C39,LP!$B:$BH,53,FALSE)," ") -> 6 | M39: =+IFERROR((K39/F39-1)," ") -> 0.1372549 | N39: =IFERROR((K39-F39)/K39," ") -> 0.12068965 | O39: =IFERROR(VLOOKUP($C39,LP!$B:$BH,56,FALSE)," ") -> 1350 | P39: =IFERROR(VLOOKUP($C39,LP!$B:$BH,57,FALSE)," ") -> 24 | Q39: =IFERROR(+O39/F39-1," ") -> 0.058823529 | R39: =IFERROR((O39-F39)/O39," ") -> 0.055555555 | U39: =+IF(T39=1,"PROMEDIO",IF(T39=3,"SELL IN","MATRIZ")) -> MATRIZ | V39: 1350 | W39: =+IFERROR(IF($U39="PROMEDIO",$V39/($G39-$AH39)-1,IF($U39="SELL IN",$V39/($S39-$AH39)-1,IF($U39="MATRIZ",$V39/($F39-$AH39)-1))),0) -> 0.058823529 | Z39: =+IFERROR(IF($U39="PROMEDIO",$X39/($G39-$AH39)-1,IF($U39="SELL IN",$X39/($S39-$AH39)-1,IF($U39="MATRIZ",$X39/($F39-$AH39)-1))),0) -> -1 | AC39: =+IFERROR(IF($U39="PROMEDIO",$AA39/($G39-$AH39)-1,IF($U39="SELL IN",$AA39/($S39-$AH39)-1,IF($U39="MATRIZ",$AA39/($F39-$AH39)-1))),0) -> -1 | AD39: 3 | AE39: =IFERROR(IF(OR(AD39=1,AD39="",AD39=" "),"COSTO",IF(AD39=3,"FIJO","VENTA")),"") -> FIJO | AX39: =IFERROR(VLOOKUP($C39,LP!$B:$AO,35,0), " ") | AY39: =IFERROR(VLOOKUP($C39,LP!$B:$AO,36,0), " ") | AZ39: =IFERROR(VLOOKUP($C39,LP!$B:$AO,37,0), " ") | BA39: =IFERROR(VLOOKUP($C39,LP!$B:$AO,38,0), " ") | BB39: =IFERROR(VLOOKUP($C39,LP!$B:$AO,39,0), " ") | BC39: =IFERROR(VLOOKUP($C39,LP!$B:$AO,40,0), " ") | BD39: =IFERROR(VLOOKUP($C39,LP!$B:$BH,41,FALSE)," ") -> 0 | BE39: =IFERROR(VLOOKUP($C39,LP!$B:$BH,42,FALSE)," ") -> 0 | BF39: =IFERROR(VLOOKUP($C39,LP!$B:$BH,43,FALSE)," ") -> 0 | BG39: =IFERROR(VLOOKUP($C39,LP!$B:$BH,44,FALSE)," ") -> 0 | BH39: =IFERROR(VLOOKUP($C39,LP!$B:$BH,45,FALSE)," ") -> 0 | BI39: =IFERROR(VLOOKUP($C39,LP!$B:$BH,46,FALSE)," ") -> SV
A40: POSICIONAMIENTO | B40: FALSE | C40: 36683 | D40: 7898080662330 | E40: VODKA 900ml INTENCION | F40: =IFERROR(VLOOKUP($C40,LP!$B:$BH,47,FALSE)," ") -> 19583 | G40: =IFERROR(VLOOKUP($C40,LP!$B:$BH,48,FALSE)," ") -> 19582.999 | H40: =IFERROR(VLOOKUP($C40,LP!$B:$BH,49,FALSE)," ") -> 22900 | I40: =+IFERROR((H40/F40-1)," ") -> 0.1693816 | J40: =IFERROR(((H40-F40)/H40)," ") -> 0.14484716 | K40: =IFERROR(VLOOKUP($C40,LP!$B:$BH,52,FALSE)," ") -> 22500 | L40: =IFERROR(VLOOKUP($C40,LP!$B:$BH,53,FALSE)," ") -> 3 | M40: =+IFERROR((K40/F40-1)," ") -> 0.14895573 | N40: =IFERROR((K40-F40)/K40," ") -> 0.12964444 | O40: =IFERROR(VLOOKUP($C40,LP!$B:$BH,56,FALSE)," ") -> 21900 | P40: =IFERROR(VLOOKUP($C40,LP!$B:$BH,57,FALSE)," ") -> 6 | Q40: =IFERROR(+O40/F40-1," ") -> 0.11831691 | R40: =IFERROR((O40-F40)/O40," ") -> 0.10579909 | U40: =+IF(T40=1,"PROMEDIO",IF(T40=3,"SELL IN","MATRIZ")) -> MATRIZ | V40: 19900 | W40: =+IFERROR(IF($U40="PROMEDIO",$V40/($G40-$AH40)-1,IF($U40="SELL IN",$V40/($S40-$AH40)-1,IF($U40="MATRIZ",$V40/($F40-$AH40)-1))),0) -> 0.12909723 | Z40: =+IFERROR(IF($U40="PROMEDIO",$X40/($G40-$AH40)-1,IF($U40="SELL IN",$X40/($S40-$AH40)-1,IF($U40="MATRIZ",$X40/($F40-$AH40)-1))),0) -> -1 | AC40: =+IFERROR(IF($U40="PROMEDIO",$AA40/($G40-$AH40)-1,IF($U40="SELL IN",$AA40/($S40-$AH40)-1,IF($U40="MATRIZ",$AA40/($F40-$AH40)-1))),0) -> -1 | AD40: 1 | AE40: =IFERROR(IF(OR(AD40=1,AD40="",AD40=" "),"COSTO",IF(AD40=3,"FIJO","VENTA")),"") -> COSTO | AF40: 0.1 | AH40: =IFERROR(IF(AE40="COSTO",AF40*F40,IF(AE40="VENTA",AF40*H40,IF(AE40="FIJO",AG40)))," ") -> 1958.3 | AX40: =IFERROR(VLOOKUP($C40,LP!$B:$AO,35,0), " ") -> 4 | AY40: =IFERROR(VLOOKUP($C40,LP!$B:$AO,36,0), " ") -> 13 | AZ40: =IFERROR(VLOOKUP($C40,LP!$B:$AO,37,0), " ") -> 7 | BA40: =IFERROR(VLOOKUP($C40,LP!$B:$AO,38,0), " ") -> 0 | BB40: =IFERROR(VLOOKUP($C40,LP!$B:$AO,39,0), " ") -> 10 | BC40: =IFERROR(VLOOKUP($C40,LP!$B:$AO,40,0), " ") -> 6 | BD40: =IFERROR(VLOOKUP($C40,LP!$B:$BH,41,FALSE)," ") -> 120 | BE40: =IFERROR(VLOOKUP($C40,LP!$B:$BH,42,FALSE)," ") -> 39 | BF40: =IFERROR(VLOOKUP($C40,LP!$B:$BH,43,FALSE)," ") -> 70 | BG40: =IFERROR(VLOOKUP($C40,LP!$B:$BH,44,FALSE)," ") -> Q | BH40: =IFERROR(VLOOKUP($C40,LP!$B:$BH,45,FALSE)," ") -> 37.5 | BI40: =IFERROR(VLOOKUP($C40,LP!$B:$BH,46,FALSE)," ") -> 180
A41: IMPULSO PROV | C41: 27390 | D41: 7841738000114 | E41: WHISKY 900ml MASTER GOLD + ENERGIZANTE 2Lts BALY | F41: =IFERROR(VLOOKUP($C41,LP!$B:$BH,47,FALSE)," ") -> 33600 | G41: =IFERROR(VLOOKUP($C41,LP!$B:$BH,48,FALSE)," ") -> 33568.935 | H41: =IFERROR(VLOOKUP($C41,LP!$B:$BH,49,FALSE)," ") -> 39900 | I41: =+IFERROR((H41/F41-1)," ") -> 0.1875 | J41: =IFERROR(((H41-F41)/H41)," ") -> 0.15789474 | K41: =IFERROR(VLOOKUP($C41,LP!$B:$BH,52,FALSE)," ") -> 38900 | L41: =IFERROR(VLOOKUP($C41,LP!$B:$BH,53,FALSE)," ") -> 3 | M41: =+IFERROR((K41/F41-1)," ") -> 0.15773809 | N41: =IFERROR((K41-F41)/K41," ") -> 0.13624679 | O41: =IFERROR(VLOOKUP($C41,LP!$B:$BH,56,FALSE)," ") -> 37900 | P41: =IFERROR(VLOOKUP($C41,LP!$B:$BH,57,FALSE)," ") -> 6 | Q41: =IFERROR(+O41/F41-1," ") -> 0.12797619 | R41: =IFERROR((O41-F41)/O41," ") -> 0.11345646 | U41: =+IF(T41=1,"PROMEDIO",IF(T41=3,"SELL IN","MATRIZ")) -> MATRIZ | V41: 34900 | W41: =+IFERROR(IF($U41="PROMEDIO",$V41/($G41-$AH41)-1,IF($U41="SELL IN",$V41/($S41-$AH41)-1,IF($U41="MATRIZ",$V41/($F41-$AH41)-1))),0) -> 0.15410053 | Z41: =+IFERROR(IF($U41="PROMEDIO",$X41/($G41-$AH41)-1,IF($U41="SELL IN",$X41/($S41-$AH41)-1,IF($U41="MATRIZ",$X41/($F41-$AH41)-1))),0) -> -1 | AC41: =+IFERROR(IF($U41="PROMEDIO",$AA41/($G41-$AH41)-1,IF($U41="SELL IN",$AA41/($S41-$AH41)-1,IF($U41="MATRIZ",$AA41/($F41-$AH41)-1))),0) -> -1 | AD41: 1 | AE41: =IFERROR(IF(OR(AD41=1,AD41="",AD41=" "),"COSTO",IF(AD41=3,"FIJO","VENTA")),"") -> COSTO | AF41: 0.1 | AH41: =IFERROR(IF(AE41="COSTO",AF41*F41,IF(AE41="VENTA",AF41*H41,IF(AE41="FIJO",AG41)))," ") -> 3360 | AX41: =IFERROR(VLOOKUP($C41,LP!$B:$AO,35,0), " ") -> 6 | AY41: =IFERROR(VLOOKUP($C41,LP!$B:$AO,36,0), " ") -> 5 | AZ41: =IFERROR(VLOOKUP($C41,LP!$B:$AO,37,0), " ") -> 6 | BA41: =IFERROR(VLOOKUP($C41,LP!$B:$AO,38,0), " ") -> 3 | BB41: =IFERROR(VLOOKUP($C41,LP!$B:$AO,39,0), " ") -> 9 | BC41: =IFERROR(VLOOKUP($C41,LP!$B:$AO,40,0), " ") -> 0 | BD41: =IFERROR(VLOOKUP($C41,LP!$B:$BH,41,FALSE)," ") -> 90 | BE41: =IFERROR(VLOOKUP($C41,LP!$B:$BH,42,FALSE)," ") -> SV | BF41: =IFERROR(VLOOKUP($C41,LP!$B:$BH,43,FALSE)," ") -> 180 | BG41: =IFERROR(VLOOKUP($C41,LP!$B:$BH,44,FALSE)," ") -> 18 | BH41: =IFERROR(VLOOKUP($C41,LP!$B:$BH,45,FALSE)," ") -> 90 | BI41: =IFERROR(VLOOKUP($C41,LP!$B:$BH,46,FALSE)," ") -> Q
C42: 9880 | D42: 7790314063848 | E42: VINO BLANCO 1Lts TORO | F42: =IFERROR(VLOOKUP($C42,LP!$B:$BH,47,FALSE)," ") -> 10000 | G42: =IFERROR(VLOOKUP($C42,LP!$B:$BH,48,FALSE)," ") -> 9993.5515 | H42: =IFERROR(VLOOKUP($C42,LP!$B:$BH,49,FALSE)," ") -> 11500 | I42: =+IFERROR((H42/F42-1)," ") -> 0.15 | J42: =IFERROR(((H42-F42)/H42)," ") -> 0.13043478 | U42: =+IF(T42=1,"PROMEDIO",IF(T42=3,"SELL IN","MATRIZ")) -> MATRIZ | V42: 10900 | W42: =+IFERROR(IF($U42="PROMEDIO",$V42/($G42-$AH42)-1,IF($U42="SELL IN",$V42/($S42-$AH42)-1,IF($U42="MATRIZ",$V42/($F42-$AH42)-1))),0) -> 0.089999999 | Z42: =+IFERROR(IF($U42="PROMEDIO",$X42/($G42-$AH42)-1,IF($U42="SELL IN",$X42/($S42-$AH42)-1,IF($U42="MATRIZ",$X42/($F42-$AH42)-1))),0) -> -1 | AD42: 3 | AE42: =IFERROR(IF(OR(AD42=1,AD42="",AD42=" "),"COSTO",IF(AD42=3,"FIJO","VENTA")),"") -> FIJO
A43: NCOB #TALON (COD PROV) PROVEEDOR | F43: =IFERROR(VLOOKUP($C43,[1]LP!$B:$BH,47,FALSE)," ") | G43: =IFERROR(VLOOKUP($C43,[1]LP!$B:$BH,48,FALSE)," ") | H43: =IFERROR(VLOOKUP($C43,[1]LP!$B:$BH,49,FALSE)," ") | I43: =+IFERROR((H43/F43-1)," ") | J43: =IFERROR(((H43-F43)/H43)," ") | K43: =IFERROR(VLOOKUP($C43,[1]LP!$B:$BH,52,FALSE)," ") | L43: =IFERROR(VLOOKUP($C43,[1]LP!$B:$BH,53,FALSE)," ") | M43: =+IFERROR((K43/F43-1)," ") | N43: =IFERROR((K43-F43)/K43," ") | O43: =IFERROR(VLOOKUP($C43,[1]LP!$B:$BH,56,FALSE)," ") | P43: =IFERROR(VLOOKUP($C43,[1]LP!$B:$BH,57,FALSE)," ") | Q43: =IFERROR(+O43/F43-1," ") | R43: =IFERROR((O43-F43)/O43," ") | U43: =+IF(T43=1,"PROMEDIO",IF(T43=3,"SELL IN","MATRIZ")) -> MATRIZ | W43: =+IFERROR(IF($U43="PROMEDIO",$V43/($G43-$AH43)-1,IF($U43="SELL IN",$V43/($S43-$AH43)-1,IF($U43="MATRIZ",$V43/($F43-$AH43)-1))),0) -> 0 | Z43: =+IFERROR(IF($U43="PROMEDIO",$X43/($G43-$AH43)-1,IF($U43="SELL IN",$X43/($S43-$AH43)-1,IF($U43="MATRIZ",$X43/($F43-$AH43)-1))),0) -> 0 | AC43: =+IFERROR(IF($U43="PROMEDIO",$AA43/($G43-$AH43)-1,IF($U43="SELL IN",$AA43/($S43-$AH43)-1,IF($U43="MATRIZ",$AA43/($F43-$AH43)-1))),0) -> 0 | AD43: 3 | AE43: =IFERROR(IF(OR(AD43=1,AD43="",AD43=" "),"COSTO",IF(AD43=3,"FIJO","VENTA")),"") -> FIJO | AH43: =IFERROR(IF(AE43="COSTO",AF43*F43,IF(AE43="VENTA",AF43*H43,IF(AE43="FIJO",AG43)))," ") -> 0 | AX43: =IFERROR(VLOOKUP($C43,LP!$B:$AO,35,0), " ") | AY43: =IFERROR(VLOOKUP($C43,LP!$B:$AO,36,0), " ") | AZ43: =IFERROR(VLOOKUP($C43,LP!$B:$AO,37,0), " ") | BA43: =IFERROR(VLOOKUP($C43,LP!$B:$AO,38,0), " ") | BB43: =IFERROR(VLOOKUP($C43,LP!$B:$AO,39,0), " ") | BC43: =IFERROR(VLOOKUP($C43,LP!$B:$AO,40,0), " ") | BD43: =IFERROR(VLOOKUP($C43,LP!$B:$BH,41,FALSE)," ") | BE43: =IFERROR(VLOOKUP($C43,LP!$B:$BH,42,FALSE)," ") | BF43: =IFERROR(VLOOKUP($C43,LP!$B:$BH,43,FALSE)," ") | BG43: =IFERROR(VLOOKUP($C43,LP!$B:$BH,44,FALSE)," ") | BH43: =IFERROR(VLOOKUP($C43,LP!$B:$BH,45,FALSE)," ") | BI43: =IFERROR(VLOOKUP($C43,LP!$B:$BH,46,FALSE)," ")
A44: Ejemplo | F44: =IFERROR(VLOOKUP($C44,[3]LP!$B:$BH,47,FALSE)," ") | G44: =IFERROR(VLOOKUP($C44,[3]LP!$B:$BH,48,FALSE)," ") | H44: =IFERROR(VLOOKUP($C44,[3]LP!$B:$BH,49,FALSE)," ") | I44: =+IFERROR((H44/F44-1)," ") | J44: =IFERROR(((H44-F44)/H44)," ") | K44: =IFERROR(VLOOKUP($C44,[3]LP!$B:$BH,52,FALSE)," ") | L44: =IFERROR(VLOOKUP($C44,[3]LP!$B:$BH,53,FALSE)," ") | M44: =+IFERROR((K44/F44-1)," ") | N44: =IFERROR((K44-F44)/K44," ") | O44: =IFERROR(VLOOKUP($C44,[3]LP!$B:$BH,56,FALSE)," ") | P44: =IFERROR(VLOOKUP($C44,[3]LP!$B:$BH,57,FALSE)," ") | Q44: =IFERROR(+O44/F44-1," ") | R44: =IFERROR((O44-F44)/O44," ") | U44: =+IF(T44=1,"PROMEDIO",IF(T44=3,"SELL IN","MATRIZ")) -> MATRIZ | W44: =+IFERROR(IF($U44="PROMEDIO",$V44/($G44-$AH44)-1,IF($U44="SELL IN",$V44/($S44-$AH44)-1,IF($U44="MATRIZ",$V44/($F44-$AH44)-1))),0) -> 0 | Z44: =+IFERROR(IF($U44="PROMEDIO",$X44/($G44-$AH44)-1,IF($U44="SELL IN",$X44/($S44-$AH44)-1,IF($U44="MATRIZ",$X44/($F44-$AH44)-1))),0) -> 0 | AC44: =+IFERROR(IF($U44="PROMEDIO",$AA44/($G44-$AH44)-1,IF($U44="SELL IN",$AA44/($S44-$AH44)-1,IF($U44="MATRIZ",$AA44/($F44-$AH44)-1))),0) -> 0 | AD44: 3 | AE44: =IFERROR(IF(OR(AD44=1,AD44="",AD44=" "),"COSTO",IF(AD44=3,"FIJO","VENTA")),"") -> FIJO | AH44: =IFERROR(IF(AE44="COSTO",AF44*F44,IF(AE44="VENTA",AF44*H44,IF(AE44="FIJO",AG44)))," ") -> 0 | AX44: =IFERROR(VLOOKUP($C44,[3]LP!$B:$AO,35,0), " ") | AY44: =IFERROR(VLOOKUP($C44,[3]LP!$B:$AO,36,0), " ") | AZ44: =IFERROR(VLOOKUP($C44,[3]LP!$B:$AO,37,0), " ") | BA44: =IFERROR(VLOOKUP($C44,[3]LP!$B:$AO,38,0), " ") | BB44: =IFERROR(VLOOKUP($C44,[3]LP!$B:$AO,39,0), " ") | BC44: =IFERROR(VLOOKUP($C44,[3]LP!$B:$AO,40,0), " ") | BD44: =IFERROR(VLOOKUP($C44,[3]LP!$B:$BH,41,FALSE)," ") | BE44: =IFERROR(VLOOKUP($C44,[3]LP!$B:$BH,42,FALSE)," ") | BF44: =IFERROR(VLOOKUP($C44,[3]LP!$B:$BH,43,FALSE)," ") | BG44: =IFERROR(VLOOKUP($C44,[3]LP!$B:$BH,44,FALSE)," ") | BH44: =IFERROR(VLOOKUP($C44,[3]LP!$B:$BH,45,FALSE)," ") | BI44: =IFERROR(VLOOKUP($C44,[3]LP!$B:$BH,46,FALSE)," ")
A45: NCOB #125 (539) ENRIQUE REMMELE | F45: =IFERROR(VLOOKUP($C45,[3]LP!$B:$BH,47,FALSE)," ") | G45: =IFERROR(VLOOKUP($C45,[3]LP!$B:$BH,48,FALSE)," ") | H45: =IFERROR(VLOOKUP($C45,[3]LP!$B:$BH,49,FALSE)," ") | I45: =+IFERROR((H45/F45-1)," ") | J45: =IFERROR(((H45-F45)/H45)," ") | K45: =IFERROR(VLOOKUP($C45,[3]LP!$B:$BH,52,FALSE)," ") | L45: =IFERROR(VLOOKUP($C45,[3]LP!$B:$BH,53,FALSE)," ") | M45: =+IFERROR((K45/F45-1)," ") | N45: =IFERROR((K45-F45)/K45," ") | O45: =IFERROR(VLOOKUP($C45,[3]LP!$B:$BH,56,FALSE)," ") | P45: =IFERROR(VLOOKUP($C45,[3]LP!$B:$BH,57,FALSE)," ") | Q45: =IFERROR(+O45/F45-1," ") | R45: =IFERROR((O45-F45)/O45," ") | U45: =+IF(T45=1,"PROMEDIO",IF(T45=3,"SELL IN","MATRIZ")) -> MATRIZ | W45: =+IFERROR(IF($U45="PROMEDIO",$V45/($G45-$AH45)-1,IF($U45="SELL IN",$V45/($S45-$AH45)-1,IF($U45="MATRIZ",$V45/($F45-$AH45)-1))),0) -> 0 | Z45: =+IFERROR(IF($U45="PROMEDIO",$X45/($G45-$AH45)-1,IF($U45="SELL IN",$X45/($S45-$AH45)-1,IF($U45="MATRIZ",$X45/($F45-$AH45)-1))),0) -> 0 | AC45: =+IFERROR(IF($U45="PROMEDIO",$AA45/($G45-$AH45)-1,IF($U45="SELL IN",$AA45/($S45-$AH45)-1,IF($U45="MATRIZ",$AA45/($F45-$AH45)-1))),0) -> 0 | AD45: 3 | AE45: =IFERROR(IF(OR(AD45=1,AD45="",AD45=" "),"COSTO",IF(AD45=3,"FIJO","VENTA")),"") -> FIJO | AH45: =IFERROR(IF(AE45="COSTO",AF45*F45,IF(AE45="VENTA",AF45*H45,IF(AE45="FIJO",AG45)))," ") -> 0 | AX45: =IFERROR(VLOOKUP($C45,[3]LP!$B:$AO,35,0), " ") | AY45: =IFERROR(VLOOKUP($C45,[3]LP!$B:$AO,36,0), " ") | AZ45: =IFERROR(VLOOKUP($C45,[3]LP!$B:$AO,37,0), " ") | BA45: =IFERROR(VLOOKUP($C45,[3]LP!$B:$AO,38,0), " ") | BB45: =IFERROR(VLOOKUP($C45,[3]LP!$B:$AO,39,0), " ") | BC45: =IFERROR(VLOOKUP($C45,[3]LP!$B:$AO,40,0), " ") | BD45: =IFERROR(VLOOKUP($C45,[3]LP!$B:$BH,41,FALSE)," ") | BE45: =IFERROR(VLOOKUP($C45,[3]LP!$B:$BH,42,FALSE)," ") | BF45: =IFERROR(VLOOKUP($C45,[3]LP!$B:$BH,43,FALSE)," ") | BG45: =IFERROR(VLOOKUP($C45,[3]LP!$B:$BH,44,FALSE)," ") | BH45: =IFERROR(VLOOKUP($C45,[3]LP!$B:$BH,45,FALSE)," ") | BI45: =IFERROR(VLOOKUP($C45,[3]LP!$B:$BH,46,FALSE)," ")
F46: =IFERROR(VLOOKUP($C46,[3]LP!$B:$BH,47,FALSE)," ") | G46: =IFERROR(VLOOKUP($C46,[3]LP!$B:$BH,48,FALSE)," ") | H46: =IFERROR(VLOOKUP($C46,[3]LP!$B:$BH,49,FALSE)," ") | I46: =+IFERROR((H46/F46-1)," ") | J46: =IFERROR(((H46-F46)/H46)," ") | K46: =IFERROR(VLOOKUP($C46,[3]LP!$B:$BH,52,FALSE)," ") | L46: =IFERROR(VLOOKUP($C46,[3]LP!$B:$BH,53,FALSE)," ") | M46: =+IFERROR((K46/F46-1)," ") | N46: =IFERROR((K46-F46)/K46," ") | O46: =IFERROR(VLOOKUP($C46,[3]LP!$B:$BH,56,FALSE)," ") | P46: =IFERROR(VLOOKUP($C46,[3]LP!$B:$BH,57,FALSE)," ") | Q46: =IFERROR(+O46/F46-1," ") | R46: =IFERROR((O46-F46)/O46," ") | U46: =+IF(T46=1,"PROMEDIO",IF(T46=3,"SELL IN","MATRIZ")) -> MATRIZ | W46: =+IFERROR(IF($U46="PROMEDIO",$V46/($G46-$AH46)-1,IF($U46="SELL IN",$V46/($S46-$AH46)-1,IF($U46="MATRIZ",$V46/($F46-$AH46)-1))),0) -> 0 | Z46: =+IFERROR(IF($U46="PROMEDIO",$X46/($G46-$AH46)-1,IF($U46="SELL IN",$X46/($S46-$AH46)-1,IF($U46="MATRIZ",$X46/($F46-$AH46)-1))),0) -> 0 | AC46: =+IFERROR(IF($U46="PROMEDIO",$AA46/($G46-$AH46)-1,IF($U46="SELL IN",$AA46/($S46-$AH46)-1,IF($U46="MATRIZ",$AA46/($F46-$AH46)-1))),0) -> 0 | AD46: 3 | AE46: =IFERROR(IF(OR(AD46=1,AD46="",AD46=" "),"COSTO",IF(AD46=3,"FIJO","VENTA")),"") -> FIJO | AH46: =IFERROR(IF(AE46="COSTO",AF46*F46,IF(AE46="VENTA",AF46*H46,IF(AE46="FIJO",AG46)))," ") -> 0 | AX46: =IFERROR(VLOOKUP($C46,[3]LP!$B:$AO,35,0), " ") | AY46: =IFERROR(VLOOKUP($C46,[3]LP!$B:$AO,36,0), " ") | AZ46: =IFERROR(VLOOKUP($C46,[3]LP!$B:$AO,37,0), " ") | BA46: =IFERROR(VLOOKUP($C46,[3]LP!$B:$AO,38,0), " ") | BB46: =IFERROR(VLOOKUP($C46,[3]LP!$B:$AO,39,0), " ") | BC46: =IFERROR(VLOOKUP($C46,[3]LP!$B:$AO,40,0), " ") | BD46: =IFERROR(VLOOKUP($C46,[3]LP!$B:$BH,41,FALSE)," ") | BE46: =IFERROR(VLOOKUP($C46,[3]LP!$B:$BH,42,FALSE)," ") | BF46: =IFERROR(VLOOKUP($C46,[3]LP!$B:$BH,43,FALSE)," ") | BG46: =IFERROR(VLOOKUP($C46,[3]LP!$B:$BH,44,FALSE)," ") | BH46: =IFERROR(VLOOKUP($C46,[3]LP!$B:$BH,45,FALSE)," ") | BI46: =IFERROR(VLOOKUP($C46,[3]LP!$B:$BH,46,FALSE)," ")
F47: =IFERROR(VLOOKUP($C47,LP!$B:$BH,47,FALSE)," ") | G47: =IFERROR(VLOOKUP($C47,LP!$B:$BH,48,FALSE)," ") | H47: =IFERROR(VLOOKUP($C47,LP!$B:$BH,49,FALSE)," ") | I47: =+IFERROR((H47/F47-1)," ") | J47: =IFERROR(((H47-F47)/H47)," ") | K47: =IFERROR(VLOOKUP($C47,LP!$B:$BH,52,FALSE)," ") | L47: =IFERROR(VLOOKUP($C47,LP!$B:$BH,53,FALSE)," ") | M47: =+IFERROR((K47/F47-1)," ") | N47: =IFERROR((K47-F47)/K47," ") | O47: =IFERROR(VLOOKUP($C47,LP!$B:$BH,56,FALSE)," ") | P47: =IFERROR(VLOOKUP($C47,LP!$B:$BH,57,FALSE)," ") | Q47: =IFERROR(+O47/F47-1," ") | R47: =IFERROR((O47-F47)/O47," ") | U47: =+IF(T47=1,"PROMEDIO",IF(T47=3,"SELL IN","MATRIZ")) -> MATRIZ | W47: =+IFERROR(IF($U47="PROMEDIO",$V47/($G47-$AH47)-1,IF($U47="SELL IN",$V47/($S47-$AH47)-1,IF($U47="MATRIZ",$V47/($F47-$AH47)-1))),0) -> 0 | Z47: =+IFERROR(IF($U47="PROMEDIO",$X47/($G47-$AH47)-1,IF($U47="SELL IN",$X47/($S47-$AH47)-1,IF($U47="MATRIZ",$X47/($F47-$AH47)-1))),0) -> 0 | AC47: =+IFERROR(IF($U47="PROMEDIO",$AA47/($G47-$AH47)-1,IF($U47="SELL IN",$AA47/($S47-$AH47)-1,IF($U47="MATRIZ",$AA47/($F47-$AH47)-1))),0) -> 0 | AD47: 3 | AE47: =IFERROR(IF(OR(AD47=1,AD47="",AD47=" "),"COSTO",IF(AD47=3,"FIJO","VENTA")),"") -> FIJO | AH47: =IFERROR(IF(AE47="COSTO",AF47*F47,IF(AE47="VENTA",AF47*H47,IF(AE47="FIJO",AG47)))," ") -> 0 | AX47: =IFERROR(VLOOKUP($C47,LP!$B:$AO,35,0), " ") | AY47: =IFERROR(VLOOKUP($C47,LP!$B:$AO,36,0), " ") | AZ47: =IFERROR(VLOOKUP($C47,LP!$B:$AO,37,0), " ") | BA47: =IFERROR(VLOOKUP($C47,LP!$B:$AO,38,0), " ") | BB47: =IFERROR(VLOOKUP($C47,LP!$B:$AO,39,0), " ") | BC47: =IFERROR(VLOOKUP($C47,LP!$B:$AO,40,0), " ") | BD47: =IFERROR(VLOOKUP($C47,LP!$B:$BH,41,FALSE)," ") | BE47: =IFERROR(VLOOKUP($C47,LP!$B:$BH,42,FALSE)," ") | BF47: =IFERROR(VLOOKUP($C47,LP!$B:$BH,43,FALSE)," ") | BG47: =IFERROR(VLOOKUP($C47,LP!$B:$BH,44,FALSE)," ") | BH47: =IFERROR(VLOOKUP($C47,LP!$B:$BH,45,FALSE)," ") | BI47: =IFERROR(VLOOKUP($C47,LP!$B:$BH,46,FALSE)," ")
F48: =IFERROR(VLOOKUP($C48,LP!$B:$BH,47,FALSE)," ") | G48: =IFERROR(VLOOKUP($C48,LP!$B:$BH,48,FALSE)," ") | H48: =IFERROR(VLOOKUP($C48,LP!$B:$BH,49,FALSE)," ") | I48: =+IFERROR((H48/F48-1)," ") | J48: =IFERROR(((H48-F48)/H48)," ") | K48: =IFERROR(VLOOKUP($C48,LP!$B:$BH,52,FALSE)," ") | L48: =IFERROR(VLOOKUP($C48,LP!$B:$BH,53,FALSE)," ") | M48: =+IFERROR((K48/F48-1)," ") | N48: =IFERROR((K48-F48)/K48," ") | O48: =IFERROR(VLOOKUP($C48,LP!$B:$BH,56,FALSE)," ") | P48: =IFERROR(VLOOKUP($C48,LP!$B:$BH,57,FALSE)," ") | Q48: =IFERROR(+O48/F48-1," ") | R48: =IFERROR((O48-F48)/O48," ") | U48: =+IF(T48=1,"PROMEDIO",IF(T48=3,"SELL IN","MATRIZ")) -> MATRIZ | W48: =+IFERROR(IF($U48="PROMEDIO",$V48/($G48-$AH48)-1,IF($U48="SELL IN",$V48/($S48-$AH48)-1,IF($U48="MATRIZ",$V48/($F48-$AH48)-1))),0) -> 0 | Z48: =+IFERROR(IF($U48="PROMEDIO",$X48/($G48-$AH48)-1,IF($U48="SELL IN",$X48/($S48-$AH48)-1,IF($U48="MATRIZ",$X48/($F48-$AH48)-1))),0) -> 0 | AC48: =+IFERROR(IF($U48="PROMEDIO",$AA48/($G48-$AH48)-1,IF($U48="SELL IN",$AA48/($S48-$AH48)-1,IF($U48="MATRIZ",$AA48/($F48-$AH48)-1))),0) -> 0 | AD48: 0 | AE48: =IFERROR(IF(OR(AD48=1,AD48="",AD48=" "),"COSTO",IF(AD48=3,"FIJO","VENTA")),"") -> VENTA | AH48: =IFERROR(IF(AE48="COSTO",AF48*F48,IF(AE48="VENTA",AF48*H48,IF(AE48="FIJO",AG48)))," ") | AX48: =IFERROR(VLOOKUP($C48,LP!$B:$AO,35,0), " ") | AY48: =IFERROR(VLOOKUP($C48,LP!$B:$AO,36,0), " ") | AZ48: =IFERROR(VLOOKUP($C48,LP!$B:$AO,37,0), " ") | BA48: =IFERROR(VLOOKUP($C48,LP!$B:$AO,38,0), " ") | BB48: =IFERROR(VLOOKUP($C48,LP!$B:$AO,39,0), " ") | BC48: =IFERROR(VLOOKUP($C48,LP!$B:$AO,40,0), " ") | BD48: =IFERROR(VLOOKUP($C48,LP!$B:$BH,41,FALSE)," ") | BE48: =IFERROR(VLOOKUP($C48,LP!$B:$BH,42,FALSE)," ") | BF48: =IFERROR(VLOOKUP($C48,LP!$B:$BH,43,FALSE)," ") | BG48: =IFERROR(VLOOKUP($C48,LP!$B:$BH,44,FALSE)," ") | BH48: =IFERROR(VLOOKUP($C48,LP!$B:$BH,45,FALSE)," ") | BI48: =IFERROR(VLOOKUP($C48,LP!$B:$BH,46,FALSE)," ")
F49: =IFERROR(VLOOKUP($C49,LP!$B:$BH,47,FALSE)," ") | G49: =IFERROR(VLOOKUP($C49,LP!$B:$BH,48,FALSE)," ") | H49: =IFERROR(VLOOKUP($C49,LP!$B:$BH,49,FALSE)," ") | I49: =+IFERROR((H49/F49-1)," ") | J49: =IFERROR(((H49-F49)/H49)," ") | K49: =IFERROR(VLOOKUP($C49,LP!$B:$BH,52,FALSE)," ") | L49: =IFERROR(VLOOKUP($C49,LP!$B:$BH,53,FALSE)," ") | M49: =+IFERROR((K49/F49-1)," ") | N49: =IFERROR((K49-F49)/K49," ") | O49: =IFERROR(VLOOKUP($C49,LP!$B:$BH,56,FALSE)," ") | P49: =IFERROR(VLOOKUP($C49,LP!$B:$BH,57,FALSE)," ") | Q49: =IFERROR(+O49/F49-1," ") | R49: =IFERROR((O49-F49)/O49," ") | U49: =+IF(T49=1,"PROMEDIO",IF(T49=3,"SELL IN","MATRIZ")) -> MATRIZ | W49: =+IFERROR(IF($U49="PROMEDIO",$V49/($G49-$AH49)-1,IF($U49="SELL IN",$V49/($S49-$AH49)-1,IF($U49="MATRIZ",$V49/($F49-$AH49)-1))),0) -> 0 | Z49: =+IFERROR(IF($U49="PROMEDIO",$X49/($G49-$AH49)-1,IF($U49="SELL IN",$X49/($S49-$AH49)-1,IF($U49="MATRIZ",$X49/($F49-$AH49)-1))),0) -> 0 | AC49: =+IFERROR(IF($U49="PROMEDIO",$AA49/($G49-$AH49)-1,IF($U49="SELL IN",$AA49/($S49-$AH49)-1,IF($U49="MATRIZ",$AA49/($F49-$AH49)-1))),0) -> 0 | AD49: 0 | AE49: =IFERROR(IF(OR(AD49=1,AD49="",AD49=" "),"COSTO",IF(AD49=3,"FIJO","VENTA")),"") -> VENTA | AH49: =IFERROR(IF(AE49="COSTO",AF49*F49,IF(AE49="VENTA",AF49*H49,IF(AE49="FIJO",AG49)))," ") | AX49: =IFERROR(VLOOKUP($C49,LP!$B:$AO,35,0), " ") | AY49: =IFERROR(VLOOKUP($C49,LP!$B:$AO,36,0), " ") | AZ49: =IFERROR(VLOOKUP($C49,LP!$B:$AO,37,0), " ") | BA49: =IFERROR(VLOOKUP($C49,LP!$B:$AO,38,0), " ") | BB49: =IFERROR(VLOOKUP($C49,LP!$B:$AO,39,0), " ") | BC49: =IFERROR(VLOOKUP($C49,LP!$B:$AO,40,0), " ") | BD49: =IFERROR(VLOOKUP($C49,LP!$B:$BH,41,FALSE)," ") | BE49: =IFERROR(VLOOKUP($C49,LP!$B:$BH,42,FALSE)," ") | BF49: =IFERROR(VLOOKUP($C49,LP!$B:$BH,43,FALSE)," ") | BG49: =IFERROR(VLOOKUP($C49,LP!$B:$BH,44,FALSE)," ") | BH49: =IFERROR(VLOOKUP($C49,LP!$B:$BH,45,FALSE)," ") | BI49: =IFERROR(VLOOKUP($C49,LP!$B:$BH,46,FALSE)," ")
F50: =IFERROR(VLOOKUP($C50,LP!$B:$BH,47,FALSE)," ") | G50: =IFERROR(VLOOKUP($C50,LP!$B:$BH,48,FALSE)," ") | H50: =IFERROR(VLOOKUP($C50,LP!$B:$BH,49,FALSE)," ") | I50: =+IFERROR((H50/F50-1)," ") | J50: =IFERROR(((H50-F50)/H50)," ") | K50: =IFERROR(VLOOKUP($C50,LP!$B:$BH,52,FALSE)," ") | L50: =IFERROR(VLOOKUP($C50,LP!$B:$BH,53,FALSE)," ") | M50: =+IFERROR((K50/F50-1)," ") | N50: =IFERROR((K50-F50)/K50," ") | O50: =IFERROR(VLOOKUP($C50,LP!$B:$BH,56,FALSE)," ") | P50: =IFERROR(VLOOKUP($C50,LP!$B:$BH,57,FALSE)," ") | Q50: =IFERROR(+O50/F50-1," ") | R50: =IFERROR((O50-F50)/O50," ") | U50: =+IF(T50=1,"PROMEDIO",IF(T50=3,"SELL IN","MATRIZ")) -> MATRIZ | W50: =+IFERROR(IF($U50="PROMEDIO",$V50/($G50-$AH50)-1,IF($U50="SELL IN",$V50/($S50-$AH50)-1,IF($U50="MATRIZ",$V50/($F50-$AH50)-1))),0) -> 0 | Z50: =+IFERROR(IF($U50="PROMEDIO",$X50/($G50-$AH50)-1,IF($U50="SELL IN",$X50/($S50-$AH50)-1,IF($U50="MATRIZ",$X50/($F50-$AH50)-1))),0) -> 0 | AC50: =+IFERROR(IF($U50="PROMEDIO",$AA50/($G50-$AH50)-1,IF($U50="SELL IN",$AA50/($S50-$AH50)-1,IF($U50="MATRIZ",$AA50/($F50-$AH50)-1))),0) -> 0 | AD50: 0 | AE50: =IFERROR(IF(OR(AD50=1,AD50="",AD50=" "),"COSTO",IF(AD50=3,"FIJO","VENTA")),"") -> VENTA | AH50: =IFERROR(IF(AE50="COSTO",AF50*F50,IF(AE50="VENTA",AF50*H50,IF(AE50="FIJO",AG50)))," ") | AX50: =IFERROR(VLOOKUP($C50,LP!$B:$AO,35,0), " ") | AY50: =IFERROR(VLOOKUP($C50,LP!$B:$AO,36,0), " ") | AZ50: =IFERROR(VLOOKUP($C50,LP!$B:$AO,37,0), " ") | BA50: =IFERROR(VLOOKUP($C50,LP!$B:$AO,38,0), " ") | BB50: =IFERROR(VLOOKUP($C50,LP!$B:$AO,39,0), " ") | BC50: =IFERROR(VLOOKUP($C50,LP!$B:$AO,40,0), " ") | BD50: =IFERROR(VLOOKUP($C50,LP!$B:$BH,41,FALSE)," ") | BE50: =IFERROR(VLOOKUP($C50,LP!$B:$BH,42,FALSE)," ") | BF50: =IFERROR(VLOOKUP($C50,LP!$B:$BH,43,FALSE)," ") | BG50: =IFERROR(VLOOKUP($C50,LP!$B:$BH,44,FALSE)," ") | BH50: =IFERROR(VLOOKUP($C50,LP!$B:$BH,45,FALSE)," ") | BI50: =IFERROR(VLOOKUP($C50,LP!$B:$BH,46,FALSE)," ")
F51: =IFERROR(VLOOKUP($C51,LP!$B:$BH,47,FALSE)," ") | G51: =IFERROR(VLOOKUP($C51,LP!$B:$BH,48,FALSE)," ") | H51: =IFERROR(VLOOKUP($C51,LP!$B:$BH,49,FALSE)," ") | I51: =+IFERROR((H51/F51-1)," ") | J51: =IFERROR(((H51-F51)/H51)," ") | K51: =IFERROR(VLOOKUP($C51,LP!$B:$BH,52,FALSE)," ") | L51: =IFERROR(VLOOKUP($C51,LP!$B:$BH,53,FALSE)," ") | M51: =+IFERROR((K51/F51-1)," ") | N51: =IFERROR((K51-F51)/K51," ") | O51: =IFERROR(VLOOKUP($C51,LP!$B:$BH,56,FALSE)," ") | P51: =IFERROR(VLOOKUP($C51,LP!$B:$BH,57,FALSE)," ") | Q51: =IFERROR(+O51/F51-1," ") | R51: =IFERROR((O51-F51)/O51," ") | U51: =+IF(T51=1,"PROMEDIO",IF(T51=3,"SELL IN","MATRIZ")) -> MATRIZ | W51: =+IFERROR(IF($U51="PROMEDIO",$V51/($G51-$AH51)-1,IF($U51="SELL IN",$V51/($S51-$AH51)-1,IF($U51="MATRIZ",$V51/($F51-$AH51)-1))),0) -> 0 | Z51: =+IFERROR(IF($U51="PROMEDIO",$X51/($G51-$AH51)-1,IF($U51="SELL IN",$X51/($S51-$AH51)-1,IF($U51="MATRIZ",$X51/($F51-$AH51)-1))),0) -> 0 | AC51: =+IFERROR(IF($U51="PROMEDIO",$AA51/($G51-$AH51)-1,IF($U51="SELL IN",$AA51/($S51-$AH51)-1,IF($U51="MATRIZ",$AA51/($F51-$AH51)-1))),0) -> 0 | AD51: 0 | AE51: =IFERROR(IF(OR(AD51=1,AD51="",AD51=" "),"COSTO",IF(AD51=3,"FIJO","VENTA")),"") -> VENTA | AH51: =IFERROR(IF(AE51="COSTO",AF51*F51,IF(AE51="VENTA",AF51*H51,IF(AE51="FIJO",AG51)))," ") | AX51: =IFERROR(VLOOKUP($C51,LP!$B:$AO,35,0), " ") | AY51: =IFERROR(VLOOKUP($C51,LP!$B:$AO,36,0), " ") | AZ51: =IFERROR(VLOOKUP($C51,LP!$B:$AO,37,0), " ") | BA51: =IFERROR(VLOOKUP($C51,LP!$B:$AO,38,0), " ") | BB51: =IFERROR(VLOOKUP($C51,LP!$B:$AO,39,0), " ") | BC51: =IFERROR(VLOOKUP($C51,LP!$B:$AO,40,0), " ") | BD51: =IFERROR(VLOOKUP($C51,LP!$B:$BH,41,FALSE)," ") | BE51: =IFERROR(VLOOKUP($C51,LP!$B:$BH,42,FALSE)," ") | BF51: =IFERROR(VLOOKUP($C51,LP!$B:$BH,43,FALSE)," ") | BG51: =IFERROR(VLOOKUP($C51,LP!$B:$BH,44,FALSE)," ") | BH51: =IFERROR(VLOOKUP($C51,LP!$B:$BH,45,FALSE)," ") | BI51: =IFERROR(VLOOKUP($C51,LP!$B:$BH,46,FALSE)," ")
F52: =IFERROR(VLOOKUP($C52,LP!$B:$BH,47,FALSE)," ") | G52: =IFERROR(VLOOKUP($C52,LP!$B:$BH,48,FALSE)," ") | H52: =IFERROR(VLOOKUP($C52,LP!$B:$BH,49,FALSE)," ") | I52: =+IFERROR((H52/F52-1)," ") | J52: =IFERROR(((H52-F52)/H52)," ") | K52: =IFERROR(VLOOKUP($C52,LP!$B:$BH,52,FALSE)," ") | L52: =IFERROR(VLOOKUP($C52,LP!$B:$BH,53,FALSE)," ") | M52: =+IFERROR((K52/F52-1)," ") | N52: =IFERROR((K52-F52)/K52," ") | O52: =IFERROR(VLOOKUP($C52,LP!$B:$BH,56,FALSE)," ") | P52: =IFERROR(VLOOKUP($C52,LP!$B:$BH,57,FALSE)," ") | Q52: =IFERROR(+O52/F52-1," ") | R52: =IFERROR((O52-F52)/O52," ") | U52: =+IF(T52=1,"PROMEDIO",IF(T52=3,"SELL IN","MATRIZ")) -> MATRIZ | W52: =+IFERROR(IF($U52="PROMEDIO",$V52/($G52-$AH52)-1,IF($U52="SELL IN",$V52/($S52-$AH52)-1,IF($U52="MATRIZ",$V52/($F52-$AH52)-1))),0) -> 0 | Z52: =+IFERROR(IF($U52="PROMEDIO",$X52/($G52-$AH52)-1,IF($U52="SELL IN",$X52/($S52-$AH52)-1,IF($U52="MATRIZ",$X52/($F52-$AH52)-1))),0) -> 0 | AC52: =+IFERROR(IF($U52="PROMEDIO",$AA52/($G52-$AH52)-1,IF($U52="SELL IN",$AA52/($S52-$AH52)-1,IF($U52="MATRIZ",$AA52/($F52-$AH52)-1))),0) -> 0 | AD52: 0 | AE52: =IFERROR(IF(OR(AD52=1,AD52="",AD52=" "),"COSTO",IF(AD52=3,"FIJO","VENTA")),"") -> VENTA | AH52: =IFERROR(IF(AE52="COSTO",AF52*F52,IF(AE52="VENTA",AF52*H52,IF(AE52="FIJO",AG52)))," ") | AX52: =IFERROR(VLOOKUP($C52,LP!$B:$AO,35,0), " ") | AY52: =IFERROR(VLOOKUP($C52,LP!$B:$AO,36,0), " ") | AZ52: =IFERROR(VLOOKUP($C52,LP!$B:$AO,37,0), " ") | BA52: =IFERROR(VLOOKUP($C52,LP!$B:$AO,38,0), " ") | BB52: =IFERROR(VLOOKUP($C52,LP!$B:$AO,39,0), " ") | BC52: =IFERROR(VLOOKUP($C52,LP!$B:$AO,40,0), " ") | BD52: =IFERROR(VLOOKUP($C52,LP!$B:$BH,41,FALSE)," ") | BE52: =IFERROR(VLOOKUP($C52,LP!$B:$BH,42,FALSE)," ") | BF52: =IFERROR(VLOOKUP($C52,LP!$B:$BH,43,FALSE)," ") | BG52: =IFERROR(VLOOKUP($C52,LP!$B:$BH,44,FALSE)," ") | BH52: =IFERROR(VLOOKUP($C52,LP!$B:$BH,45,FALSE)," ") | BI52: =IFERROR(VLOOKUP($C52,LP!$B:$BH,46,FALSE)," ")
F53: =IFERROR(VLOOKUP($C53,LP!$B:$BH,47,FALSE)," ") | G53: =IFERROR(VLOOKUP($C53,LP!$B:$BH,48,FALSE)," ") | H53: =IFERROR(VLOOKUP($C53,LP!$B:$BH,49,FALSE)," ") | I53: =+IFERROR((H53/F53-1)," ") | J53: =IFERROR(((H53-F53)/H53)," ") | K53: =IFERROR(VLOOKUP($C53,LP!$B:$BH,52,FALSE)," ") | L53: =IFERROR(VLOOKUP($C53,LP!$B:$BH,53,FALSE)," ") | M53: =+IFERROR((K53/F53-1)," ") | N53: =IFERROR((K53-F53)/K53," ") | O53: =IFERROR(VLOOKUP($C53,LP!$B:$BH,56,FALSE)," ") | P53: =IFERROR(VLOOKUP($C53,LP!$B:$BH,57,FALSE)," ") | Q53: =IFERROR(+O53/F53-1," ") | R53: =IFERROR((O53-F53)/O53," ") | U53: =+IF(T53=1,"PROMEDIO",IF(T53=3,"SELL IN","MATRIZ")) -> MATRIZ | W53: =+IFERROR(IF($U53="PROMEDIO",$V53/($G53-$AH53)-1,IF($U53="SELL IN",$V53/($S53-$AH53)-1,IF($U53="MATRIZ",$V53/($F53-$AH53)-1))),0) -> 0 | Z53: =+IFERROR(IF($U53="PROMEDIO",$X53/($G53-$AH53)-1,IF($U53="SELL IN",$X53/($S53-$AH53)-1,IF($U53="MATRIZ",$X53/($F53-$AH53)-1))),0) -> 0 | AC53: =+IFERROR(IF($U53="PROMEDIO",$AA53/($G53-$AH53)-1,IF($U53="SELL IN",$AA53/($S53-$AH53)-1,IF($U53="MATRIZ",$AA53/($F53-$AH53)-1))),0) -> 0 | AD53: 0 | AE53: =IFERROR(IF(OR(AD53=1,AD53="",AD53=" "),"COSTO",IF(AD53=3,"FIJO","VENTA")),"") -> VENTA | AH53: =IFERROR(IF(AE53="COSTO",AF53*F53,IF(AE53="VENTA",AF53*H53,IF(AE53="FIJO",AG53)))," ") | AX53: =IFERROR(VLOOKUP($C53,LP!$B:$AO,35,0), " ") | AY53: =IFERROR(VLOOKUP($C53,LP!$B:$AO,36,0), " ") | AZ53: =IFERROR(VLOOKUP($C53,LP!$B:$AO,37,0), " ") | BA53: =IFERROR(VLOOKUP($C53,LP!$B:$AO,38,0), " ") | BB53: =IFERROR(VLOOKUP($C53,LP!$B:$AO,39,0), " ") | BC53: =IFERROR(VLOOKUP($C53,LP!$B:$AO,40,0), " ") | BD53: =IFERROR(VLOOKUP($C53,LP!$B:$BH,41,FALSE)," ") | BE53: =IFERROR(VLOOKUP($C53,LP!$B:$BH,42,FALSE)," ") | BF53: =IFERROR(VLOOKUP($C53,LP!$B:$BH,43,FALSE)," ") | BG53: =IFERROR(VLOOKUP($C53,LP!$B:$BH,44,FALSE)," ") | BH53: =IFERROR(VLOOKUP($C53,LP!$B:$BH,45,FALSE)," ") | BI53: =IFERROR(VLOOKUP($C53,LP!$B:$BH,46,FALSE)," ")
F54: =IFERROR(VLOOKUP($C54,LP!$B:$BH,47,FALSE)," ") | G54: =IFERROR(VLOOKUP($C54,LP!$B:$BH,48,FALSE)," ") | H54: =IFERROR(VLOOKUP($C54,LP!$B:$BH,49,FALSE)," ") | I54: =+IFERROR((H54/F54-1)," ") | J54: =IFERROR(((H54-F54)/H54)," ") | K54: =IFERROR(VLOOKUP($C54,LP!$B:$BH,52,FALSE)," ") | L54: =IFERROR(VLOOKUP($C54,LP!$B:$BH,53,FALSE)," ") | M54: =+IFERROR((K54/F54-1)," ") | N54: =IFERROR((K54-F54)/K54," ") | O54: =IFERROR(VLOOKUP($C54,LP!$B:$BH,56,FALSE)," ") | P54: =IFERROR(VLOOKUP($C54,LP!$B:$BH,57,FALSE)," ") | Q54: =IFERROR(+O54/F54-1," ") | R54: =IFERROR((O54-F54)/O54," ") | U54: =+IF(T54=1,"PROMEDIO",IF(T54=3,"SELL IN","MATRIZ")) -> MATRIZ | W54: =+IFERROR(IF($U54="PROMEDIO",$V54/($G54-$AH54)-1,IF($U54="SELL IN",$V54/($S54-$AH54)-1,IF($U54="MATRIZ",$V54/($F54-$AH54)-1))),0) -> 0 | Z54: =+IFERROR(IF($U54="PROMEDIO",$X54/($G54-$AH54)-1,IF($U54="SELL IN",$X54/($S54-$AH54)-1,IF($U54="MATRIZ",$X54/($F54-$AH54)-1))),0) -> 0 | AC54: =+IFERROR(IF($U54="PROMEDIO",$AA54/($G54-$AH54)-1,IF($U54="SELL IN",$AA54/($S54-$AH54)-1,IF($U54="MATRIZ",$AA54/($F54-$AH54)-1))),0) -> 0 | AD54: 0 | AE54: =IFERROR(IF(OR(AD54=1,AD54="",AD54=" "),"COSTO",IF(AD54=3,"FIJO","VENTA")),"") -> VENTA | AH54: =IFERROR(IF(AE54="COSTO",AF54*F54,IF(AE54="VENTA",AF54*H54,IF(AE54="FIJO",AG54)))," ") | AX54: =IFERROR(VLOOKUP($C54,LP!$B:$AO,35,0), " ") | AY54: =IFERROR(VLOOKUP($C54,LP!$B:$AO,36,0), " ") | AZ54: =IFERROR(VLOOKUP($C54,LP!$B:$AO,37,0), " ") | BA54: =IFERROR(VLOOKUP($C54,LP!$B:$AO,38,0), " ") | BB54: =IFERROR(VLOOKUP($C54,LP!$B:$AO,39,0), " ") | BC54: =IFERROR(VLOOKUP($C54,LP!$B:$AO,40,0), " ") | BD54: =IFERROR(VLOOKUP($C54,LP!$B:$BH,41,FALSE)," ") | BE54: =IFERROR(VLOOKUP($C54,LP!$B:$BH,42,FALSE)," ") | BF54: =IFERROR(VLOOKUP($C54,LP!$B:$BH,43,FALSE)," ") | BG54: =IFERROR(VLOOKUP($C54,LP!$B:$BH,44,FALSE)," ") | BH54: =IFERROR(VLOOKUP($C54,LP!$B:$BH,45,FALSE)," ") | BI54: =IFERROR(VLOOKUP($C54,LP!$B:$BH,46,FALSE)," ")
F55: =IFERROR(VLOOKUP($C55,LP!$B:$BH,47,FALSE)," ") | G55: =IFERROR(VLOOKUP($C55,LP!$B:$BH,48,FALSE)," ") | H55: =IFERROR(VLOOKUP($C55,LP!$B:$BH,49,FALSE)," ") | I55: =+IFERROR((H55/F55-1)," ") | J55: =IFERROR(((H55-F55)/H55)," ") | K55: =IFERROR(VLOOKUP($C55,LP!$B:$BH,52,FALSE)," ") | L55: =IFERROR(VLOOKUP($C55,LP!$B:$BH,53,FALSE)," ") | M55: =+IFERROR((K55/F55-1)," ") | N55: =IFERROR((K55-F55)/K55," ") | O55: =IFERROR(VLOOKUP($C55,LP!$B:$BH,56,FALSE)," ") | P55: =IFERROR(VLOOKUP($C55,LP!$B:$BH,57,FALSE)," ") | Q55: =IFERROR(+O55/F55-1," ") | R55: =IFERROR((O55-F55)/O55," ") | U55: =+IF(T55=1,"PROMEDIO",IF(T55=3,"SELL IN","MATRIZ")) -> MATRIZ | W55: =+IFERROR(IF($U55="PROMEDIO",$V55/($G55-$AH55)-1,IF($U55="SELL IN",$V55/($S55-$AH55)-1,IF($U55="MATRIZ",$V55/($F55-$AH55)-1))),0) -> 0 | Z55: =+IFERROR(IF($U55="PROMEDIO",$X55/($G55-$AH55)-1,IF($U55="SELL IN",$X55/($S55-$AH55)-1,IF($U55="MATRIZ",$X55/($F55-$AH55)-1))),0) -> 0 | AC55: =+IFERROR(IF($U55="PROMEDIO",$AA55/($G55-$AH55)-1,IF($U55="SELL IN",$AA55/($S55-$AH55)-1,IF($U55="MATRIZ",$AA55/($F55-$AH55)-1))),0) -> 0 | AD55: 0 | AE55: =IFERROR(IF(OR(AD55=1,AD55="",AD55=" "),"COSTO",IF(AD55=3,"FIJO","VENTA")),"") -> VENTA | AH55: =IFERROR(IF(AE55="COSTO",AF55*F55,IF(AE55="VENTA",AF55*H55,IF(AE55="FIJO",AG55)))," ") | AX55: =IFERROR(VLOOKUP($C55,LP!$B:$AO,35,0), " ") | AY55: =IFERROR(VLOOKUP($C55,LP!$B:$AO,36,0), " ") | AZ55: =IFERROR(VLOOKUP($C55,LP!$B:$AO,37,0), " ") | BA55: =IFERROR(VLOOKUP($C55,LP!$B:$AO,38,0), " ") | BB55: =IFERROR(VLOOKUP($C55,LP!$B:$AO,39,0), " ") | BC55: =IFERROR(VLOOKUP($C55,LP!$B:$AO,40,0), " ") | BD55: =IFERROR(VLOOKUP($C55,LP!$B:$BH,41,FALSE)," ") | BE55: =IFERROR(VLOOKUP($C55,LP!$B:$BH,42,FALSE)," ") | BF55: =IFERROR(VLOOKUP($C55,LP!$B:$BH,43,FALSE)," ") | BG55: =IFERROR(VLOOKUP($C55,LP!$B:$BH,44,FALSE)," ") | BH55: =IFERROR(VLOOKUP($C55,LP!$B:$BH,45,FALSE)," ") | BI55: =IFERROR(VLOOKUP($C55,LP!$B:$BH,46,FALSE)," ")
F56: =IFERROR(VLOOKUP($C56,LP!$B:$BH,47,FALSE)," ") | G56: =IFERROR(VLOOKUP($C56,LP!$B:$BH,48,FALSE)," ") | H56: =IFERROR(VLOOKUP($C56,LP!$B:$BH,49,FALSE)," ") | I56: =+IFERROR((H56/F56-1)," ") | J56: =IFERROR(((H56-F56)/H56)," ") | K56: =IFERROR(VLOOKUP($C56,LP!$B:$BH,52,FALSE)," ") | L56: =IFERROR(VLOOKUP($C56,LP!$B:$BH,53,FALSE)," ") | M56: =+IFERROR((K56/F56-1)," ") | N56: =IFERROR((K56-F56)/K56," ") | O56: =IFERROR(VLOOKUP($C56,LP!$B:$BH,56,FALSE)," ") | P56: =IFERROR(VLOOKUP($C56,LP!$B:$BH,57,FALSE)," ") | Q56: =IFERROR(+O56/F56-1," ") | R56: =IFERROR((O56-F56)/O56," ") | U56: =+IF(T56=1,"PROMEDIO",IF(T56=3,"SELL IN","MATRIZ")) -> MATRIZ | W56: =+IFERROR(IF($U56="PROMEDIO",$V56/($G56-$AH56)-1,IF($U56="SELL IN",$V56/($S56-$AH56)-1,IF($U56="MATRIZ",$V56/($F56-$AH56)-1))),0) -> 0 | Z56: =+IFERROR(IF($U56="PROMEDIO",$X56/($G56-$AH56)-1,IF($U56="SELL IN",$X56/($S56-$AH56)-1,IF($U56="MATRIZ",$X56/($F56-$AH56)-1))),0) -> 0 | AC56: =+IFERROR(IF($U56="PROMEDIO",$AA56/($G56-$AH56)-1,IF($U56="SELL IN",$AA56/($S56-$AH56)-1,IF($U56="MATRIZ",$AA56/($F56-$AH56)-1))),0) -> 0 | AD56: 0 | AE56: =IFERROR(IF(OR(AD56=1,AD56="",AD56=" "),"COSTO",IF(AD56=3,"FIJO","VENTA")),"") -> VENTA | AH56: =IFERROR(IF(AE56="COSTO",AF56*F56,IF(AE56="VENTA",AF56*H56,IF(AE56="FIJO",AG56)))," ") | AX56: =IFERROR(VLOOKUP($C56,LP!$B:$AO,35,0), " ") | AY56: =IFERROR(VLOOKUP($C56,LP!$B:$AO,36,0), " ") | AZ56: =IFERROR(VLOOKUP($C56,LP!$B:$AO,37,0), " ") | BA56: =IFERROR(VLOOKUP($C56,LP!$B:$AO,38,0), " ") | BB56: =IFERROR(VLOOKUP($C56,LP!$B:$AO,39,0), " ") | BC56: =IFERROR(VLOOKUP($C56,LP!$B:$AO,40,0), " ") | BD56: =IFERROR(VLOOKUP($C56,LP!$B:$BH,41,FALSE)," ") | BE56: =IFERROR(VLOOKUP($C56,LP!$B:$BH,42,FALSE)," ") | BF56: =IFERROR(VLOOKUP($C56,LP!$B:$BH,43,FALSE)," ") | BG56: =IFERROR(VLOOKUP($C56,LP!$B:$BH,44,FALSE)," ") | BH56: =IFERROR(VLOOKUP($C56,LP!$B:$BH,45,FALSE)," ") | BI56: =IFERROR(VLOOKUP($C56,LP!$B:$BH,46,FALSE)," ")
F57: =IFERROR(VLOOKUP($C57,LP!$B:$BH,47,FALSE)," ") | G57: =IFERROR(VLOOKUP($C57,LP!$B:$BH,48,FALSE)," ") | H57: =IFERROR(VLOOKUP($C57,LP!$B:$BH,49,FALSE)," ") | I57: =+IFERROR((H57/F57-1)," ") | J57: =IFERROR(((H57-F57)/H57)," ") | K57: =IFERROR(VLOOKUP($C57,LP!$B:$BH,52,FALSE)," ") | L57: =IFERROR(VLOOKUP($C57,LP!$B:$BH,53,FALSE)," ") | M57: =+IFERROR((K57/F57-1)," ") | N57: =IFERROR((K57-F57)/K57," ") | O57: =IFERROR(VLOOKUP($C57,LP!$B:$BH,56,FALSE)," ") | P57: =IFERROR(VLOOKUP($C57,LP!$B:$BH,57,FALSE)," ") | Q57: =IFERROR(+O57/F57-1," ") | R57: =IFERROR((O57-F57)/O57," ") | U57: =+IF(T57=1,"PROMEDIO",IF(T57=3,"SELL IN","MATRIZ")) -> MATRIZ | W57: =+IFERROR(IF($U57="PROMEDIO",$V57/($G57-$AH57)-1,IF($U57="SELL IN",$V57/($S57-$AH57)-1,IF($U57="MATRIZ",$V57/($F57-$AH57)-1))),0) -> 0 | Z57: =+IFERROR(IF($U57="PROMEDIO",$X57/($G57-$AH57)-1,IF($U57="SELL IN",$X57/($S57-$AH57)-1,IF($U57="MATRIZ",$X57/($F57-$AH57)-1))),0) -> 0 | AC57: =+IFERROR(IF($U57="PROMEDIO",$AA57/($G57-$AH57)-1,IF($U57="SELL IN",$AA57/($S57-$AH57)-1,IF($U57="MATRIZ",$AA57/($F57-$AH57)-1))),0) -> 0 | AD57: 0 | AE57: =IFERROR(IF(OR(AD57=1,AD57="",AD57=" "),"COSTO",IF(AD57=3,"FIJO","VENTA")),"") -> VENTA | AH57: =IFERROR(IF(AE57="COSTO",AF57*F57,IF(AE57="VENTA",AF57*H57,IF(AE57="FIJO",AG57)))," ") | AX57: =IFERROR(VLOOKUP($C57,LP!$B:$AO,35,0), " ") | AY57: =IFERROR(VLOOKUP($C57,LP!$B:$AO,36,0), " ") | AZ57: =IFERROR(VLOOKUP($C57,LP!$B:$AO,37,0), " ") | BA57: =IFERROR(VLOOKUP($C57,LP!$B:$AO,38,0), " ") | BB57: =IFERROR(VLOOKUP($C57,LP!$B:$AO,39,0), " ") | BC57: =IFERROR(VLOOKUP($C57,LP!$B:$AO,40,0), " ") | BD57: =IFERROR(VLOOKUP($C57,LP!$B:$BH,41,FALSE)," ") | BE57: =IFERROR(VLOOKUP($C57,LP!$B:$BH,42,FALSE)," ") | BF57: =IFERROR(VLOOKUP($C57,LP!$B:$BH,43,FALSE)," ") | BG57: =IFERROR(VLOOKUP($C57,LP!$B:$BH,44,FALSE)," ") | BH57: =IFERROR(VLOOKUP($C57,LP!$B:$BH,45,FALSE)," ") | BI57: =IFERROR(VLOOKUP($C57,LP!$B:$BH,46,FALSE)," ")

Sheet LP
N1: VENTA UNIDADES 2024
E2: BULTO | F2: ARBOL MKT | L2: PROVEEDOR | Q2: ABAS | U2: MRA | Y2: CR1 | AC2: LUQ | AG2: ARAT | AI2: MOG | AJ2: STOCK a la FECHA | AP2: ROTACION Dias x SUC
A3: ESTADO | B3: Codigo | C3: codigo_barras | D3: Descripcion_producto | F3: SECCIONES | G3: SUB_SECCIONES | H3: GRUPO | I3: CATEGORIA | J3: SUB_CATEGORIA | K3: MARCA | L3: cod_prov | M3: PROVEEDOR | N3: FEB | O3: MAR | P3: ABR | Q3: 30 D | R3: FEB | S3: MAR | T3: ABR | U3: 30 D | V3: FEB | W3: MAR | X3: ABR | Y3: 30 D | Z3: FEB | AA3: MAR | AB3: ABR | AC3: 30 D | AD3: FEB | AE3: MAR | AF3: ABR | AG3: 30 D | AH3: MAY | AI3: 30 D | AJ3: ABAS | AK3: MRA | AL3: CR1 | AM3: LUQ | AN3: ARAT | AO3: MOG | AP3: ABAS | AQ3: MRA | AR3: CR1 | AS3: LUQ | AT3: ARAT | AU3: MOG | AV3: COSTO MATRIZ | AW3: COSTO PRO | AX3: PVP MIN | AY3: MU% | AZ3: MD% | BA3: PVP MAY | BB3: CANT | BC3: MU% | BD3: MD% | BE3: PVP DIST | BF3: CANT | BG3: MU% | BH3: MD% | BI3: TOTAL VENTA
A4: Compuesto | B4: 37459 | C4: 7840235004335 | D4: TONICA 269ml 6un FLOWER DE LA COSTA | E4: 6 | F4: BEBIDAS | G4: BEBIDAS | H4: AGUAS | I4: AGUA TONICA | J4: LIGHT AT-LI | K4: DE LA COSTA | L4: 87 | M4: EMBOTELLADORA CENTRAL (87) | N4: 0 | O4: 0 | P4: 0 | Q4: 0 | R4: 0 | S4: 0 | T4: 0 | U4: 0 | V4: 0 | W4: 0 | X4: 0 | Y4: 0 | Z4: 0 | AA4: 0 | AB4: 0 | AC4: 0 | AD4: 0 | AE4: 0 | AF4: 0 | AG4: 0 | AH4: 0 | AI4: 0 | AJ4: =IFERROR(VLOOKUP($B4,STOCK!$A:$H,3,0)," ") -> 0 | AK4: =IFERROR(VLOOKUP($B4,STOCK!$A:$H,4,0)," ") -> 0 | AL4: =IFERROR(VLOOKUP($B4,STOCK!$A:$H,5,0)," ") -> 0 | AM4: =IFERROR(VLOOKUP($B4,STOCK!$A:$H,6,0)," ") -> 0 | AN4: =IFERROR(VLOOKUP($B4,STOCK!$A:$H,7,0)," ") -> 0 | AO4: =IFERROR(VLOOKUP($B4,STOCK!$A:$H,8,0)," ") -> 0 | AP4: =IF($AJ4<1,"Q",IF(Q4=0,"SV",IFERROR((AJ4/$Q4*30),0))) -> Q | AQ4: =IF($AK4<1,"Q",IF(U4=0,"SV",IFERROR((AK4/$U4*30),0))) -> Q | AR4: =IF($AL4<1,"Q",IF(Y4=0,"SV",IFERROR((AL4/$Y4*30),0))) -> Q | AS4: =IF($AM4<1,"Q",IF(AC4=0,"SV",IFERROR((AM4/$AC4*30),0))) -> Q | AT4: =IF($AN4<1,"Q",IF(AG4=0,"SV",IFERROR((AN4/$AG4*30),0))) -> Q | AU4: =IF($AO4<1,"Q",IF(AI4=0,"SV",IFERROR((AO4/$AI4*30),0))) -> Q | AV4: 15462 | AW4: 15459.355 | AX4: 16500 | AY4: =+AX4/AV4-1 -> 0.067132324 | AZ4: =+(AX4-AV4)/AX4 -> 0.062909091 | BC4: =+BA4/AV4-1 -> -1 | BD4: =IFERROR((BA4-AV4)/BA4,0) -> 0 | BG4: =+BE4/AV4-1 -> -1 | BH4: =IFERROR((BE4-AV4)/BE4,0) -> 0 | BI4: =+U4+Y4+AC4+AG4+AI4+Q4 -> 0
A5: Compuesto | B5: 28099 | C5: 7840235003871 | D5: TONICA 269ml 6un GRAPEFRUIT DE LA COSTA | E5: 1 | F5: BEBIDAS | G5: BEBIDAS | H5: AGUAS | I5: AGUA TONICA | J5: LIGHT AT-LI | K5: DE LA COSTA | L5: 87 | M5: EMBOTELLADORA CENTRAL (87) | N5: 0 | O5: 0 | P5: 0 | Q5: 0 | R5: 0 | S5: 0 | T5: 0 | U5: 0 | V5: 0 | W5: 0 | X5: 0 | Y5: 0 | Z5: 0 | AA5: 0 | AB5: 0 | AC5: 0 | AD5: 0 | AE5: 0 | AF5: 0 | AG5: 0 | AH5: 0 | AI5: 0 | AJ5: =IFERROR(VLOOKUP($B5,STOCK!$A:$H,3,0)," ") -> 0 | AK5: =IFERROR(VLOOKUP($B5,STOCK!$A:$H,4,0)," ") -> 0 | AL5: =IFERROR(VLOOKUP($B5,STOCK!$A:$H,5,0)," ") -> 0 | AM5: =IFERROR(VLOOKUP($B5,STOCK!$A:$H,6,0)," ") -> 0 | AN5: =IFERROR(VLOOKUP($B5,STOCK!$A:$H,7,0)," ") -> 0 | AO5: =IFERROR(VLOOKUP($B5,STOCK!$A:$H,8,0)," ") -> 0 | AP5: =IF($AJ5<1,"Q",IF(Q5=0,"SV",IFERROR((AJ5/$Q5*30),0))) -> Q | AQ5: =IF($AK5<1,"Q",IF(U5=0,"SV",IFERROR((AK5/$U5*30),0))) -> Q | AR5: =IF($AL5<1,"Q",IF(Y5=0,"SV",IFERROR((AL5/$Y5*30),0))) -> Q | AS5: =IF($AM5<1,"Q",IF(AC5=0,"SV",IFERROR((AM5/$AC5*30),0))) -> Q | AT5: =IF($AN5<1,"Q",IF(AG5=0,"SV",IFERROR((AN5/$AG5*30),0))) -> Q | AU5: =IF($AO5<1,"Q",IF(AI5=0,"SV",IFERROR((AO5/$AI5*30),0))) -> Q | AV5: 15460 | AW5: 15459.309 | AX5: 16500 | AY5: =+AX5/AV5-1 -> 0.067270376 | AZ5: =+(AX5-AV5)/AX5 -> 0.063030303 | BC5: =+BA5/AV5-1 -> -1 | BD5: =IFERROR((BA5-AV5)/BA5,0) -> 0 | BG5: =+BE5/AV5-1 -> -1 | BH5: =IFERROR((BE5-AV5)/BE5,0) -> 0 | BI5: =+U5+Y5+AC5+AG5+AI5+Q5 -> 0
A6: ACTIVO | B6: 37458 | C6: 7840235004328 | D6: TONICA 269ml FLOWER DE LA COSTA | E6: 1 | F6: BEBIDAS | G6: BEBIDAS | H6: AGUAS | I6: AGUA TONICA | J6: LIGHT AT-LI | K6: DE LA COSTA | L6: 87 | M6: EMBOTELLADORA CENTRAL (87) | N6: 289 | O6: 457 | P6: 319 | Q6: 225 | R6: 223 | S6: 350 | T6: 216 | U6: 209 | V6: 105 | W6: 167 | X6: 96 | Y6: 87 | Z6: 395 | AA6: 349 | AB6: 327 | AC6: 277 | AD6: 382 | AE6: 441 | AF6: 269 | AG6: 261 | AH6: 21 | AI6: 29 | AJ6: =IFERROR(VLOOKUP($B6,STOCK!$A:$H,3,0)," ") -> 410 | AK6: =IFERROR(VLOOKUP($B6,STOCK!$A:$H,4,0)," ") -> 297 | AL6: =IFERROR(VLOOKUP($B6,STOCK!$A:$H,5,0)," ") -> 162 | AM6: =IFERROR(VLOOKUP($B6,STOCK!$A:$H,6,0)," ") -> 408 | AN6: =IFERROR(VLOOKUP($B6,STOCK!$A:$H,7,0)," ") -> 497 | AO6: =IFERROR(VLOOKUP($B6,STOCK!$A:$H,8,0)," ") -> 92 | AP6: =IF($AJ6<1,"Q",IF(Q6=0,"SV",IFERROR((AJ6/$Q6*30),0))) -> 54.666667 | AQ6: =IF($AK6<1,"Q",IF(U6=0,"SV",IFERROR((AK6/$U6*30),0))) -> 42.631579 | AR6: =IF($AL6<1,"Q",IF(Y6=0,"SV",IFERROR((AL6/$Y6*30),0))) -> 55.862069 | AS6: =IF($AM6<1,"Q",IF(AC6=0,"SV",IFERROR((AM6/$AC6*30),0))) -> 44.187726 | AT6: =IF($AN6<1,"Q",IF(AG6=0,"SV",IFERROR((AN6/$AG6*30),0))) -> 57.126437 | AU6: =IF($AO6<1,"Q",IF(AI6=0,"SV",IFERROR((AO6/$AI6*30),0))) -> 95.172414 | AV6: 2576.5584 | AW6: 2576.5592 | AX6: 2900 | AY6: =+AX6/AV6-1 -> 0.12553242 | AZ6: =+(AX6-AV6)/AX6 -> 0.11153159 | BA6: 2750 | BB6: 6 | BC6: =+BA6/AV6-1 -> 0.06731523 | BD6: =IFERROR((BA6-AV6)/BA6,0) -> 0.06306968 | BE6: 0 | BF6: 0 | BG6: =+BE6/AV6-1 -> -1 | BH6: =IFERROR((BE6-AV6)/BE6,0) -> 0 | BI6: =+U6+Y6+AC6+AG6+AI6+Q6 -> 1088
A7: ACTIVO | B7: 28098 | C7: 7840235003857 | D7: TONICA 269ml GRAPEFRUIT DE LA COSTA | E7: 6 | F7: BEBIDAS | G7: BEBIDAS | H7: AGUAS | I7: AGUA TONICA | J7: LIGHT AT-LI | K7: DE LA COSTA | L7: 87 | M7: EMBOTELLADORA CENTRAL (87) | N7: 838 | O7: 998 | P7: 672 | Q7: 631 | R7: 618 | S7: 672 | T7: 564 | U7: 473 | V7: 237 | W7: 353 | X7: 272 | Y7: 312 | Z7: 592 | AA7: 719 | AB7: 605 | AC7: 617 | AD7: 565 | AE7: 726 | AF7: 513 | AG7: 505 | AH7: 33 | AI7: 71 | AJ7: =IFERROR(VLOOKUP($B7,STOCK!$A:$H,3,0)," ") -> 706 | AK7: =IFERROR(VLOOKUP($B7,STOCK!$A:$H,4,0)," ") -> 618 | AL7: =IFERROR(VLOOKUP($B7,STOCK!$A:$H,5,0)," ") -> 326 | AM7: =IFERROR(VLOOKUP($B7,STOCK!$A:$H,6,0)," ") -> 853 | AN7: =IFERROR(VLOOKUP($B7,STOCK!$A:$H,7,0)," ") -> 948 | AO7: =IFERROR(VLOOKUP($B7,STOCK!$A:$H,8,0)," ") -> 257 | AP7: =IF($AJ7<1,"Q",IF(Q7=0,"SV",IFERROR((AJ7/$Q7*30),0))) -> 33.565769 | AQ7: =IF($AK7<1,"Q",IF(U7=0,"SV",IFERROR((AK7/$U7*30),0))) -> 39.196617 | AR7: =IF($AL7<1,"Q",IF(Y7=0,"SV",IFERROR((AL7/$Y7*30),0))) -> 31.346154 | AS7: =IF($AM7<1,"Q",IF(AC7=0,"SV",IFERROR((AM7/$AC7*30),0))) -> 41.474878 | AT7: =IF($AN7<1,"Q",IF(AG7=0,"SV",IFERROR((AN7/$AG7*30),0))) -> 56.316832 | AU7: =IF($AO7<1,"Q",IF(AI7=0,"SV",IFERROR((AO7/$AI7*30),0))) -> 108.59155 | AV7: 2576.5584 | AW7: 2576.5514 | AX7: 2900 | AY7: =+AX7/AV7-1 -> 0.12553242 | AZ7: =+(AX7-AV7)/AX7 -> 0.11153159 | BA7: 2750 | BB7: 6 | BC7: =+BA7/AV7-1 -> 0.06731523 | BD7: =IFERROR((BA7-AV7)/BA7,0) -> 0.06306968 | BE7: 0 | BF7: 0 | BG7: =+BE7/AV7-1 -> -1 | BH7: =IFERROR((BE7-AV7)/BE7,0) -> 0 | BI7: =+U7+Y7+AC7+AG7+AI7+Q7 -> 2609
A8: ACTIVO | B8: 35737 | C8: 7840235004274 | D8: TONICA 2Lts GRAPEFRUIT DE LA COSTA | E8: 4 | F8: BEBIDAS | G8: BEBIDAS | H8: AGUAS | I8: AGUA TONICA | J8: LIGHT AT-LI | K8: DE LA COSTA | L8: 87 | M8: EMBOTELLADORA CENTRAL (87) | N8: 356 | O8: 361 | P8: 299 | Q8: 353 | R8: 315 | S8: 327 | T8: 245 | U8: 295 | V8: 108 | W8: 107 | X8: 125 | Y8: 132 | Z8: 312 | AA8: 258 | AB8: 246 | AC8: 231 | AD8: 250 | AE8: 315 | AF8: 191 | AG8: 201 | AH8: 17 | AI8: 47 | AJ8: =IFERROR(VLOOKUP($B8,STOCK!$A:$H,3,0)," ") -> 342 | AK8: =IFERROR(VLOOKUP($B8,STOCK!$A:$H,4,0)," ") -> 331 | AL8: =IFERROR(VLOOKUP($B8,STOCK!$A:$H,5,0)," ") -> 174 | AM8: =IFERROR(VLOOKUP($B8,STOCK!$A:$H,6,0)," ") -> 315 | AN8: =IFERROR(VLOOKUP($B8,STOCK!$A:$H,7,0)," ") -> 289 | AO8: =IFERROR(VLOOKUP($B8,STOCK!$A:$H,8,0)," ") -> 91 | AP8: =IF($AJ8<1,"Q",IF(Q8=0,"SV",IFERROR((AJ8/$Q8*30),0))) -> 29.065156 | AQ8: =IF($AK8<1,"Q",IF(U8=0,"SV",IFERROR((AK8/$U8*30),0))) -> 33.661017 | AR8: =IF($AL8<1,"Q",IF(Y8=0,"SV",IFERROR((AL8/$Y8*30),0))) -> 39.545455 | AS8: =IF($AM8<1,"Q",IF(AC8=0,"SV",IFERROR((AM8/$AC8*30),0))) -> 40.909091 | AT8: =IF($AN8<1,"Q",IF(AG8=0,"SV",IFERROR((AN8/$AG8*30),0))) -> 43.134328 | AU8: =IF($AO8<1,"Q",IF(AI8=0,"SV",IFERROR((AO8/$AI8*30),0))) -> 58.085106 | AV8: 7360 | AW8: 7359.9999 | AX8: 8250 | AY8: =+AX8/AV8-1 -> 0.12092391 | AZ8: =+(AX8-AV8)/AX8 -> 0.10787879 | BA8: 7990 | BB8: 4 | BC8: =+BA8/AV8-1 -> 0.085597825 | BD8: =IFERROR((BA8-AV8)/BA8,0) -> 0.078848559 | BE8: 7750 | BF8: 8 | BG8: =+BE8/AV8-1 -> 0.052989129 | BH8: =IFERROR((BE8-AV8)/BE8,0) -> 0.050322579 | BI8: =+U8+Y8+AC8+AG8+AI8+Q8 -> 1259
A9: Compuesto | B9: 28097 | C9: 7840235003796 | D9: TONICA S/AZUCAR 269ml 6un ORIGINAL DE LA COSTA | E9: 1 | F9: BEBIDAS | G9: BEBIDAS | H9: AGUAS | I9: AGUA TONICA | J9: LIGHT AT-LI | K9: DE LA COSTA | L9: 87 | M9: EMBOTELLADORA CENTRAL (87) | N9: 0 | O9: 0 | P9: 0 | Q9: 0 | R9: 0 | S9: 0 | T9: 0 | U9: 0 | V9: 0 | W9: 0 | X9: 0 | Y9: 0 | Z9: 0 | AA9: 0 | AB9: 0 | AC9: 0 | AD9: 0 | AE9: 0 | AF9: 0 | AG9: 0 | AH9: 0 | AI9: 0 | AJ9: =IFERROR(VLOOKUP($B9,STOCK!$A:$H,3,0)," ") -> 0 | AK9: =IFERROR(VLOOKUP($B9,STOCK!$A:$H,4,0)," ") -> 0 | AL9: =IFERROR(VLOOKUP($B9,STOCK!$A:$H,5,0)," ") -> 0 | AM9: =IFERROR(VLOOKUP($B9,STOCK!$A:$H,6,0)," ") -> 0 | AN9: =IFERROR(VLOOKUP($B9,STOCK!$A:$H,7,0)," ") -> 0 | AO9: =IFERROR(VLOOKUP($B9,STOCK!$A:$H,8,0)," ") -> 0 | AP9: =IF($AJ9<1,"Q",IF(Q9=0,"SV",IFERROR((AJ9/$Q9*30),0))) -> Q | AQ9: =IF($AK9<1,"Q",IF(U9=0,"SV",IFERROR((AK9/$U9*30),0))) -> Q | AR9: =IF($AL9<1,"Q",IF(Y9=0,"SV",IFERROR((AL9/$Y9*30),0))) -> Q | AS9: =IF($AM9<1,"Q",IF(AC9=0,"SV",IFERROR((AM9/$AC9*30),0))) -> Q | AT9: =IF($AN9<1,"Q",IF(AG9=0,"SV",IFERROR((AN9/$AG9*30),0))) -> Q | AU9: =IF($AO9<1,"Q",IF(AI9=0,"SV",IFERROR((AO9/$AI9*30),0))) -> Q | AV9: 15460 | AW9: 15459.528 | AX9: 16500 | AY9: =+AX9/AV9-1 -> 0.067270376 | AZ9: =+(AX9-AV9)/AX9 -> 0.063030303 | BC9: =+BA9/AV9-1 -> -1 | BD9: =IFERROR((BA9-AV9)/BA9,0) -> 0 | BG9: =+BE9/AV9-1 -> -1 | BH9: =IFERROR((BE9-AV9)/BE9,0) -> 0 | BI9: =+U9+Y9+AC9+AG9+AI9+Q9 -> 0
A10: ACTIVO | B10: 28096 | C10: 7840235003833 | D10: TONICA S/AZUCAR 269ml ORIGINAL DE LA COSTA | E10: 6 | F10: BEBIDAS | G10: BEBIDAS | H10: AGUAS | I10: AGUA TONICA | J10: LIGHT AT-LI | K10: DE LA COSTA | L10: 87 | M10: EMBOTELLADORA CENTRAL (87) | N10: 246 | O10: 373 | P10: 138 | Q10: 226 | R10: 236 | S10: 297 | T10: 250 | U10: 236 | V10: 97 | W10: 132 | X10: 122 | Y10: 107 | Z10: 278 | AA10: 305 | AB10: 255 | AC10: 220 | AD10: 247 | AE10: 365 | AF10: 223 | AG10: 252 | AH10: 6 | AI10: 23 | AJ10: =IFERROR(VLOOKUP($B10,STOCK!$A:$H,3,0)," ") -> 137 | AK10: =IFERROR(VLOOKUP($B10,STOCK!$A:$H,4,0)," ") -> 313 | AL10: =IFERROR(VLOOKUP($B10,STOCK!$A:$H,5,0)," ") -> 110 | AM10: =IFERROR(VLOOKUP($B10,STOCK!$A:$H,6,0)," ") -> 280 | AN10: =IFERROR(VLOOKUP($B10,STOCK!$A:$H,7,0)," ") -> 174 | AO10: =IFERROR(VLOOKUP($B10,STOCK!$A:$H,8,0)," ") -> 143 | AP10: =IF($AJ10<1,"Q",IF(Q10=0,"SV",IFERROR((AJ10/$Q10*30),0))) -> 18.185841 | AQ10: =IF($AK10<1,"Q",IF(U10=0,"SV",IFERROR((AK10/$U10*30),0))) -> 39.788136 | AR10: =IF($AL10<1,"Q",IF(Y10=0,"SV",IFERROR((AL10/$Y10*30),0))) -> 30.841121 | AS10: =IF($AM10<1,"Q",IF(AC10=0,"SV",IFERROR((AM10/$AC10*30),0))) -> 38.181818 | AT10: =IF($AN10<1,"Q",IF(AG10=0,"SV",IFERROR((AN10/$AG10*30),0))) -> 20.714286 | AU10: =IF($AO10<1,"Q",IF(AI10=0,"SV",IFERROR((AO10/$AI10*30),0))) -> 186.52174 | AV10: 2576.5584 | AW10: 2576.588 | AX10: 2900 | AY10: =+AX10/AV10-1 -> 0.12553242 | AZ10: =+(AX10-AV10)/AX10 -> 0.11153159 | BA10: 2750 | BB10: 6 | BC10: =+BA10/AV10-1 -> 0.06731523 | BD10: =IFERROR((BA10-AV10)/BA10,0) -> 0.06306968 | BE10: 0 | BF10: 0 | BG10: =+BE10/AV10-1 -> -1 | BH10: =IFERROR((BE10-AV10)/BE10,0) -> 0 | BI10: =+U10+Y10+AC10+AG10+AI10+Q10 -> 1064
A11: ACTIVO | B11: 4098 | C11: 7841112000730 | D11: TONICA CERO 625ml AGUABES | E11: 6 | F11: BEBIDAS | G11: BEBIDAS | H11: AGUAS | I11: AGUA TONICA | J11: LIGHT AT-LI | K11: AGUA BES | L11: 165 | M11: BEBIDAS ENV. SALUDABLES (165) | N11: 436 | O11: 346 | P11: 269 | Q11: 222 | R11: 177 | S11: 191 | T11: 122 | U11: 109 | V11: 84 | W11: 164 | X11: 101 | Y11: 100 | Z11: 47 | AA11: 54 | AB11: 43 | AC11: 53 | AD11: 41 | AE11: 63 | AF11: 89 | AG11: 89 | AH11: 15 | AI11: 17 | AJ11: =IFERROR(VLOOKUP($B11,STOCK!$A:$H,3,0)," ") -> 292 | AK11: =IFERROR(VLOOKUP($B11,STOCK!$A:$H,4,0)," ") -> 136 | AL11: =IFERROR(VLOOKUP($B11,STOCK!$A:$H,5,0)," ") -> 113 | AM11: =IFERROR(VLOOKUP($B11,STOCK!$A:$H,6,0)," ") -> 59 | AN11: =IFERROR(VLOOKUP($B11,STOCK!$A:$H,7,0)," ") -> 81 | AO11: =IFERROR(VLOOKUP($B11,STOCK!$A:$H,8,0)," ") -> 45 | AP11: =IF($AJ11<1,"Q",IF(Q11=0,"SV",IFERROR((AJ11/$Q11*30),0))) -> 39.459459 | AQ11: =IF($AK11<1,"Q",IF(U11=0,"SV",IFERROR((AK11/$U11*30),0))) -> 37.431193 | AR11: =IF($AL11<1,"Q",IF(Y11=0,"SV",IFERROR((AL11/$Y11*30),0))) -> 33.9 | AS11: =IF($AM11<1,"Q",IF(AC11=0,"SV",IFERROR((AM11/$AC11*30),0))) -> 33.396226 | AT11: =IF($AN11<1,"Q",IF(AG11=0,"SV",IFERROR((AN11/$AG11*30),0))) -> 27.303371 | AU11: =IF($AO11<1,"Q",IF(AI11=0,"SV",IFERROR((AO11/$AI11*30),0))) -> 79.411765 | AV11: 1708 | AW11: 1707.9997 | AX11: 2650 | AY11: =+AX11/AV11-1 -> 0.55152222 | AZ11: =+(AX11-AV11)/AX11 -> 0.35547169 | BA11: 2550 | BB11: 6 | BC11: =+BA11/AV11-1 -> 0.49297421 | BD11: =IFERROR((BA11-AV11)/BA11,0) -> 0.33019607 | BE11: 2450 | BF11: 12 | BG11: =+BE11/AV11-1 -> 0.4344262 | BH11: =IFERROR((BE11-AV11)/BE11,0) -> 0.30285713 | BI11: =+U11+Y11+AC11+AG11+AI11+Q11 -> 590
A12: ACTIVO | B12: 4097 | C12: 7841112000747 | D12: TONICA LIGHT 625ml AGUABES | E12: 6 | F12: BEBIDAS | G12: BEBIDAS | H12: AGUAS | I12: AGUA TONICA | J12: LIGHT AT-LI | K12: AGUA BES | L12: 165 | M12: BEBIDAS ENV. SALUDABLES (165) | N12: 145 | O12: 234 | P12: 180 | Q12: 132 | R12: 111 | S12: 234 | T12: 152 | U12: 122 | V12: 25 | W12: 25 | X12: 20 | Y12: 15 | Z12: 26 | AA12: 24 | AB12: 8 | AC12: 16 | AD12: 24 | AE12: 55 | AF12: 65 | AG12: 69 | AH12: 0 | AI12: 1 | AJ12: =IFERROR(VLOOKUP($B12,STOCK!$A:$H,3,0)," ") -> 237 | AK12: =IFERROR(VLOOKUP($B12,STOCK!$A:$H,4,0)," ") -> 231 | AL12: =IFERROR(VLOOKUP($B12,STOCK!$A:$H,5,0)," ") -> 30 | AM12: =IFERROR(VLOOKUP($B12,STOCK!$A:$H,6,0)," ") -> 14 | AN12: =IFERROR(VLOOKUP($B12,STOCK!$A:$H,7,0)," ") -> 60 | AO12: =IFERROR(VLOOKUP($B12,STOCK!$A:$H,8,0)," ") -> 59 | AP12: =IF($AJ12<1,"Q",IF(Q12=0,"SV",IFERROR((AJ12/$Q12*30),0))) -> 53.863636 | AQ12: =IF($AK12<1,"Q",IF(U12=0,"SV",IFERROR((AK12/$U12*30),0))) -> 56.803279 | AR12: =IF($AL12<1,"Q",IF(Y12=0,"SV",IFERROR((AL12/$Y12*30),0))) -> 60 | AS12: =IF($AM12<1,"Q",IF(AC12=0,"SV",IFERROR((AM12/$AC12*30),0))) -> 26.25 | AT12: =IF($AN12<1,"Q",IF(AG12=0,"SV",IFERROR((AN12/$AG12*30),0))) -> 26.086957 | AU12: =IF($AO12<1,"Q",IF(AI12=0,"SV",IFERROR((AO12/$AI12*30),0))) -> 1770 | AV12: 1708 | AW12: 1707.9995 | AX12: 2650 | AY12: =+AX12/AV12-1 -> 0.55152222 | AZ12: =+(AX12-AV12)/AX12 -> 0.35547169 | BA12: 2550 | BB12: 6 | BC12: =+BA12/AV12-1 -> 0.49297421 | BD12: =IFERROR((BA12-AV12)/BA12,0) -> 0.33019607 | BE12: 2450 | BF12: 12 | BG12: =+BE12/AV12-1 -> 0.4344262 | BH12: =IFERROR((BE12-AV12)/BE12,0) -> 0.30285713 | BI12: =+U12+Y12+AC12+AG12+AI12+Q12 -> 355
A13: ACTIVO | B13: 41599 | C13: 7801610310083 | D13: TONICA S/AZUCAR 310ml SCHWEPPES | E13: 6 | F13: BEBIDAS | G13: BEBIDAS | H13: AGUAS | I13: AGUA TONICA | J13: LIGHT AT-LI | K13: SCHWEPPES | L13: 139 | M13: PARAGUAY REFRESCOS S.A. (139) | N13: 0 | O13: 0 | P13: 0 | Q13: 0 | R13: 0 | S13: 0 | T13: 0 | U13: 0 | V13: 0 | W13: 0 | X13: 0 | Y13: 2 | Z13: 0 | AA13: 0 | AB13: 0 | AC13: 0 | AD13: 0 | AE13: 0 | AF13: 0 | AG13: 0 | AH13: 0 | AI13: 0 | AJ13: =IFERROR(VLOOKUP($B13,STOCK!$A:$H,3,0)," ") -> 36 | AK13: =IFERROR(VLOOKUP($B13,STOCK!$A:$H,4,0)," ") -> 24 | AL13: =IFERROR(VLOOKUP($B13,STOCK!$A:$H,5,0)," ") -> 36 | AM13: =IFERROR(VLOOKUP($B13,STOCK!$A:$H,6,0)," ") -> 60 | AN13: =IFERROR(VLOOKUP($B13,STOCK!$A:$H,7,0)," ") -> 24 | AO13: =IFERROR(VLOOKUP($B13,STOCK!$A:$H,8,0)," ") -> 0 | AP13: =IF($AJ13<1,"Q",IF(Q13=0,"SV",IFERROR((AJ13/$Q13*30),0))) -> SV | AQ13: =IF($AK13<1,"Q",IF(U13=0,"SV",IFERROR((AK13/$U13*30),0))) -> SV | AR13: =IF($AL13<1,"Q",IF(Y13=0,"SV",IFERROR((AL13/$Y13*30),0))) -> 540 | AS13: =IF($AM13<1,"Q",IF(AC13=0,"SV",IFERROR((AM13/$AC13*30),0))) -> SV | AT13: =IF($AN13<1,"Q",IF(AG13=0,"SV",IFERROR((AN13/$AG13*30),0))) -> SV | AU13: =IF($AO13<1,"Q",IF(AI13=0,"SV",IFERROR((AO13/$AI13*30),0))) -> Q | AV13: 4875 | AW13: 4820.7563 | AX13: 5500 | AY13: =+AX13/AV13-1 -> 0.12820513 | AZ13: =+(AX13-AV13)/AX13 -> 0.11363636 | BC13: =+BA13/AV13-1 -> -1 | BD13: =IFERROR((BA13-AV13)/BA13,0) -> 0 | BG13: =+BE13/AV13-1 -> -1 | BH13: =IFERROR((BE13-AV13)/BE13,0) -> 0 | BI13: =+U13+Y13+AC13+AG13+AI13+Q13 -> 2
A14: ACTIVO | B14: 36229 | C14: 7801610483602 | D14: TONICA S/AZUCAR 350ml GINGER ALE SCHWEPPES | E14: 6 | F14: BEBIDAS | G14: BEBIDAS | H14: AGUAS | I14: AGUA TONICA | J14: LIGHT AT-LI | K14: SCHWEPPES | L14: 139 | M14: PARAGUAY REFRESCOS S.A. (139) | N14: 18 | O14: 56 | P14: 33 | Q14: 36 | R14: 6 | S14: 36 | T14: 11 | U14: 22 | V14: 58 | W14: 88 | X14: 64 | Y14: 56 | Z14: 60 | AA14: 44 | AB14: 49 | AC14: 39 | AD14: 49 | AE14: 63 | AF14: 55 | AG14: 43 | AH14: 0 | AI14: 1 | AJ14: =IFERROR(VLOOKUP($B14,STOCK!$A:$H,3,0)," ") -> 44 | AK14: =IFERROR(VLOOKUP($B14,STOCK!$A:$H,4,0)," ") -> 29 | AL14: =IFERROR(VLOOKUP($B14,STOCK!$A:$H,5,0)," ") -> 49 | AM14: =IFERROR(VLOOKUP($B14,STOCK!$A:$H,6,0)," ") -> 52 | AN14: =IFERROR(VLOOKUP($B14,STOCK!$A:$H,7,0)," ") -> 67 | AO14: =IFERROR(VLOOKUP($B14,STOCK!$A:$H,8,0)," ") -> 23 | AP14: =IF($AJ14<1,"Q",IF(Q14=0,"SV",IFERROR((AJ14/$Q14*30),0))) -> 36.666667 | AQ14: =IF($AK14<1,"Q",IF(U14=0,"SV",IFERROR((AK14/$U14*30),0))) -> 39.545455 | AR14: =IF($AL14<1,"Q",IF(Y14=0,"SV",IFERROR((AL14/$Y14*30),0))) -> 26.25 | AS14: =IF($AM14<1,"Q",IF(AC14=0,"SV",IFERROR((AM14/$AC14*30),0))) -> 40 | AT14: =IF($AN14<1,"Q",IF(AG14=0,"SV",IFERROR((AN14/$AG14*30),0))) -> 46.744186 | AU14: =IF($AO14<1,"Q",IF(AI14=0,"SV",IFERROR((AO14/$AI14*30),0))) -> 690 | AV14: 4875 | AW14: 4821.3118 | AX14: 5500 | AY14: =+AX14/AV14-1 -> 0.12820513 | AZ14: =+(AX14-AV14)/AX14 -> 0.11363636 | BA14: 5350 | BB14: 6 | BC14: =+BA14/AV14-1 -> 0.097435897 | BD14: =IFERROR((BA14-AV14)/BA14,0) -> 0.088785047 | BE14: 0 | BF14: 0 | BG14: =+BE14/AV14-1 -> -1 | BH14: =IFERROR((BE14-AV14)/BE14,0) -> 0 | BI14: =+U14+Y14+AC14+AG14+AI14+Q14 -> 197
A15: ACTIVO | B15: 36227 | C15: 7801610475218 | D15: TONICA S/AZUCAR 350ml SCHWEPPES | E15: 6 | F15: BEBIDAS | G15: BEBIDAS | H15: AGUAS | I15: AGUA TONICA | J15: LIGHT AT-LI | K15: SCHWEPPES | L15: 139 | M15: PARAGUAY REFRESCOS S.A. (139) | N15: 10 | O15: 12 | P15: 0 | Q15: 0 | R15: 39 | S15: 47 | T15: 0 | U15: 0 | V15: 12 | W15: 16 | X15: 0 | Y15: 0 | Z15: 18 | AA15: 35 | AB15: 6 | AC15: 0 | AD15: 15 | AE15: 22 | AF15: 7 | AG15: 8 | AH15: 0 | AI15: 0 | AJ15: =IFERROR(VLOOKUP($B15,STOCK!$A:$H,3,0)," ") -> 29 | AK15: =IFERROR(VLOOKUP($B15,STOCK!$A:$H,4,0)," ") -> 16 | AL15: =IFERROR(VLOOKUP($B15,STOCK!$A:$H,5,0)," ") -> 0 | AM15: =IFERROR(VLOOKUP($B15,STOCK!$A:$H,6,0)," ") -> 6 | AN15: =IFERROR(VLOOKUP($B15,STOCK!$A:$H,7,0)," ") -> 0 | AO15: =IFERROR(VLOOKUP($B15,STOCK!$A:$H,8,0)," ") -> 0 | AP15: =IF($AJ15<1,"Q",IF(Q15=0,"SV",IFERROR((AJ15/$Q15*30),0))) -> SV | AQ15: =IF($AK15<1,"Q",IF(U15=0,"SV",IFERROR((AK15/$U15*30),0))) -> SV | AR15: =IF($AL15<1,"Q",IF(Y15=0,"SV",IFERROR((AL15/$Y15*30),0))) -> Q | AS15: =IF($AM15<1,"Q",IF(AC15=0,"SV",IFERROR((AM15/$AC15*30),0))) -> SV | AT15: =IF($AN15<1,"Q",IF(AG15=0,"SV",IFERROR((AN15/$AG15*30),0))) -> Q | AU15: =IF($AO15<1,"Q",IF(AI15=0,"SV",IFERROR((AO15/$AI15*30),0))) -> Q | AV15: 4875 | AW15: 4830.4021 | AX15: 5500 | AY15: =+AX15/AV15-1 -> 0.12820513 | AZ15: =+(AX15-AV15)/AX15 -> 0.11363636 | BA15: 5350 | BB15: 6 | BC15: =+BA15/AV15-1 -> 0.097435897 | BD15: =IFERROR((BA15-AV15)/BA15,0) -> 0.088785047 | BE15: 0 | BF15: 0 | BG15: =+BE15/AV15-1 -> -1 | BH15: =IFERROR((BE15-AV15)/BE15,0) -> 0 | BI15: =+U15+Y15+AC15+AG15+AI15+Q15 -> 8
A16: INACTIVO | B16: 12583 | C16: 5029396739047 | D16: TONICA LIGHT 200ml NATURALLY WATER FENTIMANS | E16: 1 | F16: BEBIDAS | G16: BEBIDAS | H16: AGUAS | I16: AGUA TONICA | J16: LIGHT AT-LI | K16: FENTIMANS | L16: 1370 | M16: JJ PREMIUN SPIRITS (1370) | N16: 0 | O16: 0 | P16: 0 | Q16: 0 | R16: 0 | S16: 0 | T16: 0 | U16: 0 | V16: 0 | W16: 0 | X16: 0 | Y16: 0 | Z16: 0 | AA16: 0 | AB16: 0 | AC16: 0 | AD16: 0 | AE16: 0 | AF16: 0 | AG16: 0 | AH16: 0 | AI16: 0 | AJ16: =IFERROR(VLOOKUP($B16,STOCK!$A:$H,3,0)," ") -> 0 | AK16: =IFERROR(VLOOKUP($B16,STOCK!$A:$H,4,0)," ") -> 0 | AL16: =IFERROR(VLOOKUP($B16,STOCK!$A:$H,5,0)," ") -> 0 | AM16: =IFERROR(VLOOKUP($B16,STOCK!$A:$H,6,0)," ") -> 10 | AN16: =IFERROR(VLOOKUP($B16,STOCK!$A:$H,7,0)," ") -> 0 | AO16: =IFERROR(VLOOKUP($B16,STOCK!$A:$H,8,0)," ") -> 0 | AP16: =IF($AJ16<1,"Q",IF(Q16=0,"SV",IFERROR((AJ16/$Q16*30),0))) -> Q | AQ16: =IF($AK16<1,"Q",IF(U16=0,"SV",IFERROR((AK16/$U16*30),0))) -> Q | AR16: =IF($AL16<1,"Q",IF(Y16=0,"SV",IFERROR((AL16/$Y16*30),0))) -> Q | AS16: =IF($AM16<1,"Q",IF(AC16=0,"SV",IFERROR((AM16/$AC16*30),0))) -> SV | AT16: =IF($AN16<1,"Q",IF(AG16=0,"SV",IFERROR((AN16/$AG16*30),0))) -> Q | AU16: =IF($AO16<1,"Q",IF(AI16=0,"SV",IFERROR((AO16/$AI16*30),0))) -> Q | AV16: 6750 | AW16: 6749.9996 | AX16: 8900 | AY16: =+AX16/AV16-1 -> 0.31851852 | AZ16: =+(AX16-AV16)/AX16 -> 0.24157303 | BA16: 8450 | BB16: 3 | BC16: =+BA16/AV16-1 -> 0.25185185 | BD16: =IFERROR((BA16-AV16)/BA16,0) -> 0.20118343 | BE16: 0 | BF16: 0 | BG16: =+BE16/AV16-1 -> -1 | BH16: =IFERROR((BE16-AV16)/BE16,0) -> 0 | BI16: =+U16+Y16+AC16+AG16+AI16+Q16 -> 0
A17: ACTIVO | B17: 6248 | C17: 7840017207121 | D17: TONICA 500ml SELTZ | E17: 12 | F17: BEBIDAS | G17: BEBIDAS | H17: AGUAS | I17: AGUA TONICA | J17: NORMAL AT-NO | K17: SELTZ | L17: 509 | M17: SELTZ S.A. (509) | N17: 799 | O17: 797 | P17: 601 | Q17: 585 | R17: 1067 | S17: 1219 | T17: 934 | U17: 961 | V17: 261 | W17: 245 | X17: 222 | Y17: 206 | Z17: 335 | AA17: 291 | AB17: 230 | AC17: 222 | AD17: 344 | AE17: 644 | AF17: 255 | AG17: 221 | AH17: 0 | AI17: 40 | AJ17: =IFERROR(VLOOKUP($B17,STOCK!$A:$H,3,0)," ") -> 410 | AK17: =IFERROR(VLOOKUP($B17,STOCK!$A:$H,4,0)," ") -> 764 | AL17: =IFERROR(VLOOKUP($B17,STOCK!$A:$H,5,0)," ") -> 186 | AM17: =IFERROR(VLOOKUP($B17,STOCK!$A:$H,6,0)," ") -> 247 | AN17: =IFERROR(VLOOKUP($B17,STOCK!$A:$H,7,0)," ") -> 478 | AO17: =IFERROR(VLOOKUP($B17,STOCK!$A:$H,8,0)," ") -> 129 | AP17: =IF($AJ17<1,"Q",IF(Q17=0,"SV",IFERROR((AJ17/$Q17*30),0))) -> 21.025641 | AQ17: =IF($AK17<1,"Q",IF(U17=0,"SV",IFERROR((AK17/$U17*30),0))) -> 23.850156 | AR17: =IF($AL17<1,"Q",IF(Y17=0,"SV",IFERROR((AL17/$Y17*30),0))) -> 27.087379 | AS17: =IF($AM17<1,"Q",IF(AC17=0,"SV",IFERROR((AM17/$AC17*30),0))) -> 33.378378 | AT17: =IF($AN17<1,"Q",IF(AG17=0,"SV",IFERROR((AN17/$AG17*30),0))) -> 64.886878 | AU17: =IF($AO17<1,"Q",IF(AI17=0,"SV",IFERROR((AO17/$AI17*30),0))) -> 96.75 | AV17: 1550 | AW17: 1549.9998 | AX17: 2350 | AY17: =+AX17/AV17-1 -> 0.51612903 | AZ17: =+(AX17-AV17)/AX17 -> 0.34042553 | BA17: 2250 | BB17: 12 | BC17: =+BA17/AV17-1 -> 0.4516129 | BD17: =IFERROR((BA17-AV17)/BA17,0) -> 0.31111111 | BE17: 0 | BF17: 0 | BG17: =+BE17/AV17-1 -> -1 | BH17: =IFERROR((BE17-AV17)/BE17,0) -> 0 | BI17: =+U17+Y17+AC17+AG17+AI17+Q17 -> 2235
A18: ACTIVO | B18: 31802 | C18: 7840235004212 | D18: TONICA 2Lts DE LA COSTA | E18: 4 | F18: BEBIDAS | G18: BEBIDAS | H18: AGUAS | I18: AGUA TONICA | J18: NORMAL AT-NO | K18: DE LA COSTA | L18: 87 | M18: EMBOTELLADORA CENTRAL (87) | N18: 173 | O18: 189 | P18: 171 | Q18: 171 | R18: 177 | S18: 173 | T18: 117 | U18: 171 | V18: 55 | W18: 59 | X18: 44 | Y18: 43 | Z18: 159 | AA18: 164 | AB18: 101 | AC18: 117 | AD18: 136 | AE18: 178 | AF18: 92 | AG18: 103 | AH18: 9 | AI18: 26 | AJ18: =IFERROR(VLOOKUP($B18,STOCK!$A:$H,3,0)," ") -> 184 | AK18: =IFERROR(VLOOKUP($B18,STOCK!$A:$H,4,0)," ") -> 120 | AL18: =IFERROR(VLOOKUP($B18,STOCK!$A:$H,5,0)," ") -> 53 | AM18: =IFERROR(VLOOKUP($B18,STOCK!$A:$H,6,0)," ") -> 175 | AN18: =IFERROR(VLOOKUP($B18,STOCK!$A:$H,7,0)," ") -> 105 | AO18: =IFERROR(VLOOKUP($B18,STOCK!$A:$H,8,0)," ") -> 67 | AP18: =IF($AJ18<1,"Q",IF(Q18=0,"SV",IFERROR((AJ18/$Q18*30),0))) -> 32.280702 | AQ18: =IF($AK18<1,"Q",IF(U18=0,"SV",IFERROR((AK18/$U18*30),0))) -> 21.052632 | AR18: =IF($AL18<1,"Q",IF(Y18=0,"SV",IFERROR((AL18/$Y18*30),0))) -> 36.976744 | AS18: =IF($AM18<1,"Q",IF(AC18=0,"SV",IFERROR((AM18/$AC18*30),0))) -> 44.871795 | AT18: =IF($AN18<1,"Q",IF(AG18=0,"SV",IFERROR((AN18/$AG18*30),0))) -> 30.582524 | AU18: =IF($AO18<1,"Q",IF(AI18=0,"SV",IFERROR((AO18/$AI18*30),0))) -> 77.307692 | AV18: 7360 | AW18: 7359.9998 | AX18: 8450 | AY18: =+AX18/AV18-1 -> 0.14809782 | AZ18: =+(AX18-AV18)/AX18 -> 0.12899408 | BA18: 8250 | BB18: 4 | BC18: =+BA18/AV18-1 -> 0.12092391 | BD18: =IFERROR((BA18-AV18)/BA18,0) -> 0.10787879 | BE18: 7990 | BF18: 8 | BG18: =+BE18/AV18-1 -> 0.085597825 | BH18: =IFERROR((BE18-AV18)/BE18,0) -> 0.078848559 | BI18: =+U18+Y18+AC18+AG18+AI18+Q18 -> 631
A19: ACTIVO | B19: 24553 | C19: 7840235002461 | D19: TONICA 500ml DE LA COSTA | E19: 12 | F19: BEBIDAS | G19: BEBIDAS | H19: AGUAS | I19: AGUA TONICA | J19: NORMAL AT-NO | K19: DE LA COSTA | L19: 87 | M19: EMBOTELLADORA CENTRAL (87) | N19: 886 | O19: 1189 | P19: 1313 | Q19: 1166 | R19: 1147 | S19: 1271 | T19: 1027 | U19: 992 | V19: 444 | W19: 644 | X19: 392 | Y19: 366 | Z19: 461 | AA19: 436 | AB19: 299 | AC19: 266 | AD19: 732 | AE19: 812 | AF19: 841 | AG19: 569 | AH19: 48 | AI19: 117 | AJ19: =IFERROR(VLOOKUP($B19,STOCK!$A:$H,3,0)," ") -> 1204 | AK19: =IFERROR(VLOOKUP($B19,STOCK!$A:$H,4,0)," ") -> 1412 | AL19: =IFERROR(VLOOKUP($B19,STOCK!$A:$H,5,0)," ") -> 427 | AM19: =IFERROR(VLOOKUP($B19,STOCK!$A:$H,6,0)," ") -> 356 | AN19: =IFERROR(VLOOKUP($B19,STOCK!$A:$H,7,0)," ") -> 1186 | AO19: =IFERROR(VLOOKUP($B19,STOCK!$A:$H,8,0)," ") -> 158 | AP19: =IF($AJ19<1,"Q",IF(Q19=0,"SV",IFERROR((AJ19/$Q19*30),0))) -> 30.977702 | AQ19: =IF($AK19<1,"Q",IF(U19=0,"SV",IFERROR((AK19/$U19*30),0))) -> 42.701613 | AR19: =IF($AL19<1,"Q",IF(Y19=0,"SV",IFERROR((AL19/$Y19*30),0))) -> 35 | AS19: =IF($AM19<1,"Q",IF(AC19=0,"SV",IFERROR((AM19/$AC19*30),0))) -> 40.150376 | AT19: =IF($AN19<1,"Q",IF(AG19=0,"SV",IFERROR((AN19/$AG19*30),0))) -> 62.530756 | AU19: =IF($AO19<1,"Q",IF(AI19=0,"SV",IFERROR((AO19/$AI19*30),0))) -> 40.512821 | AV19: 2500 | AW19: 2299.9999 | AX19: 2850 | AY19: =+AX19/AV19-1 -> 0.14 | AZ19: =+(AX19-AV19)/AX19 -> 0.12280702 | BA19: 2750 | BB19: 6 | BC19: =+BA19/AV19-1 -> 0.1 | BD19: =IFERROR((BA19-AV19)/BA19,0) -> 0.090909091 | BE19: 2690 | BF19: 12 | BG19: =+BE19/AV19-1 -> 0.076 | BH19: =IFERROR((BE19-AV19)/BE19,0) -> 0.07063197 | BI19: =+U19+Y19+AC19+AG19+AI19+Q19 -> 3476
A20: ACTIVO | B20: 4950 | C20: 7840028202467 | D20: TONICA 2Lts PASO DE LOS TOROS | E20: 4 | F20: BEBIDAS | G20: BEBIDAS | H20: AGUAS | I20: AGUA TONICA | J20: NORMAL AT-NO | K20: PASO DE LOS TOROS | L20: 50 | M20: AV S.A. (50) | N20: 42 | O20: 57 | P20: 27 | Q20: 41 | R20: 60 | S20: 56 | T20: 64 | U20: 69 | V20: 22 | W20: 25 | X20: 24 | Y20: 29 | Z20: 29 | AA20: 38 | AB20: 23 | AC20: 23 | AD20: 41 | AE20: 40 | AF20: 32 | AG20: 23 | AH20: 1 | AI20: 4 | AJ20: =IFERROR(VLOOKUP($B20,STOCK!$A:$H,3,0)," ") -> 40 | AK20: =IFERROR(VLOOKUP($B20,STOCK!$A:$H,4,0)," ") -> 19 | AL20: =IFERROR(VLOOKUP($B20,STOCK!$A:$H,5,0)," ") -> 48 | AM20: =IFERROR(VLOOKUP($B20,STOCK!$A:$H,6,0)," ") -> 30 | AN20: =IFERROR(VLOOKUP($B20,STOCK!$A:$H,7,0)," ") -> 65 | AO20: =IFERROR(VLOOKUP($B20,STOCK!$A:$H,8,0)," ") -> 14 | AP20: =IF($AJ20<1,"Q",IF(Q20=0,"SV",IFERROR((AJ20/$Q20*30),0))) -> 29.268293 | AQ20: =IF($AK20<1,"Q",IF(U20=0,"SV",IFERROR((AK20/$U20*30),0))) -> 8.2608696 | AR20: =IF($AL20<1,"Q",IF(Y20=0,"SV",IFERROR((AL20/$Y20*30),0))) -> 49.655172 | AS20: =IF($AM20<1,"Q",IF(AC20=0,"SV",IFERROR((AM20/$AC20*30),0))) -> 39.130435 | AT20: =IF($AN20<1,"Q",IF(AG20=0,"SV",IFERROR((AN20/$AG20*30),0))) -> 84.782609 | AU20: =IF($AO20<1,"Q",IF(AI20=0,"SV",IFERROR((AO20/$AI20*30),0))) -> 105 | AV20: 8835 | AW20: 8633.2637 | AX20: 10250 | AY20: =+AX20/AV20-1 -> 0.16015846 | AZ20: =+(AX20-AV20)/AX20 -> 0.13804878 | BA20: 9900 | BB20: 4 | BC20: =+BA20/AV20-1 -> 0.12054329 | BD20: =IFERROR((BA20-AV20)/BA20,0) -> 0.10757576 | BE20: 9650 | BF20: 8 | BG20: =+BE20/AV20-1 -> 0.092246746 | BH20: =IFERROR((BE20-AV20)/BE20,0) -> 0.084455959 | BI20: =+U20+Y20+AC20+AG20+AI20+Q20 -> 189
A21: ACTIVO | B21: 4949 | C21: 7840028202450 | D21: TONICA 500ml PASO DE LOS TOROS | E21: 4 | F21: BEBIDAS | G21: BEBIDAS | H21: AGUAS | I21: AGUA TONICA | J21: NORMAL AT-NO | K21: PASO DE LOS TOROS | L21: 50 | M21: AV S.A. (50) | N21: 378 | O21: 40 | P21: 113 | Q21: 118 | R21: 145 | S21: 145 | T21: 107 | U21: 79 | V21: 44 | W21: 20 | X21: 24 | Y21: 32 | Z21: 45 | AA21: 73 | AB21: 16 | AC21: 27 | AD21: 11 | AE21: 10 | AF21: 25 | AG21: 37 | AH21: 0 | AI21: 4 | AJ21: =IFERROR(VLOOKUP($B21,STOCK!$A:$H,3,0)," ") -> 57 | AK21: =IFERROR(VLOOKUP($B21,STOCK!$A:$H,4,0)," ") -> 122 | AL21: =IFERROR(VLOOKUP($B21,STOCK!$A:$H,5,0)," ") -> 29 | AM21: =IFERROR(VLOOKUP($B21,STOCK!$A:$H,6,0)," ") -> 70 | AN21: =IFERROR(VLOOKUP($B21,STOCK!$A:$H,7,0)," ") -> 23 | AO21: =IFERROR(VLOOKUP($B21,STOCK!$A:$H,8,0)," ") -> 32 | AP21: =IF($AJ21<1,"Q",IF(Q21=0,"SV",IFERROR((AJ21/$Q21*30),0))) -> 14.491525 | AQ21: =IF($AK21<1,"Q",IF(U21=0,"SV",IFERROR((AK21/$U21*30),0))) -> 46.329114 | AR21: =IF($AL21<1,"Q",IF(Y21=0,"SV",IFERROR((AL21/$Y21*30),0))) -> 27.1875 | AS21: =IF($AM21<1,"Q",IF(AC21=0,"SV",IFERROR((AM21/$AC21*30),0))) -> 77.777778 | AT21: =IF($AN21<1,"Q",IF(AG21=0,"SV",IFERROR((AN21/$AG21*30),0))) -> 18.648649 | AU21: =IF($AO21<1,"Q",IF(AI21=0,"SV",IFERROR((AO21/$AI21*30),0))) -> 240 | AV21: 4188 | AW21: 4171.2047 | AX21: 4900 | AY21: =+AX21/AV21-1 -> 0.17000955 | AZ21: =+(AX21-AV21)/AX21 -> 0.14530612 | BA21: 4750 | BB21: 6 | BC21: =+BA21/AV21-1 -> 0.13419293 | BD21: =IFERROR((BA21-AV21)/BA21,0) -> 0.11831579 | BE21: 4650 | BF21: 12 | BG21: =+BE21/AV21-1 -> 0.11031519 | BH21: =IFERROR((BE21-AV21)/BE21,0) -> 0.099354839 | BI21: =+U21+Y21+AC21+AG21+AI21+Q21 -> 297
A22: ACTIVO | B22: 12139 | C22: 7840058007582 | D22: TONICA 2Lts SCHWEPPES | E22: 4 | F22: BEBIDAS | G22: BEBIDAS | H22: AGUAS | I22: AGUA TONICA | J22: NORMAL AT-NO | K22: SCHWEPPES | L22: 139 | M22: PARAGUAY REFRESCOS S.A. (139) | N22: 119 | O22: 47 | P22: 61 | Q22: 45 | R22: 106 | S22: 112 | T22: 82 | U22: 60 | V22: 53 | W22: 45 | X22: 31 | Y22: 23 | Z22: 32 | AA22: 31 | AB22: 11 | AC22: 8 | AD22: 74 | AE22: 60 | AF22: 2 | AG22: 0 | AH22: 4 | AI22: 8 | AJ22: =IFERROR(VLOOKUP($B22,STOCK!$A:$H,3,0)," ") -> 1 | AK22: =IFERROR(VLOOKUP($B22,STOCK!$A:$H,4,0)," ") -> 3 | AL22: =IFERROR(VLOOKUP($B22,STOCK!$A:$H,5,0)," ") -> 29 | AM22: =IFERROR(VLOOKUP($B22,STOCK!$A:$H,6,0)," ") -> 0 | AN22: =IFERROR(VLOOKUP($B22,STOCK!$A:$H,7,0)," ") -> 0 | AO22: =IFERROR(VLOOKUP($B22,STOCK!$A:$H,8,0)," ") -> 14 | AP22: =IF($AJ22<1,"Q",IF(Q22=0,"SV",IFERROR((AJ22/$Q22*30),0))) -> 0.66666667 | AQ22: =IF($AK22<1,"Q",IF(U22=0,"SV",IFERROR((AK22/$U22*30),0))) -> 1.5 | AR22: =IF($AL22<1,"Q",IF(Y22=0,"SV",IFERROR((AL22/$Y22*30),0))) -> 37.826087 | AS22: =IF($AM22<1,"Q",IF(AC22=0,"SV",IFERROR((AM22/$AC22*30),0))) -> Q | AT22: =IF($AN22<1,"Q",IF(AG22=0,"SV",IFERROR((AN22/$AG22*30),0))) -> Q | AU22: =IF($AO22<1,"Q",IF(AI22=0,"SV",IFERROR((AO22/$AI22*30),0))) -> 52.5 | AV22: 10125 | AW22: 10088.687 | AX22: 11500 | AY22: =+AX22/AV22-1 -> 0.13580247 | AZ22: =+(AX22-AV22)/AX22 -> 0.11956522 | BA22: 11250 | BB22: 4 | BC22: =+BA22/AV22-1 -> 0.11111111 | BD22: =IFERROR((BA22-AV22)/BA22,0) -> 0.1 | BE22: 0 | BF22: 0 | BG22: =+BE22/AV22-1 -> -1 | BH22: =IFERROR((BE22-AV22)/BE22,0) -> 0 | BI22: =+U22+Y22+AC22+AG22+AI22+Q22 -> 144
A23: ACTIVO | B23: 36228 | C23: 7801610483503 | D23: TONICA 350ml GINGER ALE SCHWEPPES | E23: 6 | F23: BEBIDAS | G23: BEBIDAS | H23: AGUAS | I23: AGUA TONICA | J23: NORMAL AT-NO | K23: SCHWEPPES | L23: 139 | M23: PARAGUAY REFRESCOS S.A. (139) | N23: 17 | O23: 52 | P23: 31 | Q23: 29 | R23: 64 | S23: 37 | T23: 29 | U23: 14 | V23: 27 | W23: 22 | X23: 25 | Y23: 14 | Z23: 12 | AA23: 47 | AB23: 60 | AC23: 53 | AD23: 6 | AE23: 12 | AF23: 0 | AG23: 0 | AH23: 2 | AI23: 4 | AJ23: =IFERROR(VLOOKUP($B23,STOCK!$A:$H,3,0)," ") -> 44 | AK23: =IFERROR(VLOOKUP($B23,STOCK!$A:$H,4,0)," ") -> 35 | AL23: =IFERROR(VLOOKUP($B23,STOCK!$A:$H,5,0)," ") -> 45 | AM23: =IFERROR(VLOOKUP($B23,STOCK!$A:$H,6,0)," ") -> 63 | AN23: =IFERROR(VLOOKUP($B23,STOCK!$A:$H,7,0)," ") -> 20 | AO23: =IFERROR(VLOOKUP($B23,STOCK!$A:$H,8,0)," ") -> 20 | AP23: =IF($AJ23<1,"Q",IF(Q23=0,"SV",IFERROR((AJ23/$Q23*30),0))) -> 45.517241 | AQ23: =IF($AK23<1,"Q",IF(U23=0,"SV",IFERROR((AK23/$U23*30),0))) -> 75 | AR23: =IF($AL23<1,"Q",IF(Y23=0,"SV",IFERROR((AL23/$Y23*30),0))) -> 96.428571 | AS23: =IF($AM23<1,"Q",IF(AC23=0,"SV",IFERROR((AM23/$AC23*30),0))) -> 35.660377 | AT23: =IF($AN23<1,"Q",IF(AG23=0,"SV",IFERROR((AN23/$AG23*30),0))) -> SV | AU23: =IF($AO23<1,"Q",IF(AI23=0,"SV",IFERROR((AO23/$AI23*30),0))) -> 150 | AV23: 4875 | AW23: 4811.9633 | AX23: 5500 | AY23: =+AX23/AV23-1 -> 0.12820513 | AZ23: =+(AX23-AV23)/AX23 -> 0.11363636 | BA23: 5350 | BB23: 6 | BC23: =+BA23/AV23-1 -> 0.097435897 | BD23: =IFERROR((BA23-AV23)/BA23,0) -> 0.088785047 | BE23: 0 | BF23: 0 | BG23: =+BE23/AV23-1 -> -1 | BH23: =IFERROR((BE23-AV23)/BE23,0) -> 0 | BI23: =+U23+Y23+AC23+AG23+AI23+Q23 -> 114
A24: ACTIVO | B24: 36226 | C24: 7801610483527 | D24: TONICA 350ml SCHWEPPES | E24: 6 | F24: BEBIDAS | G24: BEBIDAS | H24: AGUAS | I24: AGUA TONICA | J24: NORMAL AT-NO | K24: SCHWEPPES | L24: 139 | M24: PARAGUAY REFRESCOS S.A. (139) | N24: 0 | O24: 1 | P24: 8 | Q24: 10 | R24: 5 | S24: 2 | T24: 25 | U24: 16 | V24: 0 | W24: 0 | X24: 12 | Y24: 12 | Z24: 1 | AA24: 2 | AB24: 18 | AC24: 24 | AD24: 0 | AE24: 0 | AF24: 30 | AG24: 21 | AH24: 0 | AI24: 0 | AJ24: =IFERROR(VLOOKUP($B24,STOCK!$A:$H,3,0)," ") -> 33 | AK24: =IFERROR(VLOOKUP($B24,STOCK!$A:$H,4,0)," ") -> 4 | AL24: =IFERROR(VLOOKUP($B24,STOCK!$A:$H,5,0)," ") -> 21 | AM24: =IFERROR(VLOOKUP($B24,STOCK!$A:$H,6,0)," ") -> 9 | AN24: =IFERROR(VLOOKUP($B24,STOCK!$A:$H,7,0)," ") -> 3 | AO24: =IFERROR(VLOOKUP($B24,STOCK!$A:$H,8,0)," ") -> 0 | AP24: =IF($AJ24<1,"Q",IF(Q24=0,"SV",IFERROR((AJ24/$Q24*30),0))) -> 99 | AQ24: =IF($AK24<1,"Q",IF(U24=0,"SV",IFERROR((AK24/$U24*30),0))) -> 7.5 | AR24: =IF($AL24<1,"Q",IF(Y24=0,"SV",IFERROR((AL24/$Y24*30),0))) -> 52.5 | AS24: =IF($AM24<1,"Q",IF(AC24=0,"SV",IFERROR((AM24/$AC24*30),0))) -> 11.25 | AT24: =IF($AN24<1,"Q",IF(AG24=0,"SV",IFERROR((AN24/$AG24*30),0))) -> 4.2857143 | AU24: =IF($AO24<1,"Q",IF(AI24=0,"SV",IFERROR((AO24/$AI24*30),0))) -> Q | AV24: 4875 | AW24: 4820.8157 | AX24: 5500 | AY24: =+AX24/AV24-1 -> 0.12820513 | AZ24: =+(AX24-AV24)/AX24 -> 0.11363636 | BA24: 5350 | BB24: 6 | BC24: =+BA24/AV24-1 -> 0.097435897 | BD24: =IFERROR((BA24-AV24)/BA24,0) -> 0.088785047 | BE24: 0 | BF24: 0 | BG24: =+BE24/AV24-1 -> -1 | BH24: =IFERROR((BE24-AV24)/BE24,0) -> 0 | BI24: =+U24+Y24+AC24+AG24+AI24+Q24 -> 83
A25: ACTIVO | B25: 8307 | C25: 7840058001443 | D25: TONICA 500ml SCHWEPPES | E25: 6 | F25: BEBIDAS | G25: BEBIDAS | H25: AGUAS | I25: AGUA TONICA | J25: NORMAL AT-NO | K25: SCHWEPPES | L25: 139 | M25: PARAGUAY REFRESCOS S.A. (139) | N25: 616 | O25: 547 | P25: 483 | Q25: 490 | R25: 0 | S25: 60 | T25: 80 | U25: 66 | V25: 176 | W25: 229 | X25: 175 | Y25: 153 | Z25: 186 | AA25: 151 | AB25: 209 | AC25: 163 | AD25: 241 | AE25: 277 | AF25: 183 | AG25: 220 | AH25: 1 | AI25: 21 | AJ25: =IFERROR(VLOOKUP($B25,STOCK!$A:$H,3,0)," ") -> 558 | AK25: =IFERROR(VLOOKUP($B25,STOCK!$A:$H,4,0)," ") -> 159 | AL25: =IFERROR(VLOOKUP($B25,STOCK!$A:$H,5,0)," ") -> 124 | AM25: =IFERROR(VLOOKUP($B25,STOCK!$A:$H,6,0)," ") -> 78 | AN25: =IFERROR(VLOOKUP($B25,STOCK!$A:$H,7,0)," ") -> 215 | AO25: =IFERROR(VLOOKUP($B25,STOCK!$A:$H,8,0)," ") -> 407 | AP25: =IF($AJ25<1,"Q",IF(Q25=0,"SV",IFERROR((AJ25/$Q25*30),0))) -> 34.163265 | AQ25: =IF($AK25<1,"Q",IF(U25=0,"SV",IFERROR((AK25/$U25*30),0))) -> 72.272727 | AR25: =IF($AL25<1,"Q",IF(Y25=0,"SV",IFERROR((AL25/$Y25*30),0))) -> 24.313725 | AS25: =IF($AM25<1,"Q",IF(AC25=0,"SV",IFERROR((AM25/$AC25*30),0))) -> 14.355828 | AT25: =IF($AN25<1,"Q",IF(AG25=0,"SV",IFERROR((AN25/$AG25*30),0))) -> 29.318182 | AU25: =IF($AO25<1,"Q",IF(AI25=0,"SV",IFERROR((AO25/$AI25*30),0))) -> 581.42857 | AV25: 4321 | AW25: 4308.6138 | AX25: 4900 | AY25: =+AX25/AV25-1 -> 0.13399676 | AZ25: =+(AX25-AV25)/AX25 -> 0.11816327 | BA25: 4800 | BB25: 6 | BC25: =+BA25/AV25-1 -> 0.11085397 | BD25: =IFERROR((BA25-AV25)/BA25,0) -> 0.099791667 | BE25: 0 | BF25: 0 | BG25: =+BE25/AV25-1 -> -1 | BH25: =IFERROR((BE25-AV25)/BE25,0) -> 0 | BI25: =+U25+Y25+AC25+AG25+AI25+Q25 -> 1113
A26: Compuesto | B26: 28247 | C26: 7840235003864 | D26: TONICA 269ml 6un GINGER ALE DE LA COSTA | E26: 1 | F26: BEBIDAS | G26: BEBIDAS | H26: AGUAS | I26: AGUA TONICA | J26: SELECTIVO AT-S | K26: DE LA COSTA | L26: 87 | M26: EMBOTELLADORA CENTRAL (87) | N26: 0 | O26: 0 | P26: 0 | Q26: 0 | R26: 0 | S26: 0 | T26: 0 | U26: 0 | V26: 0 | W26: 0 | X26: 0 | Y26: 0 | Z26: 0 | AA26: 0 | AB26: 0 | AC26: 0 | AD26: 0 | AE26: 0 | AF26: 0 | AG26: 0 | AH26: 0 | AI26: 0 | AJ26: =IFERROR(VLOOKUP($B26,STOCK!$A:$H,3,0)," ") -> 0 | AK26: =IFERROR(VLOOKUP($B26,STOCK!$A:$H,4,0)," ") -> 0 | AL26: =IFERROR(VLOOKUP($B26,STOCK!$A:$H,5,0)," ") -> 0 | AM26: =IFERROR(VLOOKUP($B26,STOCK!$A:$H,6,0)," ") -> 0 | AN26: =IFERROR(VLOOKUP($B26,STOCK!$A:$H,7,0)," ") -> 0 | AO26: =IFERROR(VLOOKUP($B26,STOCK!$A:$H,8,0)," ") -> 0 | AP26: =IF($AJ26<1,"Q",IF(Q26=0,"SV",IFERROR((AJ26/$Q26*30),0))) -> Q | AQ26: =IF($AK26<1,"Q",IF(U26=0,"SV",IFERROR((AK26/$U26*30),0))) -> Q | AR26: =IF($AL26<1,"Q",IF(Y26=0,"SV",IFERROR((AL26/$Y26*30),0))) -> Q | AS26: =IF($AM26<1,"Q",IF(AC26=0,"SV",IFERROR((AM26/$AC26*30),0))) -> Q | AT26: =IF($AN26<1,"Q",IF(AG26=0,"SV",IFERROR((AN26/$AG26*30),0))) -> Q | AU26: =IF($AO26<1,"Q",IF(AI26=0,"SV",IFERROR((AO26/$AI26*30),0))) -> Q | AV26: 15460 | AW26: 15459.357 | AX26: 16500 | AY26: =+AX26/AV26-1 -> 0.067270376 | AZ26: =+(AX26-AV26)/AX26 -> 0.063030303 | BC26: =+BA26/AV26-1 -> -1 | BD26: =IFERROR((BA26-AV26)/BA26,0) -> 0 | BG26: =+BE26/AV26-1 -> -1 | BH26: =IFERROR((BE26-AV26)/BE26,0) -> 0 | BI26: =+U26+Y26+AC26+AG26+AI26+Q26 -> 0
A27: ACTIVO | B27: 28246 | C27: 7840235003840 | D27: TONICA 269ml GINGER ALE DE LA COSTA | E27: 6 | F27: BEBIDAS | G27: BEBIDAS | H27: AGUAS | I27: AGUA TONICA | J27: SELECTIVO AT-S | K27: DE LA COSTA | L27: 87 | M27: EMBOTELLADORA CENTRAL (87) | N27: 197 | O27: 298 | P27: 170 | Q27: 254 | R27: 71 | S27: 108 | T27: 134 | U27: 75 | V27: 116 | W27: 87 | X27: 99 | Y27: 80 | Z27: 233 | AA27: 192 | AB27: 161 | AC27: 194 | AD27: 197 | AE27: 211 | AF27: 109 | AG27: 139 | AH27: 18 | AI27: 24 | AJ27: =IFERROR(VLOOKUP($B27,STOCK!$A:$H,3,0)," ") -> 114 | AK27: =IFERROR(VLOOKUP($B27,STOCK!$A:$H,4,0)," ") -> 130 | AL27: =IFERROR(VLOOKUP($B27,STOCK!$A:$H,5,0)," ") -> 116 | AM27: =IFERROR(VLOOKUP($B27,STOCK!$A:$H,6,0)," ") -> 156 | AN27: =IFERROR(VLOOKUP($B27,STOCK!$A:$H,7,0)," ") -> 213 | AO27: =IFERROR(VLOOKUP($B27,STOCK!$A:$H,8,0)," ") -> 101 | AP27: =IF($AJ27<1,"Q",IF(Q27=0,"SV",IFERROR((AJ27/$Q27*30),0))) -> 13.464567 | AQ27: =IF($AK27<1,"Q",IF(U27=0,"SV",IFERROR((AK27/$U27*30),0))) -> 52 | AR27: =IF($AL27<1,"Q",IF(Y27=0,"SV",IFERROR((AL27/$Y27*30),0))) -> 43.5 | AS27: =IF($AM27<1,"Q",IF(AC27=0,"SV",IFERROR((AM27/$AC27*30),0))) -> 24.123711 | AT27: =IF($AN27<1,"Q",IF(AG27=0,"SV",IFERROR((AN27/$AG27*30),0))) -> 45.971223 | AU27: =IF($AO27<1,"Q",IF(AI27=0,"SV",IFERROR((AO27/$AI27*30),0))) -> 126.25 | AV27: 2576.5584 | AW27: 2576.5595 | AX27: 2900 | AY27: =+AX27/AV27-1 -> 0.12553242 | AZ27: =+(AX27-AV27)/AX27 -> 0.11153159 | BA27: 2750 | BB27: 6 | BC27: =+BA27/AV27-1 -> 0.06731523 | BD27: =IFERROR((BA27-AV27)/BA27,0) -> 0.06306968 | BE27: 0 | BF27: 0 | BG27: =+BE27/AV27-1 -> -1 | BH27: =IFERROR((BE27-AV27)/BE27,0) -> 0 | BI27: =+U27+Y27+AC27+AG27+AI27+Q27 -> 766
A28: ACTIVO | B28: 33549 | C28: 8002270606632 | D28: TONICA 200ml S.PELLEGRINO | E28: 24 | F28: BEBIDAS | G28: BEBIDAS | H28: AGUAS | I28: AGUA TONICA | J28: SELECTIVO AT-S | K28: S. PELLEGRINO | L28: 161 | M28: WINES AND SPIRITS S.A. (161) | N28: 0 | O28: 0 | P28: 0 | Q28: 0 | R28: 0 | S28: 0 | T28: 0 | U28: 0 | V28: 0 | W28: 0 | X28: 0 | Y28: 0 | Z28: 0 | AA28: 0 | AB28: 0 | AC28: 0 | AD28: 0 | AE28: 0 | AF28: 0 | AG28: 0 | AH28: 0 | AI28: 0 | AJ28: =IFERROR(VLOOKUP($B28,STOCK!$A:$H,3,0)," ") -> 0 | AK28: =IFERROR(VLOOKUP($B28,STOCK!$A:$H,4,0)," ") -> 0 | AL28: =IFERROR(VLOOKUP($B28,STOCK!$A:$H,5,0)," ") -> 0 | AM28: =IFERROR(VLOOKUP($B28,STOCK!$A:$H,6,0)," ") -> 0 | AN28: =IFERROR(VLOOKUP($B28,STOCK!$A:$H,7,0)," ") -> 0 | AO28: =IFERROR(VLOOKUP($B28,STOCK!$A:$H,8,0)," ") -> 0 | AP28: =IF($AJ28<1,"Q",IF(Q28=0,"SV",IFERROR((AJ28/$Q28*30),0))) -> Q | AQ28: =IF($AK28<1,"Q",IF(U28=0,"SV",IFERROR((AK28/$U28*30),0))) -> Q | AR28: =IF($AL28<1,"Q",IF(Y28=0,"SV",IFERROR((AL28/$Y28*30),0))) -> Q | AS28: =IF($AM28<1,"Q",IF(AC28=0,"SV",IFERROR((AM28/$AC28*30),0))) -> Q | AT28: =IF($AN28<1,"Q",IF(AG28=0,"SV",IFERROR((AN28/$AG28*30),0))) -> Q | AU28: =IF($AO28<1,"Q",IF(AI28=0,"SV",IFERROR((AO28/$AI28*30),0))) -> Q | AV28: 11400 | AW28: 10505.882 | AX28: 13500 | AY28: =+AX28/AV28-1 -> 0.18421052 | AZ28: =+(AX28-AV28)/AX28 -> 0.15555555 | BA28: 13250 | BB28: 3 | BC28: =+BA28/AV28-1 -> 0.1622807 | BD28: =IFERROR((BA28-AV28)/BA28,0) -> 0.13962264 | BE28: 12900 | BF28: 6 | BG28: =+BE28/AV28-1 -> 0.13157894 | BH28: =IFERROR((BE28-AV28)/BE28,0) -> 0.11627907 | BI28: =+U28+Y28+AC28+AG28+AI28+Q28 -> 0
A29: ACTIVO | B29: 33550 | C29: 8002270916588 | D29: TONICA 330ml S.PELLEGRINO | E29: 24 | F29: BEBIDAS | G29: BEBIDAS | H29: AGUAS | I29: AGUA TONICA | J29: SELECTIVO AT-S | K29: S. PELLEGRINO | L29: 161 | M29: WINES AND SPIRITS S.A. (161) | N29: 2 | O29: 2 | P29: 3 | Q29: 5 | R29: 9 | S29: 1 | T29: 4 | U29: 11 | V29: 1 | W29: 1 | X29: 6 | Y29: 6 | Z29: 0 | AA29: 1 | AB29: 2 | AC29: 0 | AD29: 2 | AE29: 4 | AF29: 3 | AG29: 2 | AH29: 2 | AI29: 2 | AJ29: =IFERROR(VLOOKUP($B29,STOCK!$A:$H,3,0)," ") -> 18 | AK29: =IFERROR(VLOOKUP($B29,STOCK!$A:$H,4,0)," ") -> 23 | AL29: =IFERROR(VLOOKUP($B29,STOCK!$A:$H,5,0)," ") -> 15 | AM29: =IFERROR(VLOOKUP($B29,STOCK!$A:$H,6,0)," ") -> 15 | AN29: =IFERROR(VLOOKUP($B29,STOCK!$A:$H,7,0)," ") -> 15 | AO29: =IFERROR(VLOOKUP($B29,STOCK!$A:$H,8,0)," ") -> 22 | AP29: =IF($AJ29<1,"Q",IF(Q29=0,"SV",IFERROR((AJ29/$Q29*30),0))) -> 108 | AQ29: =IF($AK29<1,"Q",IF(U29=0,"SV",IFERROR((AK29/$U29*30),0))) -> 62.727273 | AR29: =IF($AL29<1,"Q",IF(Y29=0,"SV",IFERROR((AL29/$Y29*30),0))) -> 75 | AS29: =IF($AM29<1,"Q",IF(AC29=0,"SV",IFERROR((AM29/$AC29*30),0))) -> SV | AT29: =IF($AN29<1,"Q",IF(AG29=0,"SV",IFERROR((AN29/$AG29*30),0))) -> 225 | AU29: =IF($AO29<1,"Q",IF(AI29=0,"SV",IFERROR((AO29/$AI29*30),0))) -> 330 | AV29: 9500 | AW29: 9404.0181 | AX29: 11500 | AY29: =+AX29/AV29-1 -> 0.21052632 | AZ29: =+(AX29-AV29)/AX29 -> 0.17391304 | BA29: 11250 | BB29: 6 | BC29: =+BA29/AV29-1 -> 0.18421053 | BD29: =IFERROR((BA29-AV29)/BA29,0) -> 0.15555556 | BE29: 10900 | BF29: 12 | BG29: =+BE29/AV29-1 -> 0.14736842 | BH29: =IFERROR((BE29-AV29)/BE29,0) -> 0.12844037 | BI29: =+U29+Y29+AC29+AG29+AI29+Q29 -> 26
A30: ACTIVO | B30: 33547 | C30: 8002270186677 | D30: TONICA CITRUS 200ml S.PELLEGRINO | E30: 24 | F30: BEBIDAS | G30: BEBIDAS | H30: AGUAS | I30: AGUA TONICA | J30: SELECTIVO AT-S | K30: S. PELLEGRINO | L30: 161 | M30: WINES AND SPIRITS S.A. (161) | N30: 8 | O30: 12 | P30: 4 | Q30: 8 | R30: 8 | S30: 0 | T30: 1 | U30: 11 | V30: 0 | W30: 1 | X30: 9 | Y30: 0 | Z30: 20 | AA30: 29 | AB30: 3 | AC30: 0 | AD30: 2 | AE30: 1 | AF30: 5 | AG30: 1 | AH30: 0 | AI30: 0 | AJ30: =IFERROR(VLOOKUP($B30,STOCK!$A:$H,3,0)," ") -> 19 | AK30: =IFERROR(VLOOKUP($B30,STOCK!$A:$H,4,0)," ") -> 12 | AL30: =IFERROR(VLOOKUP($B30,STOCK!$A:$H,5,0)," ") -> 14 | AM30: =IFERROR(VLOOKUP($B30,STOCK!$A:$H,6,0)," ") -> 0 | AN30: =IFERROR(VLOOKUP($B30,STOCK!$A:$H,7,0)," ") -> 8 | AO30: =IFERROR(VLOOKUP($B30,STOCK!$A:$H,8,0)," ") -> 24 | AP30: =IF($AJ30<1,"Q",IF(Q30=0,"SV",IFERROR((AJ30/$Q30*30),0))) -> 71.25 | AQ30: =IF($AK30<1,"Q",IF(U30=0,"SV",IFERROR((AK30/$U30*30),0))) -> 32.727273 | AR30: =IF($AL30<1,"Q",IF(Y30=0,"SV",IFERROR((AL30/$Y30*30),0))) -> SV | AS30: =IF($AM30<1,"Q",IF(AC30=0,"SV",IFERROR((AM30/$AC30*30),0))) -> Q | AT30: =IF($AN30<1,"Q",IF(AG30=0,"SV",IFERROR((AN30/$AG30*30),0))) -> 240 | AU30: =IF($AO30<1,"Q",IF(AI30=0,"SV",IFERROR((AO30/$AI30*30),0))) -> SV | AV30: 11563 | AW30: 10992.528 | AX30: 13500 | AY30: =+AX30/AV30-1 -> 0.16751708 | AZ30: =+(AX30-AV30)/AX30 -> 0.14348148 | BA30: 12900 | BB30: 3 | BC30: =+BA30/AV30-1 -> 0.11562743 | BD30: =IFERROR((BA30-AV30)/BA30,0) -> 0.10364341 | BE30: 12500 | BF30: 6 | BG30: =+BE30/AV30-1 -> 0.081034332 | BH30: =IFERROR((BE30-AV30)/BE30,0) -> 0.074959998 | BI30: =+U30+Y30+AC30+AG30+AI30+Q30 -> 20
A31: ACTIVO | B31: 33548 | C31: 8002270466663 | D31: TONICA GINGER 200ml S.PELLEGRINO | E31: 24 | F31: BEBIDAS | G31: BEBIDAS | H31: AGUAS | I31: AGUA TONICA | J31: SELECTIVO AT-S | K31: S. PELLEGRINO | L31: 161 | M31: WINES AND SPIRITS S.A. (161) | N31: 4 | O31: 16 | P31: 16 | Q31: 12 | R31: 10 | S31: 2 | T31: 0 | U31: 8 | V31: 32 | W31: 17 | X31: 24 | Y31: 26 | Z31: 23 | AA31: 24 | AB31: 0 | AC31: 0 | AD31: 1 | AE31: 2 | AF31: 0 | AG31: 0 | AH31: 0 | AI31: 0 | AJ31: =IFERROR(VLOOKUP($B31,STOCK!$A:$H,3,0)," ") -> 30 | AK31: =IFERROR(VLOOKUP($B31,STOCK!$A:$H,4,0)," ") -> 0 | AL31: =IFERROR(VLOOKUP($B31,STOCK!$A:$H,5,0)," ") -> 23 | AM31: =IFERROR(VLOOKUP($B31,STOCK!$A:$H,6,0)," ") -> 1 | AN31: =IFERROR(VLOOKUP($B31,STOCK!$A:$H,7,0)," ") -> 25 | AO31: =IFERROR(VLOOKUP($B31,STOCK!$A:$H,8,0)," ") -> 24 | AP31: =IF($AJ31<1,"Q",IF(Q31=0,"SV",IFERROR((AJ31/$Q31*30),0))) -> 75 | AQ31: =IF($AK31<1,"Q",IF(U31=0,"SV",IFERROR((AK31/$U31*30),0))) -> Q | AR31: =IF($AL31<1,"Q",IF(Y31=0,"SV",IFERROR((AL31/$Y31*30),0))) -> 26.538462 | AS31: =IF($AM31<1,"Q",IF(AC31=0,"SV",IFERROR((AM31/$AC31*30),0))) -> SV | AT31: =IF($AN31<1,"Q",IF(AG31=0,"SV",IFERROR((AN31/$AG31*30),0))) -> SV | AU31: =IF($AO31<1,"Q",IF(AI31=0,"SV",IFERROR((AO31/$AI31*30),0))) -> SV | AV31: 11563 | AW31: 11379.872 | AX31: 13500 | AY31: =+AX31/AV31-1 -> 0.16751708 | AZ31: =+(AX31-AV31)/AX31 -> 0.14348148 | BA31: 12900 | BB31: 3 | BC31: =+BA31/AV31-1 -> 0.11562743 | BD31: =IFERROR((BA31-AV31)/BA31,0) -> 0.10364341 | BE31: 12500 | BF31: 6 | BG31: =+BE31/AV31-1 -> 0.081034332 | BH31: =IFERROR((BE31-AV31)/BE31,0) -> 0.074959998 | BI31: =+U31+Y31+AC31+AG31+AI31+Q31 -> 46
A32: INACTIVO | B32: 12581 | C32: 5029396000918 | D32: TONICA CONNOISSEURS WATER 200ml FENTIMANS | E32: 24 | F32: BEBIDAS | G32: BEBIDAS | H32: AGUAS | I32: AGUA TONICA | J32: SELECTIVO AT-S | K32: FENTIMANS | L32: 1370 | M32: JJ PREMIUN SPIRITS (1370) | N32: 0 | O32: 0 | P32: 0 | Q32: 0 | R32: 0 | S32: 0 | T32: 0 | U32: 0 | V32: 0 | W32: 0 | X32: 0 | Y32: 0 | Z32: 0 | AA32: 0 | AB32: 0 | AC32: 0 | AD32: 0 | AE32: 0 | AF32: 0 | AG32: 0 | AH32: 0 | AI32: 0 | AJ32: =IFERROR(VLOOKUP($B32,STOCK!$A:$H,3,0)," ") -> 0 | AK32: =IFERROR(VLOOKUP($B32,STOCK!$A:$H,4,0)," ") -> 0 | AL32: =IFERROR(VLOOKUP($B32,STOCK!$A:$H,5,0)," ") -> 19 | AM32: =IFERROR(VLOOKUP($B32,STOCK!$A:$H,6,0)," ") -> 20 | AN32: =IFERROR(VLOOKUP($B32,STOCK!$A:$H,7,0)," ") -> 0 | AO32: =IFERROR(VLOOKUP($B32,STOCK!$A:$H,8,0)," ") -> 0 | AP32: =IF($AJ32<1,"Q",IF(Q32=0,"SV",IFERROR((AJ32/$Q32*30),0))) -> Q | AQ32: =IF($AK32<1,"Q",IF(U32=0,"SV",IFERROR((AK32/$U32*30),0))) -> Q | AR32: =IF($AL32<1,"Q",IF(Y32=0,"SV",IFERROR((AL32/$Y32*30),0))) -> SV | AS32: =IF($AM32<1,"Q",IF(AC32=0,"SV",IFERROR((AM32/$AC32*30),0))) -> SV | AT32: =IF($AN32<1,"Q",IF(AG32=0,"SV",IFERROR((AN32/$AG32*30),0))) -> Q | AU32: =IF($AO32<1,"Q",IF(AI32=0,"SV",IFERROR((AO32/$AI32*30),0))) -> Q | AV32: 6750 | AW32: 6749.9997 | AX32: 8900 | AY32: =+AX32/AV32-1 -> 0.31851852 | AZ32: =+(AX32-AV32)/AX32 -> 0.24157303 | BA32: 8450 | BB32: 3 | BC32: =+BA32/AV32-1 -> 0.25185185 | BD32: =IFERROR((BA32-AV32)/BA32,0) -> 0.20118343 | BE32: 0 | BF32: 0 | BG32: =+BE32/AV32-1 -> -1 | BH32: =IFERROR((BE32-AV32)/BE32,0) -> 0 | BI32: =+U32+Y32+AC32+AG32+AI32+Q32 -> 0
A33: INACTIVO | B33: 12582 | C33: 5029396739030 | D33: TONICA PREMIUM INDIAN WATER 200ml FENTIMANS | E33: 1 | F33: BEBIDAS | G33: BEBIDAS | H33: AGUAS | I33: AGUA TONICA | J33: SELECTIVO AT-S | K33: FENTIMANS | L33: 1370 | M33: JJ PREMIUN SPIRITS (1370) | N33: 0 | O33: 0 | P33: 0 | Q33: 0 | R33: 0 | S33: 0 | T33: 0 | U33: 0 | V33: 0 | W33: 0 | X33: 0 | Y33: 0 | Z33: 0 | AA33: 0 | AB33: 0 | AC33: 0 | AD33: 0 | AE33: 0 | AF33: 0 | AG33: 0 | AH33: 0 | AI33: 0 | AJ33: =IFERROR(VLOOKUP($B33,STOCK!$A:$H,3,0)," ") -> 0 | AK33: =IFERROR(VLOOKUP($B33,STOCK!$A:$H,4,0)," ") -> 0 | AL33: =IFERROR(VLOOKUP($B33,STOCK!$A:$H,5,0)," ") -> 6 | AM33: =IFERROR(VLOOKUP($B33,STOCK!$A:$H,6,0)," ") -> 0 | AN33: =IFERROR(VLOOKUP($B33,STOCK!$A:$H,7,0)," ") -> 0 | AO33: =IFERROR(VLOOKUP($B33,STOCK!$A:$H,8,0)," ") -> 0 | AP33: =IF($AJ33<1,"Q",IF(Q33=0,"SV",IFERROR((AJ33/$Q33*30),0))) -> Q | AQ33: =IF($AK33<1,"Q",IF(U33=0,"SV",IFERROR((AK33/$U33*30),0))) -> Q | AR33: =IF($AL33<1,"Q",IF(Y33=0,"SV",IFERROR((AL33/$Y33*30),0))) -> SV | AS33: =IF($AM33<1,"Q",IF(AC33=0,"SV",IFERROR((AM33/$AC33*30),0))) -> Q | AT33: =IF($AN33<1,"Q",IF(AG33=0,"SV",IFERROR((AN33/$AG33*30),0))) -> Q | AU33: =IF($AO33<1,"Q",IF(AI33=0,"SV",IFERROR((AO33/$AI33*30),0))) -> Q | AV33: 6750 | AW33: 6749.9999 | AX33: 8900 | AY33: =+AX33/AV33-1 -> 0.31851852 | AZ33: =+(AX33-AV33)/AX33 -> 0.24157303 | BA33: 8450 | BB33: 3 | BC33: =+BA33/AV33-1 -> 0.25185185 | BD33: =IFERROR((BA33-AV33)/BA33,0) -> 0.20118343 | BE33: 0 | BF33: 0 | BG33: =+BE33/AV33-1 -> -1 | BH33: =IFERROR((BE33-AV33)/BE33,0) -> 0 | BI33: =+U33+Y33+AC33+AG33+AI33+Q33 -> 0
A34: ACTIVO | B34: 10576 | C34: 7840017010431 | D34: AGUA SABORIZADA LIMON 500ml SELTZ | E34: 12 | F34: BEBIDAS | G34: BEBIDAS | H34: AGUAS | I34: AGUA SABORIZADA | J34: SABORIZADAS -AS | K34: SELTZ | L34: 509 | M34: SELTZ S.A. (509) | N34: 396 | O34: 506 | P34: 334 | Q34: 454 | R34: 832 | S34: 1241 | T34: 795 | U34: 624 | V34: 228 | W34: 240 | X34: 124 | Y34: 114 | Z34: 273 | AA34: 441 | AB34: 268 | AC34: 178 | AD34: 348 | AE34: 523 | AF34: 248 | AG34: 284 | AH34: 6 | AI34: 38 | AJ34: =IFERROR(VLOOKUP($B34,STOCK!$A:$H,3,0)," ") -> 182 | AK34: =IFERROR(VLOOKUP($B34,STOCK!$A:$H,4,0)," ") -> 1205 | AL34: =IFERROR(VLOOKUP($B34,STOCK!$A:$H,5,0)," ") -> 181 | AM34: =IFERROR(VLOOKUP($B34,STOCK!$A:$H,6,0)," ") -> 345 | AN34: =IFERROR(VLOOKUP($B34,STOCK!$A:$H,7,0)," ") -> 273 | AO34: =IFERROR(VLOOKUP($B34,STOCK!$A:$H,8,0)," ") -> 219 | AP34: =IF($AJ34<1,"Q",IF(Q34=0,"SV",IFERROR((AJ34/$Q34*30),0))) -> 12.026432 | AQ34: =IF($AK34<1,"Q",IF(U34=0,"SV",IFERROR((AK34/$U34*30),0))) -> 57.932692 | AR34: =IF($AL34<1,"Q",IF(Y34=0,"SV",IFERROR((AL34/$Y34*30),0))) -> 47.631579 | AS34: =IF($AM34<1,"Q",IF(AC34=0,"SV",IFERROR((AM34/$AC34*30),0))) -> 58.146067 | AT34: =IF($AN34<1,"Q",IF(AG34=0,"SV",IFERROR((AN34/$AG34*30),0))) -> 28.838028 | AU34: =IF($AO34<1,"Q",IF(AI34=0,"SV",IFERROR((AO34/$AI34*30),0))) -> 172.89474 | AV34: 1230 | AW34: 1229.9998 | AX34: 1750 | AY34: =+AX34/AV34-1 -> 0.42276423 | AZ34: =+(AX34-AV34)/AX34 -> 0.29714286 | BA34: 1690 | BB34: 6 | BC34: =+BA34/AV34-1 -> 0.37398374 | BD34: =IFERROR((BA34-AV34)/BA34,0) -> 0.27218935 | BE34: 0 | BF34: 0 | BG34: =+BE34/AV34-1 -> -1 | BH34: =IFERROR((BE34-AV34)/BE34,0) -> 0 | BI34: =+U34+Y34+AC34+AG34+AI34+Q34 -> 1692
